Workbook
Name Compliance_Description: [1]!Table2[Score Description]
Name Compliance_Description: [2]!Table2[Score Description]
Name Compliance_Description: [1]!Table2[Score Description]
Name Compliance_Description: [1]!Table2[Score Description]
Name Compliance_Description: [2]!Table2[Score Description]
Name Compliance_Score: [1]!Table2[Score Ratings]
Name Compliance_Score: [2]!Table2[Score Ratings]
Name Compliance_Score: [1]!Table2[Score Ratings]
Name Compliance_Score: [1]!Table2[Score Ratings]
Name Compliance_Score: [2]!Table2[Score Ratings]
Name Conv_actual_date_range: [3]Milestones!#REF!
Name Conv_actual_date_range: [3]Milestones!#REF!
Name Conv_actual_date_range: [3]Milestones!#REF!
Name Conv_actual_date_range: [3]Milestones!#REF!
Name Conv_actual_date_range: [3]Milestones!#REF!
Name Conv_actual_date_range: [3]Milestones!#REF!
Name Conv_actual_date_range: [3]Milestones!#REF!
Name Conv_actual_date_range: [3]Milestones!#REF!
Name Conv_actual_date_range: [3]Milestones!#REF!
Name Conv_actual_date_range: [3]Milestones!#REF!
Name Conv_actual_date_range: [3]Milestones!#REF!
Name Conv_actual_date_range: [3]Milestones!#REF!
Name Conv_plan_date_range: [3]Milestones!#REF!
Name Conv_plan_date_range: [3]Milestones!#REF!
Name Conv_plan_date_range: [3]Milestones!#REF!
Name Conv_plan_date_range: [3]Milestones!#REF!
Name Conv_plan_date_range: [3]Milestones!#REF!
Name Conv_plan_date_range: [3]Milestones!#REF!
Name Conv_plan_date_range: [3]Milestones!#REF!
Name Conv_plan_date_range: [3]Milestones!#REF!
Name Conv_plan_date_range: [3]Milestones!#REF!
Name Conv_plan_date_range: [3]Milestones!#REF!
Name Conv_plan_date_range: [3]Milestones!#REF!
Name Conv_plan_date_range: [3]Milestones!#REF!
Name Copy_Excel_BuiltIn_FilterDatabase_5: #REF!
Name Copy_Excel_BuiltIn_FilterDatabase_5: #REF!
Name Copy_Excel_BuiltIn_FilterDatabase_5: #REF!
Name Copy_Priority: [4]Config!$E$3:$E$9
Name Evidence_Description: [1]!Table4[Description]
Name Evidence_Description: [2]!Table4[Description]
Name Evidence_Description: [1]!Table4[Description]
Name Evidence_Description: [1]!Table4[Description]
Name Evidence_Description: [2]!Table4[Description]
Name Evidence_Score: [1]!Table4[Score]
Name Evidence_Score: [2]!Table4[Score]
Name Evidence_Score: [1]!Table4[Score]
Name Evidence_Score: [1]!Table4[Score]
Name Evidence_Score: [2]!Table4[Score]
Name Excel_BuiltIn__FilterDatabase_5: #REF!
Name Excel_BuiltIn__FilterDatabase_5: #REF!
Name Excel_BuiltIn__FilterDatabase_5: #REF!
Name Excel_BuiltIn__FilterDatabase_5: #REF!
Name Excel_BuiltIn__FilterDatabase_5: #REF!
Name Excel_BuiltIn__FilterDatabase_5: #REF!
Name Excel_BuiltIn__FilterDatabase_5: #REF!
Name Functional_Description: [1]!Table3[Description]
Name Functional_Description: [2]!Table3[Description]
Name Functional_Description: [1]!Table3[Description]
Name Functional_Description: [1]!Table3[Description]
Name Functional_Description: [2]!Table3[Description]

Sheet Approval Page
B2: By signing this document, the people listed record their agreement on the contents of this document.
B4: DOCUMENT ACCEPTANCE | C4: Technical evaluation criteria: 2433618 Replacement of Learning Management System (LMS)
B6: Business Analyst | C6: Name: | D6: Seshnee Govender
C7: Signature: | D7: ____________________________________
C8: Date: | D8: ____________________________________
B10: Business Requestor (HR) | C10: Name: | D10: Ntoapelo Galeboe
C11: Signature: | D11: ____________________________________
C12: Date: | D12: ____________________________________
B14: HR SME (LMS CORE) | C14: Name: | D14: Potego Mmako
C15: Signature: | D15: ____________________________________
C16: Date: | D16: ____________________________________
B18: HR SME (Authoring Tool) | C18: Name: | D18: Jill Meder
C19: Signature: | D19: ____________________________________
C20: Date: | D20: ____________________________________
B22: HR SME (Mentorship) | C22: Name: | D22: Jabulile Kawula
C23: Signature: | D23: ____________________________________
C24: Date: | D24: ____________________________________
B26: HR SME (Further Studies) | C26: Name: | D26: Vinnolia Jele
C27: Signature: | D27: ____________________________________
C28: Date: | D28: ____________________________________
B30: Solution Architect | C30: Name: | D30: Johann Marx
C31: Signature: | D31: ____________________________________
C32: Date: | D32: ____________________________________
B34: Integration CoE | C34: Name: | D34: Leigh-Ann Vermaak
C35: Signature: | D35: ____________________________________
C36: Date: | D36: ____________________________________
B38: Testing CoE | C38: Name: | D38: Kholo Motadi
C39: Signature: | D39: ____________________________________
C40: Date: | D40: ____________________________________
B42: Security | C42: Name: | D42: Skhumbuzo Gama
C43: Signature: | D43: ____________________________________
C44: Date: | D44: ____________________________________
B46: Group IT BSDS Snr. Manager | C46: Name: | D46: Anthenia Phuku
C47: Signature: | D47: ____________________________________
C48: Date: | D48: ____________________________________

Sheet Evaluation Summary
A2: Project Name: | B2: Replacement of Learning Management System (LMS)
A3: CORP xxxx Tender: | B3: Eskom Project Manager to Capture
A4: Tenderer: | B4: Tenderer to Capture
A5: Evaluated by: | B5: Eskom Evaluator to Capture
A8: Important Notes:
A9: 1. Please indicate location of answers to the criteria and where required answer yes or no. To be included in Comments tab per sheet.
A10: 2. The qualified solution service provider shall do a product demo of the proposed product to be presented to Eskom. This is mandatory.
A11: 3. "Tenderer(s) to take note of the following key instructions - Please follow the structure of the technical evaluation sheet provided when responding to this enquiry.
A12: 4. DO NOT just give YES/NO kind of response to the questions which require more details and information.
A13: 5. Provide full information to your answer(s) in line with the details of the question(s) in point."
A14: 6. If any of the criteria listed in the Gatekeepers are not met, the tenderer will be disqualified.
A17: GATEKEEPERS - Evaluation on Elimination Criteria
A19: **If any of these criteria are not met, the tenderer will be disqualified.
A20: Criteria (Gate Keepers) | E20: Criteria Met? | F20: Motivate YES answers AND list supporting document(s), section(s), page(s), paragraph(s) etc.
A21: If Eskom's Data needs to be hosted and used in the tenderer's Cloud hosted Solution/s, the tenderer's Cloud hosting data centre must be within the borders of EU and/or South Africa. | E21: Yes
E22: =IF(OR(E21="No",ISBLANK(E21),E21="No",ISBLANK(E21)),"Disqualified","Qualified") -> Qualified
A24: Notes regarding the scoring table below:
A25: STAGE 1: Desktop Evaluation (Paper Exercise)
A26: - The total weighting for the Paper exercise evaluation is 50%.
A27: - The threshold for the Paper exercise is 75%. Failiure to meet or exceed this threshold will result in disqualification from the process and the tenderer will not be evaluated further.
A28: STAGE 2: Demonstration | B28: All tenderers that pass the paper exercise evaluation threshold, shall do a product demo of the proposed solution to Eskom. This is mandatory
A29: - The total weighting for the Demo is 50%.
A30: - The threshold for the Demo is 80%. Failiure to meet or exceed this threshold will result in disqualification from the process and the tenderer will not be evaluated further.
C33: Weighting | E33: STAGE 1: Paper evaluation threshold is 75%
A34: Paper evaluation | B34: LMS Core - Functional Requirements | C34: 0.15
B35: Authoring Tool - Functional Requirements | C35: 0.1
B36: Mentorship - Functional Requirements | C36: 0.05
B37: Further Studies - Functional Requirements | C37: 0.1
B38: Reports | C38: 0.05
B39: Supplier Implementation Evaluation | C39: 0.15
B40: Architecture | C40: 0.1
B41: Cloud Requirements | C41: 0.1
B42: Cyber Security | C42: 0.1
B43: Integration & Testing | C43: 0.1
B44: TOTAL | C44: =SUM(C34:C43) -> 1
A47: Demo | B47: Demo TOTAL | C47: 1 | D47: =Demo!M87 -> 0 | E47: STAGE 2: Demonstration threshold is 80%

Sheet LMS Core
E1: Full Description of the Selection Options for "Tenderer Compliance" Selections & "Eskom Evaluator" Scoring selections, please see Column K
B2: Evaluation Area: | C2: LMS Core
B3: Project Name: | C3: ='Evaluation Summary'!B2 -> Replacement of Learning Management System (LMS)
A4: ='Evaluation Summary'!A3 -> CORP xxxx Tender: | C4: ='Evaluation Summary'!B3 -> Eskom Project Manager to Capture
B5: Tenderer: | C5: ='Evaluation Summary'!B4 -> Tenderer to Capture
B6: Evaluated by: | C6: ='Evaluation Summary'!B5 -> Eskom Evaluator to Capture
H9: Priority and Weight | K9: Eskom Evaluator Scoring
A10: ID | B10: Type | C10: Functionality Area | D10: Requirement | E10: Tenderer Compliance Tenderer to select compliance to requirement from the drop-down list provided | F10: Tenderer Evidence Tenderer to indicate location of evidence e.g. document, section, page, paragraph, etc. | G10: Tenderer Comments Tenderer to indicate any applicable comments based on Compliance | H10: Priority Rating | I10: Priority description | J10: Weighted Question | K10: Eskom Evaluator Scoring | L10: Answer Evaluator to select scoring to requirement from the drop-down list provided | M10: Weighted Answer | N10: Eskom Evaluator Comments
A11: LMS 1 | B11: Meeting the Scope of Work Required | C11: Usability | D11: Describe how your solution caters to the following requirement: Provides a training recommendation engine. As part of your description include the following information: Does it have the ability to automatically make learner-specific recommendations (based on interests, job role, skill level, historical activities)? If YES, explain how the functionality works. If NO, describe how your LMS can provide for such functionality as an add-on or in a future release | H11: 5 | I11: =LOOKUP(H11,'[7]Priority Ratings '!$B$21:$C$27) -> Critical | J11: =H11/$H$104 -> 0.0091240876 | K11: 5 - (100%) Fully compliant (NO non-standard configuration required); 4 - (80%) Compliant with non-standard configuration (tenderer to tailor existing built-in options and features); 3 - (60%) Compliant with development (tenderer to tailor application AND ensure changes are preserved in future upgrades); 2 - (40%) Compliant with customization (tenderer to code new functionality BUT changes NOT preserved in future upgrades); 1 - (20%) Partially compliant (additional coding required but tenderer has NO intent to customize or develop); 0 - (0%) Non-compliant (no functionality available) | L11: 0 | M11: =J11*L11 -> 0
A12: LMS 2 | B12: Meeting the Scope of Work Required | C12: Usability | D12: Describe how your solution caters to the following requirement: Provides Embedded gamification (badging/recognition, leaderboards, levels, etc.) As part of your description include the following information: Do you provide gamification? If YES, describe the embedded gamification functionality offered by your solution? If NO, describe how your LMS can provide for such functionality as an add-on or in a future release? | H12: 6 | I12: =LOOKUP(H12,'[7]Priority Ratings '!$B$21:$C$27) -> Show stopper | J12: =H12/$H$104 -> 0.010948905 | K12: 5 - (100%) Fully compliant (NO non-standard configuration required); 4 - (80%) Compliant with non-standard configuration (tenderer to tailor existing built-in options and features); 3 - (60%) Compliant with development (tenderer to tailor application AND ensure changes are preserved in future upgrades); 2 - (40%) Compliant with customization (tenderer to code new functionality BUT changes NOT preserved in future upgrades); 1 - (20%) Partially compliant (additional coding required but tenderer has NO intent to customize or develop); 0 - (0%) Non-compliant (no functionality available) | L12: 0 | M12: =J12*L12 -> 0
A13: LMS 3 | B13: Meeting the Scope of Work Required | C13: Usability | D13: Describe how your solution caters to the following requirement: Linking to learning objects (LOs) and services. The following is mandatory criteria: The solution links to LOs hosted internally and externally. Examples of LOs include videos, quizzes, documents, interactive simulations, and assessments.LOs should be accessible to systems within the organisation (such as OpenText) as well as external sites (such as YouTube) | H13: 6 | I13: =LOOKUP(H13,'[7]Priority Ratings '!$B$21:$C$27) -> Show stopper | J13: =H13/$H$104 -> 0.010948905 | K13: 5 - (100%) Fully compliant (functionality AND mandatory criteria are met - no non-standard configuration required); 4 - (80%) Compliant with configuration (functionality available but mandatory criteria requires the tenderer to tailor existing built-in options and features); 3 - (60%) Compliant with development (functionality available but mandatory criteria requires the tenderer to tailor application AND ensure changes are preserved in future upgrades); 2 - (40%) Compliant with customization (functionality available but mandatory criteria requires the tenderer to code new functionality AND the changes are NOT preserved in future upgrades); 1 - (20%) Partially compliant (functionality available but mandatory criteria requires additional coding AND tenderer has NO intent to customize or develop it); 0 - (0%) Non-compliant (no functionality AND NO mandatory criteria are met) | L13: 0 | M13: =J13*L13 -> 0
A14: LMS 4 | B14: Meeting the Scope of Work Required | C14: Usability | D14: Describe how your solution caters to the following requirement: Navigating / transitioning between different modules within a course | H14: 6 | I14: =LOOKUP(H14,'[7]Priority Ratings '!$B$21:$C$27) -> Show stopper | J14: =H14/$H$104 -> 0.010948905 | K14: 5 - (100%) Fully compliant (NO non-standard configuration required); 4 - (80%) Compliant with non-standard configuration (tenderer to tailor existing built-in options and features); 3 - (60%) Compliant with development (tenderer to tailor application AND ensure changes are preserved in future upgrades); 2 - (40%) Compliant with customization (tenderer to code new functionality BUT changes NOT preserved in future upgrades); 1 - (20%) Partially compliant (additional coding required but tenderer has NO intent to customize or develop); 0 - (0%) Non-compliant (no functionality available) | L14: 0 | M14: =J14*L14 -> 0
A15: LMS 5 | B15: Meeting the Scope of Work Required | C15: Usability | D15: Describe how your solution caters to the following requirement: Bookmarking of learning objects, videos and services | H15: 6 | I15: =LOOKUP(H15,'[7]Priority Ratings '!$B$21:$C$27) -> Show stopper | J15: =H15/$H$104 -> 0.010948905 | K15: 5 - (100%) Fully compliant (NO non-standard configuration required); 4 - (80%) Compliant with non-standard configuration (tenderer to tailor existing built-in options and features); 3 - (60%) Compliant with development (tenderer to tailor application AND ensure changes are preserved in future upgrades); 2 - (40%) Compliant with customization (tenderer to code new functionality BUT changes NOT preserved in future upgrades); 1 - (20%) Partially compliant (additional coding required but tenderer has NO intent to customize or develop); 0 - (0%) Non-compliant (no functionality available) | L15: 0 | M15: =J15*L15 -> 0
A16: LMS 6 | B16: Meeting the Scope of Work Required | C16: Usability | D16: Describe how your solution caters to the following requirement: Provides profile-based Access control management to the system and data based on user role type. In addition, confirm that you can do user-based access using external sources (databases). For example: The following Learning Material Repository mandatory requirements / criteria must be met: The solution should provide access control management. The solution should have access to specific features based on the user roles. User Role Type: National Administrator (Super User) National Administrator (Super User) user access role and right are as follows: - Ability for an administrator to allocate and/or manage user access roles to control / limit what users can access. - Create, Link, Read, Update, Modify, Upload and Delete etc. learning material, learning programmes, associated categories and sub-categories - Should be able to: have access to a test environment and live / production environment of the solution - Perform all activities (e.g. add/edit/delete/link) on the administrator test environment before publishing on the live / production environment, - Publish to the production environment - Prompt the system to send mail to accredited facilitators informing of new/revised learning material - View/export the reports (including audit logs) - Ability to archive all learning material - Perform version control and revert to previous versions of all learning material when needed | H16: 6 | I16: =LOOKUP(H16,'[7]Priority Ratings '!$B$21:$C$27) -> Show stopper | J16: =H16/$H$104 -> 0.010948905 | K16: 5 - (100%) Fully compliant (NO non-standard configuration required); 4 - (80%) Compliant with non-standard configuration (tenderer to tailor existing built-in options and features); 3 - (60%) Compliant with development (tenderer to tailor application AND ensure changes are preserved in future upgrades); 2 - (40%) Compliant with customization (tenderer to code new functionality BUT changes NOT preserved in future upgrades); 1 - (20%) Partially compliant (additional coding required but tenderer has NO intent to customize or develop); 0 - (0%) Non-compliant (no functionality available) | L16: 0 | M16: =J16*L16 -> 0
A17: LMS 8 | B17: Meeting the Scope of Work Required | C17: Usability | D17: Describe how your solution caters to the following requirement: Provides an Audit trail / audit log for all activities on LMS and content (learning material) repository, and all metadata. The following are mandatory criteria: Logins, creation, modification and deletions As part of the description include the following information: Describe how an administrator can access the audit trail / log (e.g. through reports / dashboards / etc.) Describe how the audit log can be exported, preferably to Excel | H17: 6 | I17: =LOOKUP(H17,'[7]Priority Ratings '!$B$21:$C$27) -> Show stopper | J17: =H17/$H$104 -> 0.010948905 | K17: 5 - (100%) Fully compliant (functionality AND mandatory criteria are met - no non-standard configuration required); 4 - (80%) Compliant with configuration (functionality available but mandatory criteria requires the tenderer to tailor existing built-in options and features); 3 - (60%) Compliant with development (functionality available but mandatory criteria requires the tenderer to tailor application AND ensure changes are preserved in future upgrades); 2 - (40%) Compliant with customization (functionality available but mandatory criteria requires the tenderer to code new functionality AND the changes are NOT preserved in future upgrades); 1 - (20%) Partially compliant (functionality available but mandatory criteria requires additional coding AND tenderer has NO intent to customize or develop it); 0 - (0%) Non-compliant (no functionality AND NO mandatory criteria are met) | L17: 0 | M17: =J17*L17 -> 0
A18: LMS 9 | B18: Meeting the Scope of Work Required | C18: Usability | D18: Describe how your solution caters to the following requirement: Administrator must be able to restrict courses (based on defined criteria e.g. area specific (Koeberg), task grades, divisions, qualifications, other) for a specific target audience / group of learners. E.g. Senior Management Development programme is reserved for certain higher level task grades. | H18: 6 | I18: =LOOKUP(H18,'[7]Priority Ratings '!$B$21:$C$27) -> Show stopper | J18: =H18/$H$104 -> 0.010948905 | K18: 5 - (100%) Fully compliant (NO non-standard configuration required); 4 - (80%) Compliant with non-standard configuration (tenderer to tailor existing built-in options and features); 3 - (60%) Compliant with development (tenderer to tailor application AND ensure changes are preserved in future upgrades); 2 - (40%) Compliant with customization (tenderer to code new functionality BUT changes NOT preserved in future upgrades); 1 - (20%) Partially compliant (additional coding required but tenderer has NO intent to customize or develop); 0 - (0%) Non-compliant (no functionality available) | L18: 0 | M18: =J18*L18 -> 0
A19: LMS 10 | B19: Meeting the Scope of Work Required | C19: Usability | D19: Describe how your solution caters to the following requirement: Allow external learner to browse course catalogue External learner: those individuals who are not registered on the Eskom network (i.e. persons who don’t have a valid employee number). | H19: 6 | I19: =LOOKUP(H19,'[7]Priority Ratings '!$B$21:$C$27) -> Show stopper | J19: =H19/$H$104 -> 0.010948905 | K19: 5 - (100%) Fully compliant (NO non-standard configuration required); 4 - (80%) Compliant with non-standard configuration (tenderer to tailor existing built-in options and features); 3 - (60%) Compliant with development (tenderer to tailor application AND ensure changes are preserved in future upgrades); 2 - (40%) Compliant with customization (tenderer to code new functionality BUT changes NOT preserved in future upgrades); 1 - (20%) Partially compliant (additional coding required but tenderer has NO intent to customize or develop); 0 - (0%) Non-compliant (no functionality available) | L19: 0 | M19: =J19*L19 -> 0
A20: LMS 11 | B20: Meeting the Scope of Work Required | C20: Usability | D20: Describe how your solution caters to the following requirement: Allow external users/ learners to be registered for courses | H20: 6 | I20: =LOOKUP(H20,'[7]Priority Ratings '!$B$21:$C$27) -> Show stopper | J20: =H20/$H$104 -> 0.010948905 | K20: 5 - (100%) Fully compliant (NO non-standard configuration required); 4 - (80%) Compliant with non-standard configuration (tenderer to tailor existing built-in options and features); 3 - (60%) Compliant with development (tenderer to tailor application AND ensure changes are preserved in future upgrades); 2 - (40%) Compliant with customization (tenderer to code new functionality BUT changes NOT preserved in future upgrades); 1 - (20%) Partially compliant (additional coding required but tenderer has NO intent to customize or develop); 0 - (0%) Non-compliant (no functionality available) | L20: 0 | M20: =J20*L20 -> 0
A21: LMS 12 | B21: Meeting the Scope of Work Required | C21: Data capture | D21: Describe how your solution caters to the following requirement: Ability for compulsory and optional user-specified information (eg, details of the trainer, cost of training, etc) to be captured before a course can be scheduled and a learner can be booked on the course. | H21: 6 | I21: =LOOKUP(H21,'[7]Priority Ratings '!$B$21:$C$27) -> Show stopper | J21: =H21/$H$104 -> 0.010948905 | K21: 5 - (100%) Fully compliant (NO non-standard configuration required); 4 - (80%) Compliant with non-standard configuration (tenderer to tailor existing built-in options and features); 3 - (60%) Compliant with development (tenderer to tailor application AND ensure changes are preserved in future upgrades); 2 - (40%) Compliant with customization (tenderer to code new functionality BUT changes NOT preserved in future upgrades); 1 - (20%) Partially compliant (additional coding required but tenderer has NO intent to customize or develop); 0 - (0%) Non-compliant (no functionality available) | L21: 0 | M21: =J21*L21 -> 0
A22: LMS 13 | B22: Meeting the Scope of Work Required | C22: Usability | D22: Describe how your solution caters to the following requirement: Automated AND customisable feedback/course evaluation forms As part of your description include the following information: Describe how the evaluation forms can be customised. List the different learning delivery methods (e.g. classroom training, online, etc) that the evaluation forms can be customised for. | H22: 6 | I22: =LOOKUP(H22,'[7]Priority Ratings '!$B$21:$C$27) -> Show stopper | J22: =H22/$H$104 -> 0.010948905 | K22: 5 - (100%) Fully compliant (NO non-standard configuration required); 4 - (80%) Compliant with non-standard configuration (tenderer to tailor existing built-in options and features); 3 - (60%) Compliant with development (tenderer to tailor application AND ensure changes are preserved in future upgrades); 2 - (40%) Compliant with customization (tenderer to code new functionality BUT changes NOT preserved in future upgrades); 1 - (20%) Partially compliant (additional coding required but tenderer has NO intent to customize or develop); 0 - (0%) Non-compliant (no functionality available) | L22: 0 | M22: =J22*L22 -> 0
... A101: LMS 113 | B101: Meeting the Scope of Work Required | C101: Usability | D101: Describe how your solution caters to the following requirement: Straightforward graphical user interface (GUI) and navigation. Provide evidence using screenshots of the solution. | H101: 6 | I101: =LOOKUP(H101,'[7]Priority Ratings '!$B$21:$C$27) -> Show stopper | J101: =H101/$H$104 -> 0.010948905 | K101: 5 - (100%) Fully compliant (NO non-standard configuration required); 4 - (80%) Compliant with non-standard configuration (tenderer to tailor existing built-in options and features); 3 - (60%) Compliant with development (tenderer to tailor application AND ensure changes are preserved in future upgrades); 2 - (40%) Compliant with customization (tenderer to code new functionality BUT changes NOT preserved in future upgrades); 1 - (20%) Partially compliant (additional coding required but tenderer has NO intent to customize or develop); 0 - (0%) Non-compliant (no functionality available) | L101: 0 | M101: =J101*L101 -> 0
A102: LMS 114 | B102: Meeting the Scope of Work Required | C102: Usability | D102: Describe how your solution cater to the following requirement: Provides a browser-based interface. The following are mandatory criteria: Solution is able to work on MS Edge AND Chrome AND Firefox As part of your description include the following information: Specify all browsers that are supported. | E102: 3 - (60%) Compliant with development | H102: 6 | I102: =LOOKUP(H102,'[7]Priority Ratings '!$B$21:$C$27) -> Show stopper | J102: =H102/$H$104 -> 0.010948905 | K102: 5 - (100%) Fully compliant (NO non-standard configuration required); 4 - (80%) Compliant with non-standard configuration (tenderer to tailor existing built-in options and features); 3 - (60%) Compliant with development (tenderer to tailor application AND ensure changes are preserved in future upgrades); 2 - (40%) Compliant with customization (tenderer to code new functionality BUT changes NOT preserved in future upgrades); 1 - (20%) Partially compliant (additional coding required but tenderer has NO intent to customize or develop); 0 - (0%) Non-compliant (no functionality available) | L102: 0 | M102: =J102*L102 -> 0
A103: LMS 115 | B103: Meeting the Scope of Work Required | C103: Usability | D103: Describe how your solution caters to the following requirement: Natively supports mobile operating systems (iOS, Android, Windows, etc.) List all supported mobile operating systems | H103: 6 | I103: =LOOKUP(H103,'[7]Priority Ratings '!$B$21:$C$27) -> Show stopper | J103: =H103/$H$104 -> 0.010948905 | K103: 5 - (100%) Fully compliant (NO non-standard configuration required); 4 - (80%) Compliant with non-standard configuration (tenderer to tailor existing built-in options and features); 3 - (60%) Compliant with development (tenderer to tailor application AND ensure changes are preserved in future upgrades); 2 - (40%) Compliant with customization (tenderer to code new functionality BUT changes NOT preserved in future upgrades); 1 - (20%) Partially compliant (additional coding required but tenderer has NO intent to customize or develop); 0 - (0%) Non-compliant (no functionality available) | L103: 0 | M103: =J103*L103 -> 0
H104: =SUM(H11:H103) -> 548 | J104: =SUM(J11:J103) -> 1 | L104: TOTAL SCORE | M104: =SUM(M11:M103) -> 0

Sheet Authoring Tool
E1: Full Description of the Selection Options for "Tenderer Compliance" Selections & "Eskom Evaluator" Scoring selections, please see Column K
B2: Evaluation Area: | C2: Authoring Tool | E2: 5 - Fully compliant (no configuration required)
B3: Project Name: | C3: ='Evaluation Summary'!B2 -> Replacement of Learning Management System (LMS) | E3: 4 - Compliant with configuration (tenderer to tailor existing built-in options and features)
B4: ='Evaluation Summary'!A3 -> CORP xxxx Tender: | C4: ='Evaluation Summary'!B3 -> Eskom Project Manager to Capture | E4: 3 - Compliant with development (tenderer to tailor application AND ensure changes are preserved in future upgrades)
B5: Tenderer: | C5: ='Evaluation Summary'!B4 -> Tenderer to Capture | E5: 2 - Compliant with customization (tenderer to code new functionality BUT changes NOT preserved in future upgrades)
B6: Evaluated by: | C6: ='Evaluation Summary'!B5 -> Eskom Evaluator to Capture | E6: 1 - Partially compliant (additional coding required but tenderer has NO intent to customize or develop)
E7: 0 - Non-compliant (no functionality available and tenderer has NO intent to develop it)
H9: Priority and Weight | K9: Eskom Evaluator Scoring
A10: ID | B10: Type | C10: Functionality Area | D10: Requirement | E10: Tenderer Compliance Tenderer to select compliance to requirement from the drop-down list provided | F10: Tenderer Evidence Tenderer to indicate location of evidence e.g. document, section, page, paragraph, etc. | G10: Tenderer Comments Tenderer to indicate any applicable comments based on Compliance | H10: Priority Rating | I10: Priority description | J10: Weighted Question | K10: Eskom Evaluator Scoring | L10: Answer Evaluator to select scoring to requirement from the drop-down list provided | M10: Weighted Answer | N10: Eskom Evaluator Comments
A11: AT 1 | B11: Meeting the Scope of Work Required | C11: Notifications | D11: Describe how your solution caters to the following requirement: Provide notifications (emails, sms, in-app notifications)for various events Confirm for each of the below. The following are mandatory criteria: a. Notification (emails, sms, in-app notifications) to accredited facilitators regarding new/revised learning material published linked to their specific accreditation (as per NFDb). The message should include the user defined Course number (in some cases this will defined by the administrator) and Course title of the learning material published b. Send notification before an authorisation / certification expires c. Notify user when access has been revoked or when a user role changes. Use cases include: expiring certifications/authorisations, notifying a specific target audience (e.g. accredited facilitators base on their current accreditation status on the National Facilitator Database) of availability of a course material. | H11: 4 | I11: =LOOKUP(H11,'[7]Priority Ratings '!$B$21:$C$27) -> Very important | J11: =H11/$H$15 -> 0.18181818 | K11: 5 - (100%) Fully compliant (functionality AND mandatory criteria are met - no non-standard configuration required); 4 - (80%) Compliant with configuration (functionality available but mandatory criteria requires the tenderer to tailor existing built-in options and features); 3 - (60%) Compliant with development (functionality available but mandatory criteria requires the tenderer to tailor application AND ensure changes are preserved in future upgrades); 2 - (40%) Compliant with customization (functionality available but mandatory criteria requires the tenderer to code new functionality AND the changes are NOT preserved in future upgrades); 1 - (20%) Partially compliant (functionality available but mandatory criteria requires additional coding AND tenderer has NO intent to customize or develop it); 0 - (0%) Non-compliant (no functionality AND NO mandatory criteria are met) | L11: 0 | M11: =J11*L11 -> 0
A12: AT 2 | B12: Meeting the Scope of Work Required | C12: Learning Content Authoring and Development | D12: Describe how your solution caters to the following requirement: Upload / Link documentation (including bulk uploads) in your solution. As part of your description include the following information: Describe this functionality for learners, facilitators and administrators. Describe this in relation to the content management repository and console | H12: 6 | I12: =LOOKUP(H12,'[7]Priority Ratings '!$B$21:$C$27) -> Show stopper | J12: =H12/$H$15 -> 0.27272727 | K12: 5 - (100%) Fully compliant (NO non-standard configuration required); 4 - (80%) Compliant with non-standard configuration (tenderer to tailor existing built-in options and features); 3 - (60%) Compliant with development (tenderer to tailor application AND ensure changes are preserved in future upgrades); 2 - (40%) Compliant with customization (tenderer to code new functionality BUT changes NOT preserved in future upgrades); 1 - (20%) Partially compliant (additional coding required but tenderer has NO intent to customize or develop); 0 - (0%) Non-compliant (no functionality available) | L12: 0 | M12: 0
A13: AT 3 | B13: Meeting the Scope of Work Required | C13: Learning Content Authoring and Development | D13: Describe how your solution caters to the following requirement: Upload / Link documentation of various formats (eg, word, powerpoint, pdf, mp4, wav, etc). As part of your description include the following information: Describe if an administrator can load / linking documents per course that appears in one or more learning programmes. This should update the content across the associated learning programmes. | H13: 6 | I13: =LOOKUP(H13,'[7]Priority Ratings '!$B$21:$C$27) -> Show stopper | J13: =H13/$H$15 -> 0.27272727 | K13: 5 - (100%) Fully compliant (NO non-standard configuration required); 4 - (80%) Compliant with non-standard configuration (tenderer to tailor existing built-in options and features); 3 - (60%) Compliant with development (tenderer to tailor application AND ensure changes are preserved in future upgrades); 2 - (40%) Compliant with customization (tenderer to code new functionality BUT changes NOT preserved in future upgrades); 1 - (20%) Partially compliant (additional coding required but tenderer has NO intent to customize or develop); 0 - (0%) Non-compliant (no functionality available) | L13: 0 | M13: 0
A14: AT 4 | B14: Meeting the Scope of Work Required | C14: Integration | D14: Describe how your solution caters to the following requirement: Integrate with National Facilitator database and update the LMS with the necessary information related to access control (accessing system and/or accessing rights specific data) The following must be satisfied: The solution to authenticate the facilitator according to the course/s that they are currently accredited to facilitate. Access limited to the current status of their facilitator accreditation. If not accredited, accreditation expired or has been revoked to facilitate courses then they should default/revert to learner user rights and a message to inform that they are not accredited to access the specific learning material as a Facilitator | H14: 6 | I14: =LOOKUP(H14,'[7]Priority Ratings '!$B$21:$C$27) -> Show stopper | J14: =H14/$H$15 -> 0.27272727 | K14: 5 - (100%) Fully compliant (NO non-standard configuration required); 4 - (80%) Compliant with non-standard configuration (tenderer to tailor existing built-in options and features); 3 - (60%) Compliant with development (tenderer to tailor application AND ensure changes are preserved in future upgrades); 2 - (40%) Compliant with customization (tenderer to code new functionality BUT changes NOT preserved in future upgrades); 1 - (20%) Partially compliant (additional coding required but tenderer has NO intent to customize or develop); 0 - (0%) Non-compliant (no functionality available) | L14: 0 | M14: 0
H15: =SUM(H11:H14) -> 22 | J15: =SUM(J11:J14) -> 1 | L15: TOTAL SCORE | M15: =SUM(M11:M14) -> 0
D19: Confirm during SD&L session (NIPP)

Sheet Mentorship
E1: Full Description of the Selection Options for "Tenderer Compliance" Selections & "Eskom Evaluator" Scoring selections, please see Column K
B2: Evaluation Area: | C2: Mentorship | E2: 5 - Fully compliant (no configuration required)
B3: Project Name: | C3: ='Evaluation Summary'!B2 -> Replacement of Learning Management System (LMS) | E3: 4 - Compliant with configuration (tenderer to tailor existing built-in options and features)
B4: ='Evaluation Summary'!A3 -> CORP xxxx Tender: | C4: ='Evaluation Summary'!B3 -> Eskom Project Manager to Capture | E4: 3 - Compliant with development (tenderer to tailor application AND ensure changes are preserved in future upgrades)
B5: Tenderer: | C5: ='Evaluation Summary'!B4 -> Tenderer to Capture | E5: 2 - Compliant with customization (tenderer to code new functionality BUT changes NOT preserved in future upgrades)
B6: Evaluated by: | C6: ='Evaluation Summary'!B5 -> Eskom Evaluator to Capture | E6: 1 - Partially compliant (additional coding required but tenderer has NO intent to customize or develop)
E7: 0 - Non-compliant (no functionality available and tenderer has NO intent to develop it)
H9: Priority and Weight | K9: Eskom Evaluator Scoring
A10: ID | B10: Type | C10: Functionality Area | D10: Requirement | E10: Tenderer Compliance Tenderer to select compliance to requirement from the drop-down list provided | F10: Tenderer Evidence Tenderer to indicate location of evidence e.g. document, section, page, paragraph, etc. | G10: Tenderer Comments Tenderer to indicate any applicable comments based on Compliance | H10: Priority Rating | I10: Priority description | J10: Weighted Question | K10: Eskom Evaluator Scoring | L10: Answer Evaluator to select scoring to requirement from the drop-down list provided | M10: Weighted Answer | N10: Eskom Evaluator Comments
A11: MENT 1 | B11: Meeting the Scope of Work Required | C11: Pairing Algorithm | D11: Describe how your solution caters to the following requirement: Automate the matching of mentees and mentors via a Matching/Pairing Algorithm (i.e. pair the mentee with an suitable mentor based on user specified criteria e.g. the required skill set) Describe how the matching is done? If no, describe how your LMS can provide for such functionality as an add-on or in a future release? | H11: 4 | I11: =LOOKUP(H11,'[7]Priority Ratings '!$B$21:$C$27) -> Very important | J11: =H11/$H$21 -> 0.088888889 | K11: 5 - (100%) Fully compliant (NO non-standard configuration required); 4 - (80%) Compliant with non-standard configuration (tenderer to tailor existing built-in options and features); 3 - (60%) Compliant with development (tenderer to tailor application AND ensure changes are preserved in future upgrades); 2 - (40%) Compliant with customization (tenderer to code new functionality BUT changes NOT preserved in future upgrades); 1 - (20%) Partially compliant (additional coding required but tenderer has NO intent to customize or develop); 0 - (0%) Non-compliant (no functionality available) | L11: 0 | M11: 0
A12: MENT 2 | B12: Meeting the Scope of Work Required | C12: Usability | D12: Describe how your solution caters to the following requirement: Upload, add, edit, delete mentorship documentation (e.g., Mentorship agreement, mentorship evaluations, etc) | H12: 3 | I12: =LOOKUP(H12,'[7]Priority Ratings '!$B$21:$C$27) -> Important | J12: =H12/$H$21 -> 0.066666667 | K12: 5 - (100%) Fully compliant (NO non-standard configuration required); 4 - (80%) Compliant with non-standard configuration (tenderer to tailor existing built-in options and features); 3 - (60%) Compliant with development (tenderer to tailor application AND ensure changes are preserved in future upgrades); 2 - (40%) Compliant with customization (tenderer to code new functionality BUT changes NOT preserved in future upgrades); 1 - (20%) Partially compliant (additional coding required but tenderer has NO intent to customize or develop); 0 - (0%) Non-compliant (no functionality available) | L12: 0 | M12: 0
A13: MENT 3 | B13: Meeting the Scope of Work Required | C13: Usability | D13: Describe how your solution caters to the following requirement: Link mentors to a course (e.g. a mentor who is a specialist in Organisational Effectiveness is linked to a Change management course) | H13: 6 | I13: =LOOKUP(H13,'[7]Priority Ratings '!$B$21:$C$27) -> Show stopper | J13: =H13/$H$21 -> 0.13333333 | K13: 5 - (100%) Fully compliant (NO non-standard configuration required); 4 - (80%) Compliant with non-standard configuration (tenderer to tailor existing built-in options and features); 3 - (60%) Compliant with development (tenderer to tailor application AND ensure changes are preserved in future upgrades); 2 - (40%) Compliant with customization (tenderer to code new functionality BUT changes NOT preserved in future upgrades); 1 - (20%) Partially compliant (additional coding required but tenderer has NO intent to customize or develop); 0 - (0%) Non-compliant (no functionality available) | L13: 0 | M13: 0
A14: MENT 4 | B14: Meeting the Scope of Work Required | C14: Usability | D14: Describe how your solution caters to the following requirement: Allow learners who are Trained Mentors to manually add themselves on LMS as a mentor Describe if your LMS would allow for this to occur? | H14: 6 | I14: =LOOKUP(H14,'[7]Priority Ratings '!$B$21:$C$27) -> Show stopper | J14: =H14/$H$21 -> 0.13333333 | K14: 5 - (100%) Fully compliant (NO non-standard configuration required); 4 - (80%) Compliant with non-standard configuration (tenderer to tailor existing built-in options and features); 3 - (60%) Compliant with development (tenderer to tailor application AND ensure changes are preserved in future upgrades); 2 - (40%) Compliant with customization (tenderer to code new functionality BUT changes NOT preserved in future upgrades); 1 - (20%) Partially compliant (additional coding required but tenderer has NO intent to customize or develop); 0 - (0%) Non-compliant (no functionality available) | L14: 0 | M14: 0
A15: MENT 5 | B15: Meeting the Scope of Work Required | C15: Usability | D15: Describe how your solution caters to the following requirement: Automatically add mentors that have been trained internally on Mentorship (i.e. those who have successfully passed the Eskom Mentorship training) | H15: 6 | I15: =LOOKUP(H15,'[7]Priority Ratings '!$B$21:$C$27) -> Show stopper | J15: =H15/$H$21 -> 0.13333333 | K15: 5 - (100%) Fully compliant (NO non-standard configuration required); 4 - (80%) Compliant with non-standard configuration (tenderer to tailor existing built-in options and features); 3 - (60%) Compliant with development (tenderer to tailor application AND ensure changes are preserved in future upgrades); 2 - (40%) Compliant with customization (tenderer to code new functionality BUT changes NOT preserved in future upgrades); 1 - (20%) Partially compliant (additional coding required but tenderer has NO intent to customize or develop); 0 - (0%) Non-compliant (no functionality available) | L15: 0 | M15: 0
A16: MENT 6 | B16: Meeting the Scope of Work Required | C16: Usability | D16: Describe how your solution caters to the following requirement: Ability for mentors to have the option to opt out of the mentorship role. Note: Mentorship is voluntary. | H16: 4 | I16: =LOOKUP(H16,'[7]Priority Ratings '!$B$21:$C$27) -> Very important | J16: =H16/$H$21 -> 0.088888889 | K16: 5 - (100%) Fully compliant (NO non-standard configuration required); 4 - (80%) Compliant with non-standard configuration (tenderer to tailor existing built-in options and features); 3 - (60%) Compliant with development (tenderer to tailor application AND ensure changes are preserved in future upgrades); 2 - (40%) Compliant with customization (tenderer to code new functionality BUT changes NOT preserved in future upgrades); 1 - (20%) Partially compliant (additional coding required but tenderer has NO intent to customize or develop); 0 - (0%) Non-compliant (no functionality available) | L16: 0 | M16: 0
A17: MENT 7 | B17: Meeting the Scope of Work Required | C17: Notifications | D17: Describe how your solution caters to the following requirement: Ability to send notifications via email and SMS (e.g., reminders to participants regarding mentoring sessions) | H17: 2 | I17: =LOOKUP(H17,'[7]Priority Ratings '!$B$21:$C$27) -> Useful | J17: =H17/$H$21 -> 0.044444444 | K17: 5 - (100%) Fully compliant (NO non-standard configuration required); 4 - (80%) Compliant with non-standard configuration (tenderer to tailor existing built-in options and features); 3 - (60%) Compliant with development (tenderer to tailor application AND ensure changes are preserved in future upgrades); 2 - (40%) Compliant with customization (tenderer to code new functionality BUT changes NOT preserved in future upgrades); 1 - (20%) Partially compliant (additional coding required but tenderer has NO intent to customize or develop); 0 - (0%) Non-compliant (no functionality available) | L17: 0 | M17: 0
A18: MENT 8 | B18: Meeting the Scope of Work Required | C18: Search | D18: Describe how your solution caters to the following requirement: Advance Search functionality - the solution to allow users to filter and provide the ability to search for mentors by user specified fields including gender, area of speciality/interest, years of experience in particular area, qualifications, available to mentor | H18: 6 | I18: =LOOKUP(H18,'[7]Priority Ratings '!$B$21:$C$27) -> Show stopper | J18: =H18/$H$21 -> 0.13333333 | K18: 5 - (100%) Fully compliant (NO non-standard configuration required); 4 - (80%) Compliant with non-standard configuration (tenderer to tailor existing built-in options and features); 3 - (60%) Compliant with development (tenderer to tailor application AND ensure changes are preserved in future upgrades); 2 - (40%) Compliant with customization (tenderer to code new functionality BUT changes NOT preserved in future upgrades); 1 - (20%) Partially compliant (additional coding required but tenderer has NO intent to customize or develop); 0 - (0%) Non-compliant (no functionality available) | L18: 0 | M18: =J18*L18 -> 0
A19: MENT 9 | B19: Meeting the Scope of Work Required | C19: Search | D19: Describe how your solution caters to the following requirement: Search functionality - The solution to allow users to filter and add additional user specified criteria for searching (e.g., gender, development programme, area of speciality/interest, years of experience in particular area, qualifications, available to mentor) | H19: 6 | I19: =LOOKUP(H19,'[7]Priority Ratings '!$B$21:$C$27) -> Show stopper | J19: =H19/$H$21 -> 0.13333333 | K19: 5 - (100%) Fully compliant (NO non-standard configuration required); 4 - (80%) Compliant with non-standard configuration (tenderer to tailor existing built-in options and features); 3 - (60%) Compliant with development (tenderer to tailor application AND ensure changes are preserved in future upgrades); 2 - (40%) Compliant with customization (tenderer to code new functionality BUT changes NOT preserved in future upgrades); 1 - (20%) Partially compliant (additional coding required but tenderer has NO intent to customize or develop); 0 - (0%) Non-compliant (no functionality available) | L19: 0 | M19: 0
A20: MENT 10 | B20: Meeting the Scope of Work Required | C20: Notifications | D20: Describe how your solution caters to the following requirement: Automated notifications via email to managers and learners when a mentorship agreement is uploaded to learner profile | H20: 2 | I20: =LOOKUP(H20,'[7]Priority Ratings '!$B$21:$C$27) -> Useful | J20: =H20/$H$21 -> 0.044444444 | K20: 5 - (100%) Fully compliant (NO non-standard configuration required); 4 - (80%) Compliant with non-standard configuration (tenderer to tailor existing built-in options and features); 3 - (60%) Compliant with development (tenderer to tailor application AND ensure changes are preserved in future upgrades); 2 - (40%) Compliant with customization (tenderer to code new functionality BUT changes NOT preserved in future upgrades); 1 - (20%) Partially compliant (additional coding required but tenderer has NO intent to customize or develop); 0 - (0%) Non-compliant (no functionality available) | L20: 0 | M20: =J20*L20 -> 0
H21: =SUM(H11:H20) -> 45 | J21: =SUM(J11:J20) -> 1 | L21: TOTAL SCORE | M21: =SUM(M11:M20) -> 0
D25: Confirm during SD&L session (NIPP)

Sheet Further Studies
E1: Full Description of the Selection Options for "Tenderer Compliance" Selections & "Eskom Evaluator" Scoring selections, please see Column K
B2: Evaluation Area: | C2: Further Studies
B3: Project Name: | C3: ='Evaluation Summary'!B2 -> Replacement of Learning Management System (LMS)
B4: ='Evaluation Summary'!A3 -> CORP xxxx Tender: | C4: ='Evaluation Summary'!B3 -> Eskom Project Manager to Capture
B5: Tenderer: | C5: ='Evaluation Summary'!B4 -> Tenderer to Capture
B6: Evaluated by: | C6: ='Evaluation Summary'!B5 -> Eskom Evaluator to Capture
H9: Priority and Weight | K9: Eskom Evaluator Scoring
A10: ID | B10: Type | C10: Functionality Area | D10: Requirement | E10: Tenderer Compliance Tenderer to select compliance to requirement from the drop-down list provided | F10: Tenderer Evidence Tenderer to indicate location of evidence e.g. document, section, page, paragraph, etc. | G10: Tenderer Comments Tenderer to indicate any applicable comments based on Compliance | H10: Priority Rating | I10: Priority description | J10: Weighted Question | K10: Eskom Evaluator Scoring | L10: Answer Evaluator to select scoring to requirement from the drop-down list provided | M10: Weighted Answer | N10: Eskom Evaluator Comments
A11: FS 1 | B11: Meeting the Scope of Work Required | C11: Usability | D11: Describe how your solution caters to the following requirement: Ability to read data from PDFs and update specified fields in LMS. E.g. is a pdf of exam results are uploaded then LMS updates the exam results fields | H11: 5 | I11: =LOOKUP(H11,'[7]Priority Ratings '!$B$21:$C$27) -> Critical | J11: =H11/$H$29 -> 0.051020408 | K11: 5 - (100%) Fully compliant (NO non-standard configuration required); 4 - (80%) Compliant with non-standard configuration (tenderer to tailor existing built-in options and features); 3 - (60%) Compliant with development (tenderer to tailor application AND ensure changes are preserved in future upgrades); 2 - (40%) Compliant with customization (tenderer to code new functionality BUT changes NOT preserved in future upgrades); 1 - (20%) Partially compliant (additional coding required but tenderer has NO intent to customize or develop); 0 - (0%) Non-compliant (no functionality available) | L11: 0 | M11: 0
A12: FS 2 | B12: Meeting the Scope of Work Required | C12: Upload documentation | D12: Describe how your solution caters to the following requirement: Upload documentation (including bulk uploads) i.e. upload LMS (FS application) documentation as part of the LMS (FS application). Example: Once payment is done, FS Coordinator or FS Applicant / Learner uploads remittance advice / proof of payment documents to the LMS FS Application Profile Example: approved Further Studies learners to be able to upload exam timetable to their LMS FS Application Profile. Describe this functionality for learners and administrators. | H12: 5 | I12: =LOOKUP(H12,'[7]Priority Ratings '!$B$21:$C$27) -> Critical | J12: =H12/$H$29 -> 0.051020408 | K12: 5 - (100%) Fully compliant (NO non-standard configuration required); 4 - (80%) Compliant with non-standard configuration (tenderer to tailor existing built-in options and features); 3 - (60%) Compliant with development (tenderer to tailor application AND ensure changes are preserved in future upgrades); 2 - (40%) Compliant with customization (tenderer to code new functionality BUT changes NOT preserved in future upgrades); 1 - (20%) Partially compliant (additional coding required but tenderer has NO intent to customize or develop); 0 - (0%) Non-compliant (no functionality available) | L12: 0 | M12: 0
A13: FS 3 | B13: Meeting the Scope of Work Required | C13: Upload documentation | D13: Describe how your solution caters to the following requirement: Upload documentation (including bulk uploads) - When uploading documentation can the solution enable certain criteria to be met when certain documents are uploaded? E.g. application should not move to the next approval stage without the following documents being loaded: - Budget Letter - List of Prescribed Books per Subject - Quotation of Prescribed Books - Official Quotation from Relevant Institution - Updated Further Study Results - Approved Individual Development Plan (IDP) which includes the Further Study qualification - Compulsory Study School Schedule | H13: 5 | I13: =LOOKUP(H13,'[7]Priority Ratings '!$B$21:$C$27) -> Critical | J13: =H13/$H$29 -> 0.051020408 | K13: 5 - (100%) Fully compliant (NO non-standard configuration required); 4 - (80%) Compliant with non-standard configuration (tenderer to tailor existing built-in options and features); 3 - (60%) Compliant with development (tenderer to tailor application AND ensure changes are preserved in future upgrades); 2 - (40%) Compliant with customization (tenderer to code new functionality BUT changes NOT preserved in future upgrades); 1 - (20%) Partially compliant (additional coding required but tenderer has NO intent to customize or develop); 0 - (0%) Non-compliant (no functionality available) | L13: 0 | M13: 0
A14: FS 4 | B14: Meeting the Scope of Work Required | C14: Usability | D14: Describe how your solution caters to the following requirement: Open, sign and save the uploaded document from the system. If this is not possible, describe if your solution can integrate with a tool that allows signing of documentation | H14: 5 | I14: =LOOKUP(H14,'[7]Priority Ratings '!$B$21:$C$27) -> Critical | J14: =H14/$H$29 -> 0.051020408 | K14: 5 - (100%) Fully compliant (NO non-standard configuration required); 4 - (80%) Compliant with non-standard configuration (tenderer to tailor existing built-in options and features); 3 - (60%) Compliant with development (tenderer to tailor application AND ensure changes are preserved in future upgrades); 2 - (40%) Compliant with customization (tenderer to code new functionality BUT changes NOT preserved in future upgrades); 1 - (20%) Partially compliant (additional coding required but tenderer has NO intent to customize or develop); 0 - (0%) Non-compliant (no functionality available) | L14: 0 | M14: =J14*L14 -> 0
A15: FS 5 | B15: Meeting the Scope of Work Required | C15: Workflow | D15: Describe how your solution caters to the following requirement: Provide workflow Can your solution provide workflow where the FS Coordinator is notified of new documentation that has been uploaded for a specific learner and verify these documents as correct OR reject specific documents for resolution by the learner. | H15: 5 | I15: =LOOKUP(H15,'[7]Priority Ratings '!$B$21:$C$27) -> Critical | J15: =H15/$H$29 -> 0.051020408 | K15: 5 - (100%) Fully compliant (NO non-standard configuration required); 4 - (80%) Compliant with non-standard configuration (tenderer to tailor existing built-in options and features); 3 - (60%) Compliant with development (tenderer to tailor application AND ensure changes are preserved in future upgrades); 2 - (40%) Compliant with customization (tenderer to code new functionality BUT changes NOT preserved in future upgrades); 1 - (20%) Partially compliant (additional coding required but tenderer has NO intent to customize or develop); 0 - (0%) Non-compliant (no functionality available) | L15: 0 | M15: =J15*L15 -> 0
A16: FS 6 | B16: Meeting the Scope of Work Required | C16: Workflow | D16: Describe how your solution caters to the following requirement: Provide workflow Flag documents after verification by FS Coordinator has been completed as either verified or approved. | H16: 5 | I16: =LOOKUP(H16,'[7]Priority Ratings '!$B$21:$C$27) -> Critical | J16: =H16/$H$29 -> 0.051020408 | K16: 5 - (100%) Fully compliant (NO non-standard configuration required); 4 - (80%) Compliant with non-standard configuration (tenderer to tailor existing built-in options and features); 3 - (60%) Compliant with development (tenderer to tailor application AND ensure changes are preserved in future upgrades); 2 - (40%) Compliant with customization (tenderer to code new functionality BUT changes NOT preserved in future upgrades); 1 - (20%) Partially compliant (additional coding required but tenderer has NO intent to customize or develop); 0 - (0%) Non-compliant (no functionality available) | L16: 0 | M16: =J16*L16 -> 0
A17: FS 7 | B17: Meeting the Scope of Work Required | C17: Workflow | D17: Describe how your solution caters to the following requirement: Provide workflow Allow the learner to upload the document but before the document (i.e. learner statement of results) can be visible on the system it must be verified by the FS Coordinator. Once verified , the document will become visible. If results have not been verified, it should not appear on the system. | H17: 5 | I17: =LOOKUP(H17,'[7]Priority Ratings '!$B$21:$C$27) -> Critical | J17: =H17/$H$29 -> 0.051020408 | K17: 5 - (100%) Fully compliant (NO non-standard configuration required); 4 - (80%) Compliant with non-standard configuration (tenderer to tailor existing built-in options and features); 3 - (60%) Compliant with development (tenderer to tailor application AND ensure changes are preserved in future upgrades); 2 - (40%) Compliant with customization (tenderer to code new functionality BUT changes NOT preserved in future upgrades); 1 - (20%) Partially compliant (additional coding required but tenderer has NO intent to customize or develop); 0 - (0%) Non-compliant (no functionality available) | L17: 0 | M17: =J17*L17 -> 0
A18: FS 8 | B18: Meeting the Scope of Work Required | C18: Data capture | D18: Describe how your solution caters to the following requirement: Data Capture - Describe how, once learner's statement of results are provided from the institution, approved FS learners would be able to capture this onto their LMS FS Application Profile The process is as follows: 1: Learner captures the modules and the pass marks required 2: Learner capture results 3: FS Coordinator Verifies the results 4. On LMS the results must be flagged as verified or approved by the FS Coordinator on the system | H18: 6 | I18: =LOOKUP(H18,'[7]Priority Ratings '!$B$21:$C$27) -> Show stopper | J18: =H18/$H$29 -> 0.06122449 | K18: 5 - (100%) Fully compliant (NO non-standard configuration required); 4 - (80%) Compliant with non-standard configuration (tenderer to tailor existing built-in options and features); 3 - (60%) Compliant with development (tenderer to tailor application AND ensure changes are preserved in future upgrades); 2 - (40%) Compliant with customization (tenderer to code new functionality BUT changes NOT preserved in future upgrades); 1 - (20%) Partially compliant (additional coding required but tenderer has NO intent to customize or develop); 0 - (0%) Non-compliant (no functionality available) | L18: 0 | M18: =J18*L18 -> 0
A19: FS 9 | B19: Meeting the Scope of Work Required | C19: Upload documentation | D19: Describe how your solution caters to the following requirement: Upload documentation (including bulk uploads) - Allow for multiple system users (e.g Applicant, FS Coordinator and verifier) to upload FS documents on the LMS FS Application Profile? | H19: 6 | I19: =LOOKUP(H19,'[7]Priority Ratings '!$B$21:$C$27) -> Show stopper | J19: =H19/$H$29 -> 0.06122449 | K19: 5 - (100%) Fully compliant (NO non-standard configuration required); 4 - (80%) Compliant with non-standard configuration (tenderer to tailor existing built-in options and features); 3 - (60%) Compliant with development (tenderer to tailor application AND ensure changes are preserved in future upgrades); 2 - (40%) Compliant with customization (tenderer to code new functionality BUT changes NOT preserved in future upgrades); 1 - (20%) Partially compliant (additional coding required but tenderer has NO intent to customize or develop); 0 - (0%) Non-compliant (no functionality available) | L19: 0 | M19: =J19*L19 -> 0
A20: FS 10 | B20: Meeting the Scope of Work Required | C20: Upload documentation | D20: Describe how your solution caters to the following requirement: Upload documentation of various formats (eg, word, powerpoint, pdf, mp4, wav, other). Show the instances were this can be done for various stakeholders (learners, administrators, etc.) | H20: 6 | I20: =LOOKUP(H20,'[7]Priority Ratings '!$B$21:$C$27) -> Show stopper | J20: =H20/$H$29 -> 0.06122449 | K20: 5 - (100%) Fully compliant (NO non-standard configuration required); 4 - (80%) Compliant with non-standard configuration (tenderer to tailor existing built-in options and features); 3 - (60%) Compliant with development (tenderer to tailor application AND ensure changes are preserved in future upgrades); 2 - (40%) Compliant with customization (tenderer to code new functionality BUT changes NOT preserved in future upgrades); 1 - (20%) Partially compliant (additional coding required but tenderer has NO intent to customize or develop); 0 - (0%) Non-compliant (no functionality available) | L20: 0 | M20: =J20*L20 -> 0
A21: FS 11 | B21: Meeting the Scope of Work Required | C21: Communication and Collaboration | D21: Describe how your solution caters to the following requirement: Ability to automatically generate a formal letter (once FS Application has been approved) and attach it to an email then send it to specified persons (e.g. FS applicant, line manager, Further Studies coordinator). Note: The contents of letter should include e.g Name, surname, unique number, institution, FS Approved Amount | H21: 5 | I21: =LOOKUP(H21,'[7]Priority Ratings '!$B$21:$C$27) -> Critical | J21: =H21/$H$29 -> 0.051020408 | K21: 5 - (100%) Fully compliant (NO non-standard configuration required); 4 - (80%) Compliant with non-standard configuration (tenderer to tailor existing built-in options and features); 3 - (60%) Compliant with development (tenderer to tailor application AND ensure changes are preserved in future upgrades); 2 - (40%) Compliant with customization (tenderer to code new functionality BUT changes NOT preserved in future upgrades); 1 - (20%) Partially compliant (additional coding required but tenderer has NO intent to customize or develop); 0 - (0%) Non-compliant (no functionality available) | L21: 0 | M21: =J21*L21 -> 0
A22: FS 12 | B22: Meeting the Scope of Work Required | C22: Integration with Other Enterprise Systems - SAP Personnel Administration | D22: Describe how your solution caters to the following requirement: Ability to view within the LMS against the learner profile his/her qualification certificates uploaded onto the learner's profile on SAP Personnel Administration after it has been verified by HR personnel. | H22: 6 | I22: =LOOKUP(H22,'[7]Priority Ratings '!$B$21:$C$27) -> Show stopper | J22: =H22/$H$29 -> 0.06122449 | K22: 5 - (100%) Fully compliant (NO non-standard configuration required); 4 - (80%) Compliant with non-standard configuration (tenderer to tailor existing built-in options and features); 3 - (60%) Compliant with development (tenderer to tailor application AND ensure changes are preserved in future upgrades); 2 - (40%) Compliant with customization (tenderer to code new functionality BUT changes NOT preserved in future upgrades); 1 - (20%) Partially compliant (additional coding required but tenderer has NO intent to customize or develop); 0 - (0%) Non-compliant (no functionality available) | L22: 0 | M22: =J22*L22 -> 0
A23: FS 13 | B23: Meeting the Scope of Work Required | C23: Integration with Other Enterprise Systems -SAP Personnel Development | D23: Describe how your solution caters to the following requirement: LMS to connect / integrate to the Qualification catalogue (on SAP Personnel Development). | H23: 6 | I23: =LOOKUP(H23,'[7]Priority Ratings '!$B$21:$C$27) -> Show stopper | J23: =H23/$H$29 -> 0.06122449 | K23: 5 - (100%) Fully compliant (NO non-standard configuration required); 4 - (80%) Compliant with non-standard configuration (tenderer to tailor existing built-in options and features); 3 - (60%) Compliant with development (tenderer to tailor application AND ensure changes are preserved in future upgrades); 2 - (40%) Compliant with customization (tenderer to code new functionality BUT changes NOT preserved in future upgrades); 1 - (20%) Partially compliant (additional coding required but tenderer has NO intent to customize or develop); 0 - (0%) Non-compliant (no functionality available) | L23: 0 | M23: =J23*L23 -> 0
A24: FS 14 | B24: Meeting the Scope of Work Required | C24: Integration with Other Enterprise Systems - SAP Finance | D24: Describe how your solution caters to the following requirement: LMS linked to SAP finance for payment purposes. Require confirmation of payments by Eskom for further studies. Describe the above for both internal and external training. | H24: 5 | I24: =LOOKUP(H24,'[7]Priority Ratings '!$B$21:$C$27) -> Critical | J24: =H24/$H$29 -> 0.051020408 | K24: 5 - (100%) Fully compliant (NO non-standard configuration required); 4 - (80%) Compliant with non-standard configuration (tenderer to tailor existing built-in options and features); 3 - (60%) Compliant with development (tenderer to tailor application AND ensure changes are preserved in future upgrades); 2 - (40%) Compliant with customization (tenderer to code new functionality BUT changes NOT preserved in future upgrades); 1 - (20%) Partially compliant (additional coding required but tenderer has NO intent to customize or develop); 0 - (0%) Non-compliant (no functionality available) | L24: 0 | M24: =J24*L24 -> 0
A25: FS 15 | B25: Meeting the Scope of Work Required | C25: Data capture | D25: Describe how your solution caters to the following requirement: Data Capture Allow the capture of details from the approved LMS (FS Application) form and any updated Further Studies Applicant info (such as exam results). Currently this task is done by Divisional Further Studies coordinators and the Applicant. | H25: 5 | I25: =LOOKUP(H25,'[7]Priority Ratings '!$B$21:$C$27) -> Critical | J25: =H25/$H$29 -> 0.051020408 | K25: 5 - (100%) Fully compliant (NO non-standard configuration required); 4 - (80%) Compliant with non-standard configuration (tenderer to tailor existing built-in options and features); 3 - (60%) Compliant with development (tenderer to tailor application AND ensure changes are preserved in future upgrades); 2 - (40%) Compliant with customization (tenderer to code new functionality BUT changes NOT preserved in future upgrades); 1 - (20%) Partially compliant (additional coding required but tenderer has NO intent to customize or develop); 0 - (0%) Non-compliant (no functionality available) | L25: 0 | M25: =J25*L25 -> 0
... A27: FS 17 | B27: Meeting the Scope of Work Required | C27: Workflow | D27: Describe how your solution caters to the following requirement: Provide for Further Studies workflow process In your description please include the following information: Describe Further Study workflow process from application (where the employee apply for further studies) to completion (once employee has completed their qualification) | H27: 6 | I27: =LOOKUP(H27,'[7]Priority Ratings '!$B$21:$C$27) -> Show stopper | J27: =H27/$H$29 -> 0.06122449 | K27: 5 - (100%) Fully compliant (NO non-standard configuration required); 4 - (80%) Compliant with non-standard configuration (tenderer to tailor existing built-in options and features); 3 - (60%) Compliant with development (tenderer to tailor application AND ensure changes are preserved in future upgrades); 2 - (40%) Compliant with customization (tenderer to code new functionality BUT changes NOT preserved in future upgrades); 1 - (20%) Partially compliant (additional coding required but tenderer has NO intent to customize or develop); 0 - (0%) Non-compliant (no functionality available) | L27: 0 | M27: =J27*L27 -> 0
A28: FS 18 | B28: Meeting the Scope of Work Required | C28: Usability | D28: Describe how your solution caters to the following requirement: Book a learning activity for Further Studies (i.e. the associated modules/courses that form part of the qualification). | E28: 3 - (60%) Compliant with development | H28: 6 | I28: =LOOKUP(H28,'[7]Priority Ratings '!$B$21:$C$27) -> Show stopper | J28: =H28/$H$29 -> 0.06122449 | K28: 5 - (100%) Fully compliant (NO non-standard configuration required); 4 - (80%) Compliant with non-standard configuration (tenderer to tailor existing built-in options and features); 3 - (60%) Compliant with development (tenderer to tailor application AND ensure changes are preserved in future upgrades); 2 - (40%) Compliant with customization (tenderer to code new functionality BUT changes NOT preserved in future upgrades); 1 - (20%) Partially compliant (additional coding required but tenderer has NO intent to customize or develop); 0 - (0%) Non-compliant (no functionality available) | L28: 0 | M28: =J28*L28 -> 0
H29: =SUM(H11:H28) -> 98 | J29: =SUM(J11:J28) -> 1 | L29: TOTAL SCORE | M29: =SUM(M11:M28) -> 0
D33: Confirm during SD&L session (NIPP)

Sheet Reports
E1: Full Description of the Selection Options for "Tenderer Compliance" Selections & "Eskom Evaluator" Scoring selections, please see Column K
B2: Evaluation Area: | C2: Reports
B3: Project Name: | C3: ='Evaluation Summary'!B2 -> Replacement of Learning Management System (LMS)
B4: ='Evaluation Summary'!A3 -> CORP xxxx Tender: | C4: ='Evaluation Summary'!B3 -> Eskom Project Manager to Capture
B5: Tenderer: | C5: ='Evaluation Summary'!B4 -> Tenderer to Capture
B6: Evaluated by: | C6: ='Evaluation Summary'!B5 -> Eskom Evaluator to Capture
H9: Priority and Weight
A10: ID | B10: Type | C10: Functionality Area | D10: Requirement | E10: Tenderer Compliance Tenderer to select compliance to requirement from the drop-down list provided | F10: Tenderer Evidence Tenderer to indicate location of evidence e.g. document, section, page, paragraph, etc. | G10: Tenderer Comments Tenderer to indicate any applicable comments based on Compliance | H10: Priority Rating | I10: Priority description | J10: Weighted Question | K10: Eskom Evaluator Scoring | L10: Answer Evaluator to select scoring to requirement from the drop-down list provided | M10: Weighted Answer | N10: Eskom Evaluator Comments
A11: REP 1 | B11: Meeting the Scope of Work Required | C11: Reporting | D11: Describe how the LMS provides for the following mandatory report: LMS Training Report (i.e. Tabular view of employee training over a user-selected time period. This data is used for EXCO reporting to track training of employees, identify training gaps and needs within the organisation.) The following are mandatory criteria: All columns listed in the report in the business requirements specification referenced as part of the scope of work are mandatory and necessary. The solution should cater for any future reporting requirements and/or additional columns or fields. | H11: 6 | I11: =LOOKUP(H11,'[7]Priority Ratings '!$B$21:$C$27) -> Show stopper | J11: =H11/$H$30 -> 0.063829787 | K11: 5 - (100%) Fully compliant (functionality AND mandatory criteria are met - no non-standard configuration required); 4 - (80%) Compliant with configuration (functionality available but mandatory criteria requires the tenderer to tailor existing built-in options and features); 3 - (60%) Compliant with development (functionality available but mandatory criteria requires the tenderer to tailor application AND ensure changes are preserved in future upgrades); 2 - (40%) Compliant with customization (functionality available but mandatory criteria requires the tenderer to code new functionality AND the changes are NOT preserved in future upgrades); 1 - (20%) Partially compliant (functionality available but mandatory criteria requires additional coding AND tenderer has NO intent to customize or develop it); 0 - (0%) Non-compliant (no functionality AND NO mandatory criteria are met) | L11: 0 | M11: =J11*L11 -> 0
A12: REP 2 | B12: Meeting the Scope of Work Required | C12: Reporting | D12: Describe how the LMS provides for the following mandatory report: Course Information (Tabular view of course data which is used for course monitoring by Training Admin and Training Managers) The following are mandatory criteria: All columns listed in the report in the business requirements specification referenced as part of the scope of work are mandatory and necessary. The solution should cater for any future reporting requirements and/or additional columns or fields. | H12: 6 | I12: =LOOKUP(H12,'[7]Priority Ratings '!$B$21:$C$27) -> Show stopper | J12: =H12/$H$30 -> 0.063829787 | K12: 5 - (100%) Fully compliant (functionality AND mandatory criteria are met - no non-standard configuration required); 4 - (80%) Compliant with configuration (functionality available but mandatory criteria requires the tenderer to tailor existing built-in options and features); 3 - (60%) Compliant with development (functionality available but mandatory criteria requires the tenderer to tailor application AND ensure changes are preserved in future upgrades); 2 - (40%) Compliant with customization (functionality available but mandatory criteria requires the tenderer to code new functionality AND the changes are NOT preserved in future upgrades); 1 - (20%) Partially compliant (functionality available but mandatory criteria requires additional coding AND tenderer has NO intent to customize or develop it); 0 - (0%) Non-compliant (no functionality AND NO mandatory criteria are met) | L12: 0 | M12: =J12*L12 -> 0
A13: REP 3 | B13: Meeting the Scope of Work Required | C13: Reporting | D13: Describe how the LMS provides for the following mandatory report: Employee/ Learner training History (Tabular view of training data per employee. It is used as evidence on employees training records) The following are mandatory criteria: All columns listed in the report in the business requirements specification referenced as part of the scope of work are mandatory and necessary. The solution should cater for any future reporting requirements and/or additional columns or fields. | H13: 6 | I13: =LOOKUP(H13,'[7]Priority Ratings '!$B$21:$C$27) -> Show stopper | J13: =H13/$H$30 -> 0.063829787 | K13: 5 - (100%) Fully compliant (functionality AND mandatory criteria are met - no non-standard configuration required); 4 - (80%) Compliant with configuration (functionality available but mandatory criteria requires the tenderer to tailor existing built-in options and features); 3 - (60%) Compliant with development (functionality available but mandatory criteria requires the tenderer to tailor application AND ensure changes are preserved in future upgrades); 2 - (40%) Compliant with customization (functionality available but mandatory criteria requires the tenderer to code new functionality AND the changes are NOT preserved in future upgrades); 1 - (20%) Partially compliant (functionality available but mandatory criteria requires additional coding AND tenderer has NO intent to customize or develop it); 0 - (0%) Non-compliant (no functionality AND NO mandatory criteria are met) | L13: 0 | M13: =J13*L13 -> 0
A14: REP 4 | B14: Meeting the Scope of Work Required | C14: Reporting | D14: Describe how the LMS provides for the following mandatory report: Employee/ Learner training History (Tabular view of facilitator data. It is used as records to track the number of courses an employee has facilitated) The following are mandatory criteria: All columns listed in the report in the business requirements specification referenced as part of the scope of work are mandatory and necessary. The solution should cater for any future reporting requirements and/or additional columns or fields. | H14: 6 | I14: =LOOKUP(H14,'[7]Priority Ratings '!$B$21:$C$27) -> Show stopper | J14: =H14/$H$30 -> 0.063829787 | K14: 5 - (100%) Fully compliant (functionality AND mandatory criteria are met - no non-standard configuration required); 4 - (80%) Compliant with configuration (functionality available but mandatory criteria requires the tenderer to tailor existing built-in options and features); 3 - (60%) Compliant with development (functionality available but mandatory criteria requires the tenderer to tailor application AND ensure changes are preserved in future upgrades); 2 - (40%) Compliant with customization (functionality available but mandatory criteria requires the tenderer to code new functionality AND the changes are NOT preserved in future upgrades); 1 - (20%) Partially compliant (functionality available but mandatory criteria requires additional coding AND tenderer has NO intent to customize or develop it); 0 - (0%) Non-compliant (no functionality AND NO mandatory criteria are met) | L14: 0 | M14: =J14*L14 -> 0
A15: REP 5 | B15: Meeting the Scope of Work Required | C15: Reporting | D15: Describe how the LMS provide a Course Evaluation Report (Tabular view of course evaluation data. It is used to analyse learner feedback after they have completed or attended training. Summarizes student feedback, course ratings, and instructor performance metrics) The following are mandatory criteria: All columns listed in the report in the business requirements specification referenced as part of the scope of work are mandatory and necessary. The solution should cater for any future reporting requirements and/or additional columns or fields. | H15: 6 | I15: =LOOKUP(H15,'[7]Priority Ratings '!$B$21:$C$27) -> Show stopper | J15: =H15/$H$30 -> 0.063829787 | K15: 5 - (100%) Fully compliant (functionality AND mandatory criteria are met - no non-standard configuration required); 4 - (80%) Compliant with configuration (functionality available but mandatory criteria requires the tenderer to tailor existing built-in options and features); 3 - (60%) Compliant with development (functionality available but mandatory criteria requires the tenderer to tailor application AND ensure changes are preserved in future upgrades); 2 - (40%) Compliant with customization (functionality available but mandatory criteria requires the tenderer to code new functionality AND the changes are NOT preserved in future upgrades); 1 - (20%) Partially compliant (functionality available but mandatory criteria requires additional coding AND tenderer has NO intent to customize or develop it); 0 - (0%) Non-compliant (no functionality AND NO mandatory criteria are met) | L15: 0 | M15: =J15*L15 -> 0
A16: REP 6 | B16: Meeting the Scope of Work Required | C16: Reporting | D16: Describe how the LMS provides for the following mandatory report: Existing Objects (Tabular view of existing course data. It is used to analyse existing Courses available in the LMS (Active courses or Inactive courses)) The following are mandatory criteria: All columns listed in the report in the business requirements specification referenced as part of the scope of work are mandatory and necessary. The solution should cater for any future reporting requirements and/or additional columns or fields. | H16: 6 | I16: =LOOKUP(H16,'[7]Priority Ratings '!$B$21:$C$27) -> Show stopper | J16: =H16/$H$30 -> 0.063829787 | K16: 5 - (100%) Fully compliant (functionality AND mandatory criteria are met - no non-standard configuration required); 4 - (80%) Compliant with configuration (functionality available but mandatory criteria requires the tenderer to tailor existing built-in options and features); 3 - (60%) Compliant with development (functionality available but mandatory criteria requires the tenderer to tailor application AND ensure changes are preserved in future upgrades); 2 - (40%) Compliant with customization (functionality available but mandatory criteria requires the tenderer to code new functionality AND the changes are NOT preserved in future upgrades); 1 - (20%) Partially compliant (functionality available but mandatory criteria requires additional coding AND tenderer has NO intent to customize or develop it); 0 - (0%) Non-compliant (no functionality AND NO mandatory criteria are met) | L16: 0 | M16: =J16*L16 -> 0
A17: REP 7 | B17: Meeting the Scope of Work Required | C17: Reporting | D17: Describe how the LMS provides for the following mandatory report: SCORM/eLearning reports (SCORM data which is used to analyse Learners / employees online assessment results / scores) The following are mandatory criteria: All columns listed in the report in the business requirements specification referenced as part of the scope of work are mandatory and necessary. The solution should cater for any future reporting requirements and/or additional columns or fields. | H17: 6 | I17: =LOOKUP(H17,'[7]Priority Ratings '!$B$21:$C$27) -> Show stopper | J17: =H17/$H$30 -> 0.063829787 | K17: 5 - (100%) Fully compliant (functionality AND mandatory criteria are met - no non-standard configuration required); 4 - (80%) Compliant with configuration (functionality available but mandatory criteria requires the tenderer to tailor existing built-in options and features); 3 - (60%) Compliant with development (functionality available but mandatory criteria requires the tenderer to tailor application AND ensure changes are preserved in future upgrades); 2 - (40%) Compliant with customization (functionality available but mandatory criteria requires the tenderer to code new functionality AND the changes are NOT preserved in future upgrades); 1 - (20%) Partially compliant (functionality available but mandatory criteria requires additional coding AND tenderer has NO intent to customize or develop it); 0 - (0%) Non-compliant (no functionality AND NO mandatory criteria are met) | L17: 0 | M17: =J17*L17 -> 0
A18: REP 8 | B18: Meeting the Scope of Work Required | C18: Reporting | D18: Describe how the LMS provides for the following mandatory report: Bulk booking Job Overview (Tabular view of bulk bookings data. It is used to analyse booking statuses after Mass upload / Mass booking of Learners on a course and perform error checking) The following are mandatory criteria: All columns listed in the report in the business requirements specification referenced as part of the scope of work are mandatory and necessary. The solution should cater for any future reporting requirements and/or additional columns or fields. | H18: 6 | I18: =LOOKUP(H18,'[7]Priority Ratings '!$B$21:$C$27) -> Show stopper | J18: =H18/$H$30 -> 0.063829787 | K18: 5 - (100%) Fully compliant (functionality AND mandatory criteria are met - no non-standard configuration required); 4 - (80%) Compliant with configuration (functionality available but mandatory criteria requires the tenderer to tailor existing built-in options and features); 3 - (60%) Compliant with development (functionality available but mandatory criteria requires the tenderer to tailor application AND ensure changes are preserved in future upgrades); 2 - (40%) Compliant with customization (functionality available but mandatory criteria requires the tenderer to code new functionality AND the changes are NOT preserved in future upgrades); 1 - (20%) Partially compliant (functionality available but mandatory criteria requires additional coding AND tenderer has NO intent to customize or develop it); 0 - (0%) Non-compliant (no functionality AND NO mandatory criteria are met) | L18: 0 | M18: =J18*L18 -> 0
A19: REP 9 | B19: Meeting the Scope of Work Required | C19: Reporting | D19: Describe how the LMS provides for the following mandatory report: Course Prices (Tabular view of pricing data on courses. It is used to analyse course pricing of all courses registered in the LMS) The following are mandatory criteria: All columns listed in the report in the business requirements specification referenced as part of the scope of work are mandatory and necessary. The solution should cater for any future reporting requirements and/or additional columns or fields. | H19: 6 | I19: =LOOKUP(H19,'[7]Priority Ratings '!$B$21:$C$27) -> Show stopper | J19: =H19/$H$30 -> 0.063829787 | K19: 5 - (100%) Fully compliant (functionality AND mandatory criteria are met - no non-standard configuration required); 4 - (80%) Compliant with configuration (functionality available but mandatory criteria requires the tenderer to tailor existing built-in options and features); 3 - (60%) Compliant with development (functionality available but mandatory criteria requires the tenderer to tailor application AND ensure changes are preserved in future upgrades); 2 - (40%) Compliant with customization (functionality available but mandatory criteria requires the tenderer to code new functionality AND the changes are NOT preserved in future upgrades); 1 - (20%) Partially compliant (functionality available but mandatory criteria requires additional coding AND tenderer has NO intent to customize or develop it); 0 - (0%) Non-compliant (no functionality AND NO mandatory criteria are met) | L19: 0 | M19: =J19*L19 -> 0
A20: REP 10 | B20: Meeting the Scope of Work Required | C20: Reporting | D20: Describe how the LMS provides for the following mandatory report: Technical Training Data Report (Tabular view of all the documents/data (learning material) stored on learning repository reflecting the different categories, learning programmes, version history, etc. ) The following are mandatory criteria: All columns listed in the report in the business requirements specification referenced as part of the scope of work are mandatory and necessary. The solution should cater for any future reporting requirements and/or additional columns or fields. | H20: 6 | I20: =LOOKUP(H20,'[7]Priority Ratings '!$B$21:$C$27) -> Show stopper | J20: =H20/$H$30 -> 0.063829787 | K20: 5 - (100%) Fully compliant (functionality AND mandatory criteria are met - no non-standard configuration required); 4 - (80%) Compliant with configuration (functionality available but mandatory criteria requires the tenderer to tailor existing built-in options and features); 3 - (60%) Compliant with development (functionality available but mandatory criteria requires the tenderer to tailor application AND ensure changes are preserved in future upgrades); 2 - (40%) Compliant with customization (functionality available but mandatory criteria requires the tenderer to code new functionality AND the changes are NOT preserved in future upgrades); 1 - (20%) Partially compliant (functionality available but mandatory criteria requires additional coding AND tenderer has NO intent to customize or develop it); 0 - (0%) Non-compliant (no functionality AND NO mandatory criteria are met) | L20: 0 | M20: =J20*L20 -> 0
A21: REP 11 | B21: Meeting the Scope of Work Required | C21: Reporting | D21: Describe how the LMS provides for the following mandatory report: Technical Training User Activity Report (Audit trail) Describe how your solution can illustrate a tabular view of the Audit trail with a data filter options on the various columns / fields. Examples include: Total number of times specific course/learning material (i.e. LG , FG, video, etc) and/or learning programmes have been viewed and downloaded (the learning repository). This includes visits from business defined organisational clusters (i.e. divisions, sections, etc), learners (default user role), facilitators, multiple visits from the same user and visits to individual pages (specific learning material and learning programmes) from the same user. The following are mandatory criteria: All columns listed in the report in the business requirements specification referenced as part of the scope of work are mandatory and necessary. The solution should cater for any future reporting requirements and/or additional columns or fields. | H21: 6 | I21: =LOOKUP(H21,'[7]Priority Ratings '!$B$21:$C$27) -> Show stopper | J21: =H21/$H$30 -> 0.063829787 | K21: 5 - (100%) Fully compliant (functionality AND mandatory criteria are met - no non-standard configuration required); 4 - (80%) Compliant with configuration (functionality available but mandatory criteria requires the tenderer to tailor existing built-in options and features); 3 - (60%) Compliant with development (functionality available but mandatory criteria requires the tenderer to tailor application AND ensure changes are preserved in future upgrades); 2 - (40%) Compliant with customization (functionality available but mandatory criteria requires the tenderer to code new functionality AND the changes are NOT preserved in future upgrades); 1 - (20%) Partially compliant (functionality available but mandatory criteria requires additional coding AND tenderer has NO intent to customize or develop it); 0 - (0%) Non-compliant (no functionality AND NO mandatory criteria are met) | L21: 0 | M21: =J21*L21 -> 0
A22: REP 12 | B22: Meeting the Scope of Work Required | C22: Reporting | D22: Describe how the LMS provides for the following mandatory report: Technical Training User Activity Report (Audit trail) Describe how your solution can provide a visual representation (graphs) of the Audit trail with a data filter options on the various columns / fields. Examples include: Total visits ranging from business defined organisational clusters (i.e. divisions, sections, etc) to specific users and specific content (viewed and downloaded). The displayed time frame is user defined (e.g. daily, weekly, monthly, quarterly, annually, etc.) The following are mandatory criteria: All columns listed in the report in the business requirements specification referenced as part of the scope of work are mandatory and necessary. The solution should cater for any future reporting requirements and/or additional columns or fields. | H22: 6 | I22: =LOOKUP(H22,'[7]Priority Ratings '!$B$21:$C$27) -> Show stopper | J22: =H22/$H$30 -> 0.063829787 | K22: 5 - (100%) Fully compliant (functionality AND mandatory criteria are met - no non-standard configuration required); 4 - (80%) Compliant with configuration (functionality available but mandatory criteria requires the tenderer to tailor existing built-in options and features); 3 - (60%) Compliant with development (functionality available but mandatory criteria requires the tenderer to tailor application AND ensure changes are preserved in future upgrades); 2 - (40%) Compliant with customization (functionality available but mandatory criteria requires the tenderer to code new functionality AND the changes are NOT preserved in future upgrades); 1 - (20%) Partially compliant (functionality available but mandatory criteria requires additional coding AND tenderer has NO intent to customize or develop it); 0 - (0%) Non-compliant (no functionality AND NO mandatory criteria are met) | L22: 0 | M22: =J22*L22 -> 0
... A29: REP 19 | B29: Meeting the Scope of Work Required | C29: Reporting | D29: Planned number of Employees who will be attending the training | H29: 6 | I29: =LOOKUP(H29,'[7]Priority Ratings '!$B$21:$C$27) -> Show stopper | J29: =H29/$H$30 -> 0.063829787 | K29: 5 - (100%) Fully compliant (functionality AND mandatory criteria are met - no non-standard configuration required); 4 - (80%) Compliant with configuration (functionality available but mandatory criteria requires the tenderer to tailor existing built-in options and features); 3 - (60%) Compliant with development (functionality available but mandatory criteria requires the tenderer to tailor application AND ensure changes are preserved in future upgrades); 2 - (40%) Compliant with customization (functionality available but mandatory criteria requires the tenderer to code new functionality AND the changes are NOT preserved in future upgrades); 1 - (20%) Partially compliant (functionality available but mandatory criteria requires additional coding AND tenderer has NO intent to customize or develop it); 0 - (0%) Non-compliant (no functionality AND NO mandatory criteria are met) | L29: 0 | M29: =J29*L29 -> 0
H30: =SUM(H11:H29) -> 94 | J30: =SUM(J11:J29) -> 1 | L30: TOTAL SCORE | M30: =SUM(M11:M29) -> 0
D34: Confirm during SD&L session (NIPP)

Sheet Supplier Implementation Evaluat
B2: Evaluation Area: | C2: Non-Functional Requirements
B3: Project Name: | C3: ='Evaluation Summary'!B2 -> Replacement of Learning Management System (LMS)
B4: ='Evaluation Summary'!A3 -> CORP xxxx Tender: | C4: ='Evaluation Summary'!B3 -> Eskom Project Manager to Capture
B5: Tenderer: | C5: ='Evaluation Summary'!B4 -> Tenderer to Capture
B6: Evaluated by: | C6: ='Evaluation Summary'!B5 -> Eskom Evaluator to Capture
I9: Priority and Weight
A10: ID | B10: Type | C10: Criterion | D10: Functional Requirement | E10: Requirement Description | F10: Tenderer Compliance Tenderer to select compliance to requirement from the drop-down list provided | G10: Tenderer Evidence Tenderer to indicate location of evidence e.g. document, section, page, paragraph, etc. | H10: Tenderer Comments Tenderer to indicate any applicable comments based on Compliance | I10: Priority Rating | J10: Priority description | K10: Weighted Question | L10: Eskom Evaluator Scoring | M10: Answer Evaluator to select scoring to requirement from the drop-down list provided | N10: Weighted Answer | O10: Eskom Evaluator Comments
A11: 1 | B11: Meeting the Scope of Work Required | C11: Data Migration from the existing solution into the new solution | D11: Data Migration | E11: Provide data migration approach and design, and confirm, co-ordinate and manage all required data migration activities with all the required parties. This would include the provision of data migration reconciliation reports and sign-off of data migrated before go-live. | I11: =IF(J11='[8]Priority Ratings'!$C$21,'[8]Priority Ratings'!$B$21,IF(J11='[8]Priority Ratings'!$C$22,'[8]Priority Ratings'!$B$22,IF(J11='[8]Priority Ratings'!$C$23,'[8]Priority Ratings'!$B$23,IF(J11='[8]Priority Ratings'!$C$24,'[8]Priority Ratings'!$B$24,IF(J11='[8]Priority Ratings'!$C$25,'[8]Priority Ratings'!$B$25,IF(J11='[8]Priority Ratings'!$C$26,'[8]Priority Ratings'!$B$26,IF(J11='[8]Priority Ratings'!$C$27,'[8]Priority Ratings'!$B$27,"No Rating"))))))) -> 4 | J11: Very important | K11: =I11/$I$25 -> 0.0625 | L11: (100%) Fully comply with requirement (50%) Partially compliant (0%) No compliance | M11: 0 | N11: =K11*M11 -> 0
A12: 2 | B12: Meeting the Scope of Work Required | C12: Supplier Evaluation | D12: Supplier Evaluation | E12: Provide details of where you have successfully implemented the recommended LMS solution in the past 5 years. It is mandatory to provide reference letters for each company listed In your description, provide the following: 1. Company name 2. Industry 3. Company size 4. Number of users 5. Implementation scope 6. Implementation duration | I12: 6 | J12: Showstopper | K12: =I12/$I$25 -> 0.09375 | L12: (100%) Fully comply with requirement: 3 companies or more with reference letters for each one (50%) Partially compliant: 1 - 2 companies with reference letters for each one (0%) No compliance: 0 companies | M12: 0 | N12: =K12*M12 -> 0
A13: 3 | B13: Meeting the Scope of Work Required | C13: Supplier Capability Evaluation | D13: Supplier Evaluation | E13: Provide supporting information for the implementation(s) stated above. The details must be clearly provided for: - Your responsibility within the Project (e.g. full implementation partner, integration partner, testing partner, etc.) - All deliverables during project implementation (e.g. solution implementation, integration, project management, change management, etc.) | I13: 6 | J13: Showstopper | K13: =I13/$I$25 -> 0.09375 | L13: (100%) Fully comply with requirement: Responsibility within Project as a full implementation partner and all implementation deliverables provided (50%) Partially compliant: Responsibility within Project as a partial implementation partner and some implementation deliverables provided (0%) No compliance: No responsibility, no deliverables | M13: 0 | N13: =K13*M13 -> 0
A14: 4 | B14: Meeting the Scope of Work Required | C14: Supplier Capability Evaluation | D14: Supplier Evaluation | E14: Provide details of your experience in Specialist Support and Maintenance of the proposed solution in the past 1-3 years - Your responsibility during carrying out support and Maintenance of the solution | I14: 6 | J14: Showstopper | K14: =I14/$I$25 -> 0.09375 | L14: 100%: Has recent expert experience over the past 1 to 3 years and provided all required detail 75%: Has expert experience more than 3 to 6 years ago and provided all required detail 50%:Has recent expert experience over the past 1 to 3 years with no specific detail 0%: Has no Experience for the proposed middleware platform | M14: 0 | N14: =K14*M14 -> 0
A15: 5 | B15: Meeting the Scope of Work Required | C15: Human Change & Communication Management | D15: Human Change & Communication Management | E15: Provide a description of your Change & Communication Management that would be required in order to successfully take-up and utilise the Solution. The Eskom Business End Users of the system must be properly communicated with and all necessary aspects of Human Change Management as it pertains to the new system must take place. Confirm that you will provide at least for the following Change Management during all stages of the Project: - Compile a change management plan. - Stakeholder identification and communication. - Preparation for change. - Awareness - Change implementation. | I15: =IF(J15='[8]Priority Ratings'!$C$21,'[8]Priority Ratings'!$B$21,IF(J15='[8]Priority Ratings'!$C$22,'[8]Priority Ratings'!$B$22,IF(J15='[8]Priority Ratings'!$C$23,'[8]Priority Ratings'!$B$23,IF(J15='[8]Priority Ratings'!$C$24,'[8]Priority Ratings'!$B$24,IF(J15='[8]Priority Ratings'!$C$25,'[8]Priority Ratings'!$B$25,IF(J15='[8]Priority Ratings'!$C$26,'[8]Priority Ratings'!$B$26,IF(J15='[8]Priority Ratings'!$C$27,'[8]Priority Ratings'!$B$27,"No Rating"))))))) -> 4 | J15: Very important | K15: =I15/$I$25 -> 0.0625 | L15: (100%) Fully comply with requirement (50%) Partially compliant (0%) No compliance | M15: 0 | N15: =K15*M15 -> 0
A16: 6 | B16: Meeting the Scope of Work Required | C16: End User Training Requirements | D16: Training | E16: Training to be documented and performed in English. Training to be conducted in South African time. End User Training at all levels as required to be provided. Administrator Training at all levels as required to be provided. Classroom-based and/or web-based (Online) training is required. Co-ordinate and manage all aspects of training including role design, user mapping and training delivery. All trainers from service provider should be certified trainers. Eskom could request certified copies of the certificates as and when required. Train-the Trainers Site super user training | I16: 6 | J16: Very important | K16: =I16/$I$25 -> 0.09375 | L16: (100%) Fully comply with requirement (50%) Partially compliant (0%) No compliance | M16: 0 | N16: =K16*M16 -> 0
A17: 7 | B17: Meeting the Scope of Work Required | C17: Eskom Support Staff Training | D17: Training | E17: Support Staff Training. Knowledge transfer of assigned Eskom staff through all stages of the project lifecycle and using a defined skills transfer program. All trainers should be certified trainers. Eskom could request certified copies of the certificates as and when required. | I17: 6 | J17: Important | K17: =I17/$I$25 -> 0.09375 | L17: (100%) Fully comply with requirement (50%) Partially compliant (0%) No compliance | M17: 0 | N17: =K17*M17 -> 0
A18: 8 | B18: Meeting the Scope of Work Required | C18: Productionalise the Solution for Eskom | D18: Implementation / Productionalisation | E18: Provide a detailed Plan of all the Implementation / Productionalisation activities and a roll back plan. | I18: =IF(J18='[8]Priority Ratings'!$C$21,'[8]Priority Ratings'!$B$21,IF(J18='[8]Priority Ratings'!$C$22,'[8]Priority Ratings'!$B$22,IF(J18='[8]Priority Ratings'!$C$23,'[8]Priority Ratings'!$B$23,IF(J18='[8]Priority Ratings'!$C$24,'[8]Priority Ratings'!$B$24,IF(J18='[8]Priority Ratings'!$C$25,'[8]Priority Ratings'!$B$25,IF(J18='[8]Priority Ratings'!$C$26,'[8]Priority Ratings'!$B$26,IF(J18='[8]Priority Ratings'!$C$27,'[8]Priority Ratings'!$B$27,"No Rating"))))))) -> 4 | J18: Very important | K18: =I18/$I$25 -> 0.0625 | L18: (100%) Fully comply with requirement (50%) Partially compliant (0%) No compliance | M18: 0 | N18: =K18*M18 -> 0
A19: 9 | B19: Meeting the Scope of Work Required | C19: Productionalise the Solution for Eskom | D19: Implementation / Productionalisation | E19: Confirm how you will be able to prepare and quality assure the following: 1) Pre-Transfer Design which includes all necessary Test Results of the solution and provide the required expertise to present it to the Eskom Governance Committee/s. All designs must be approved at the relevant Eskom Architecture Design Governance committee before it can be productionalised. 2) Required documents, according to Eskom's Project Governance, and obtain approval for the go-live. | I19: =IF(J19='[8]Priority Ratings'!$C$21,'[8]Priority Ratings'!$B$21,IF(J19='[8]Priority Ratings'!$C$22,'[8]Priority Ratings'!$B$22,IF(J19='[8]Priority Ratings'!$C$23,'[8]Priority Ratings'!$B$23,IF(J19='[8]Priority Ratings'!$C$24,'[8]Priority Ratings'!$B$24,IF(J19='[8]Priority Ratings'!$C$25,'[8]Priority Ratings'!$B$25,IF(J19='[8]Priority Ratings'!$C$26,'[8]Priority Ratings'!$B$26,IF(J19='[8]Priority Ratings'!$C$27,'[8]Priority Ratings'!$B$27,"No Rating"))))))) -> 4 | J19: Very important | K19: =I19/$I$25 -> 0.0625 | L19: (100%) Fully comply with requirement (50%) Partially compliant (0%) No compliance | M19: 0 | N19: =K19*M19 -> 0
A20: 10 | B20: Meeting the Scope of Work Required | C20: Stabilisation of the Solution | D20: Stabilisation | E20: Confirm how you will be able to ensure that when the solution is implemented in production a 3 month stabilisation period is provided. (During this time the Vendor must produce the monthly reports, to submitted to Eskom, reporting on the SLA metrics achieved.) | I20: =IF(J20='[8]Priority Ratings'!$C$21,'[8]Priority Ratings'!$B$21,IF(J20='[8]Priority Ratings'!$C$22,'[8]Priority Ratings'!$B$22,IF(J20='[8]Priority Ratings'!$C$23,'[8]Priority Ratings'!$B$23,IF(J20='[8]Priority Ratings'!$C$24,'[8]Priority Ratings'!$B$24,IF(J20='[8]Priority Ratings'!$C$25,'[8]Priority Ratings'!$B$25,IF(J20='[8]Priority Ratings'!$C$26,'[8]Priority Ratings'!$B$26,IF(J20='[8]Priority Ratings'!$C$27,'[8]Priority Ratings'!$B$27,"No Rating"))))))) -> 3 | J20: Important | K20: =I20/$I$25 -> 0.046875 | L20: (100%) Fully comply with requirement (50%) Partially compliant (0%) No compliance | M20: 0 | N20: =K20*M20 -> 0
A21: 11 | B21: Meeting the Scope of Work Required | C21: Support and Maintenance | D21: Service Provision for Software Solution | E21: Please provide an explanation of circumstances in which the Solution and / or Hosting services could be suspended. Eskom will only agree to suspension on an emergency basis. In the event of Supplier having to prevent or mitigate the effects of disabling code, subject to Supplier then escalating to ESKOM and agreeing to a timeframe for restoration of services. | I21: =IF(J21='[8]Priority Ratings'!$C$21,'[8]Priority Ratings'!$B$21,IF(J21='[8]Priority Ratings'!$C$22,'[8]Priority Ratings'!$B$22,IF(J21='[8]Priority Ratings'!$C$23,'[8]Priority Ratings'!$B$23,IF(J21='[8]Priority Ratings'!$C$24,'[8]Priority Ratings'!$B$24,IF(J21='[8]Priority Ratings'!$C$25,'[8]Priority Ratings'!$B$25,IF(J21='[8]Priority Ratings'!$C$26,'[8]Priority Ratings'!$B$26,IF(J21='[8]Priority Ratings'!$C$27,'[8]Priority Ratings'!$B$27,"No Rating"))))))) -> 3 | J21: Important | K21: =I21/$I$25 -> 0.046875 | L21: (100%) Fully comply with requirement (50%) Partially compliant (0%) No compliance | M21: 0 | N21: =K21*M21 -> 0
A22: 12 | B22: Meeting the Scope of Work Required | C22: Support and Maintenance | D22: Service Provision for Software Solution | E22: Please provide an explanation of circumstances in which the solution support services could be terminated. ALSO provide an explanation of notification, or an option to subscribe to a notification service, in the event of changes made to the terms governing the service. | I22: =IF(J22='[8]Priority Ratings'!$C$21,'[8]Priority Ratings'!$B$21,IF(J22='[8]Priority Ratings'!$C$22,'[8]Priority Ratings'!$B$22,IF(J22='[8]Priority Ratings'!$C$23,'[8]Priority Ratings'!$B$23,IF(J22='[8]Priority Ratings'!$C$24,'[8]Priority Ratings'!$B$24,IF(J22='[8]Priority Ratings'!$C$25,'[8]Priority Ratings'!$B$25,IF(J22='[8]Priority Ratings'!$C$26,'[8]Priority Ratings'!$B$26,IF(J22='[8]Priority Ratings'!$C$27,'[8]Priority Ratings'!$B$27,"No Rating"))))))) -> 3 | J22: Important | K22: =I22/$I$25 -> 0.046875 | L22: (100%) Fully comply with requirement (50%) Partially compliant (0%) No compliance | M22: 0 | N22: =K22*M22 -> 0
A23: 13 | B23: Meeting the Scope of Work Required | C23: Solution Implementation | D23: Solution Implementation | E23: Confirm you will have the Technical resources available that have the experience to manage, implement, test, deploy, setup and config of the recommended LMS solution. Eskom holds the right to request the CVs of project resources to confirm technical experience at any time | I23: =IF(J23='[8]Priority Ratings'!$C$21,'[8]Priority Ratings'!$B$21,IF(J23='[8]Priority Ratings'!$C$22,'[8]Priority Ratings'!$B$22,IF(J23='[8]Priority Ratings'!$C$23,'[8]Priority Ratings'!$B$23,IF(J23='[8]Priority Ratings'!$C$24,'[8]Priority Ratings'!$B$24,IF(J23='[8]Priority Ratings'!$C$25,'[8]Priority Ratings'!$B$25,IF(J23='[8]Priority Ratings'!$C$26,'[8]Priority Ratings'!$B$26,IF(J23='[8]Priority Ratings'!$C$27,'[8]Priority Ratings'!$B$27,"No Rating"))))))) -> 5 | J23: Critical | K23: =I23/$I$25 -> 0.078125 | L23: (100%) Fully comply with requirement - all resources have technical experience (50%) Partially compliant - some resources have technical experience (0%) No compliance - no experience | M23: 0 | N23: =K23*M23 -> 0
A24: 14 | B24: Project Governance | C24: Meeting the project delivery timelines | D24: Project Management | E24: Various Eskom organisational stakeholders will be involved in the project. In order to ensure an integrated approach, project management is required. The Respondent shall provide a detailed proposal to manage and perform all project management activities in accordance with Eskom project governance and milestone timeframes. These activities shall be performed by resource/s based in South Africa for the duration of the project. | I24: =IF(J24='[8]Priority Ratings'!$C$21,'[8]Priority Ratings'!$B$21,IF(J24='[8]Priority Ratings'!$C$22,'[8]Priority Ratings'!$B$22,IF(J24='[8]Priority Ratings'!$C$23,'[8]Priority Ratings'!$B$23,IF(J24='[8]Priority Ratings'!$C$24,'[8]Priority Ratings'!$B$24,IF(J24='[8]Priority Ratings'!$C$25,'[8]Priority Ratings'!$B$25,IF(J24='[8]Priority Ratings'!$C$26,'[8]Priority Ratings'!$B$26,IF(J24='[8]Priority Ratings'!$C$27,'[8]Priority Ratings'!$B$27,"No Rating"))))))) -> 4 | J24: Very important | K24: =I24/$I$25 -> 0.0625 | L24: (100%) Fully comply with requirement (50%) Partially compliant (0%) No compliance | M24: 0 | N24: =K24*M24 -> 0
I25: =SUM(I11:I24) -> 64 | K25: =SUM(K11:K24) -> 1 | M25: TOTAL SCORE | N25: =SUM(N11:N24) -> 0
E29: Confirm during SD&L session (NIPP)

Sheet Architecture
F1: Options for Tenderer Compliance Selection & Eskom Evaluator Functionality Score
B2: Evaluation Area: | C2: Architecture | F2: 5 - Fully compliant (no architectural gaps)
B3: Project Name: | C3: ='Evaluation Summary'!B2 -> Replacement of Learning Management System (LMS) | F3: 4 - Compliant with configuration or other architectural options (tenderer to tailor existing architecture options)
B4: ='Evaluation Summary'!A3 -> CORP xxxx Tender: | C4: ='Evaluation Summary'!B3 -> Eskom Project Manager to Capture | F4: 3 - Compliant with architecture changes (tenderer to tailor new architecture AND ensure changes are preserved in future upgrades)
B5: Tenderer: | C5: ='Evaluation Summary'!B4 -> Tenderer to Capture | F5: 2 - Compliant with customization (tenderer to provide new architecture capability BUT changes NOT preserved in future upgrades)
B6: Evaluated by: | C6: ='Evaluation Summary'!B5 -> Eskom Evaluator to Capture | F6: 1 - Partially compliant (additional architecture capability required but tenderer has NO intent to customize or change)
F7: 0 - Non-compliant (no capability available and tenderer has NO intent to change it)
I9: Priority and Weight
A10: ID | B10: Type | C10: Criterion | D10: Functional Requirement | E10: Requirement Description | F10: Tenderer Compliance Tenderer to select compliance to requirement from the drop-down list provided | G10: Tenderer Evidence Tenderer to indicate location of evidence e.g. document, section, page, paragraph, etc. | H10: Tenderer Comments Tenderer to indicate any applicable comments based on Compliance | I10: Priority Rating | J10: Priority description | K10: Weighted Question | L10: Eskom Evaluator Scoring | M10: Answer Evaluator to select scoring to requirement from the drop-down list provided | N10: Weighted Answer | O10: Eskom Evaluator Comments
A11: 1 | B11: Meeting the Scope of Work Required | C11: Architecture - Solution Overview | D11: Solution Design Overview | E11: Provide an overview of your solution detailing: 1) Solution in relation to the wider 1a) Product Suite 1b) Modern Digital Learning and Development 1c) Organisational Talent, Skills and Knowledge Development and Management 1d) Employee and Individual Development 1e) Human Resource Management ecosystem (this will assist us to understand what role your solution can play in the wider Management of Development of Human Capital) 2) Solution in relation to other 3rd party software and platforms which forms part of this capability (i.e. that would be needed and included to ensure the Solution as per Tender request). | I11: =IF(J11='[8]Priority Ratings'!$C$21,'[8]Priority Ratings'!$B$21,IF(J11='[8]Priority Ratings'!$C$22,'[8]Priority Ratings'!$B$22,IF(J11='[8]Priority Ratings'!$C$23,'[8]Priority Ratings'!$B$23,IF(J11='[8]Priority Ratings'!$C$24,'[8]Priority Ratings'!$B$24,IF(J11='[8]Priority Ratings'!$C$25,'[8]Priority Ratings'!$B$25,IF(J11='[8]Priority Ratings'!$C$26,'[8]Priority Ratings'!$B$26,IF(J11='[8]Priority Ratings'!$C$27,'[8]Priority Ratings'!$B$27,"No Rating"))))))) -> 5 | J11: Critical | K11: =I11/$I$33 -> 0.055555556 | L11: 5 - (100%) Fully compliant 4 - (80%) Tailor existing architecture 3 - (60%) Tailor new architecture 2 - (40%) New non-supported architecture 1 - (20%) Partial no intent to change 0 - (0%) Non-compliant | M11: 0 | N11: 0
A12: 2 | B12: Meeting the Scope of Work Required | C12: Architecture - Solution Overview | D12: Solution Design Overview | E12: This Tender requests for all the below capabilities to be available. For each of the below Learning Capabilities, indicate whether these capabilities are catered for and how: 1) Foundational Learner Management Solution including but not limited to E-Learning and Learning Records Store, 2) Learning Experience Platform, 2) Learning Content Creation and/or interfacing to Content Creation Tools, 3) Virtual Classroom and Learning Collaboration 4) Interfacing to or embedding external Content Libraries, 5) Interfacing to or embedding Online Learning Platforms (Coursera, LinkedIn Learning, Udemy, etc), 6) Adaptive Learning and/or Adaptive Learning Platform with Learner and Learning Paths, 7) Integrated Micro-Learning and/or Micro Learning Platform, 8) Integrated Social Learning, 6) Learning with Gamification, 7) Learning with Virtual Reality, 8) Content Creation and Content Curation using Generative Artificial Intelligence (GenAI) 9) Learner Assistance, 10) Learning Marketplace If these are not part of your Solution (embedded or already integrated), describe how these can be added on / integrated to your Solution to provide such Learning Experiences. | I12: =IF(J12='[8]Priority Ratings'!$C$21,'[8]Priority Ratings'!$B$21,IF(J12='[8]Priority Ratings'!$C$22,'[8]Priority Ratings'!$B$22,IF(J12='[8]Priority Ratings'!$C$23,'[8]Priority Ratings'!$B$23,IF(J12='[8]Priority Ratings'!$C$24,'[8]Priority Ratings'!$B$24,IF(J12='[8]Priority Ratings'!$C$25,'[8]Priority Ratings'!$B$25,IF(J12='[8]Priority Ratings'!$C$26,'[8]Priority Ratings'!$B$26,IF(J12='[8]Priority Ratings'!$C$27,'[8]Priority Ratings'!$B$27,"No Rating"))))))) -> 6 | J12: Show stopper | K12: =I12/$I$33 -> 0.066666667 | L12: 5 - (100%) Fully compliant 4 - (80%) Tailor existing architecture 3 - (60%) Tailor new architecture 2 - (40%) New non-supported architecture 1 - (20%) Partial no intent to change 0 - (0%) Non-compliant | M12: 0 | N12: =K12*M12 -> 0
A13: 3 | B13: Meeting the Scope of Work Required | C13: Architecture - Solution Design | D13: Solution Design Overview | E13: Confirm how you will be able to prepare and quality assure the functional/technical specification and physical/detailed design of the solution and provide the required expertise to present it to the Eskom Governance Committee/s. All designs must be approved at the relevant Eskom Architecture Design Governance committee before it can be productionalised. | I13: =IF(J13='[8]Priority Ratings'!$C$21,'[8]Priority Ratings'!$B$21,IF(J13='[8]Priority Ratings'!$C$22,'[8]Priority Ratings'!$B$22,IF(J13='[8]Priority Ratings'!$C$23,'[8]Priority Ratings'!$B$23,IF(J13='[8]Priority Ratings'!$C$24,'[8]Priority Ratings'!$B$24,IF(J13='[8]Priority Ratings'!$C$25,'[8]Priority Ratings'!$B$25,IF(J13='[8]Priority Ratings'!$C$26,'[8]Priority Ratings'!$B$26,IF(J13='[8]Priority Ratings'!$C$27,'[8]Priority Ratings'!$B$27,"No Rating"))))))) -> 3 | J13: Important | K13: =I13/$I$33 -> 0.033333333 | L13: 5 - (100%) Fully compliant 4 - (80%) Tailor existing architecture 3 - (60%) Tailor new architecture 2 - (40%) New non-supported architecture 1 - (20%) Partial no intent to change 0 - (0%) Non-compliant | M13: 0 | N13: =K13*M13 -> 0
A14: 4 | B14: Meeting the Scope of Work Required | C14: Architecture - Solution Design | D14: Solution Design Overview | E14: Provide a diagram with descriptions for the following Architecture Components: 1) high-level standard product functions and features provided by your solution that would be made available for this Tender. Provide descriptions of each. 2) high-level standard data entities / elements needed and created by your solution. Also describe any data dependencies from other data sources in order for your Solution to work as per Tender request. 3) high-level standard interfaces / integration / APi's used and needed in order for your Solution to work as per Tender request. Provide a list of available API's and webservices with descriptions of each. | I14: =IF(J14='[8]Priority Ratings'!$C$21,'[8]Priority Ratings'!$B$21,IF(J14='[8]Priority Ratings'!$C$22,'[8]Priority Ratings'!$B$22,IF(J14='[8]Priority Ratings'!$C$23,'[8]Priority Ratings'!$B$23,IF(J14='[8]Priority Ratings'!$C$24,'[8]Priority Ratings'!$B$24,IF(J14='[8]Priority Ratings'!$C$25,'[8]Priority Ratings'!$B$25,IF(J14='[8]Priority Ratings'!$C$26,'[8]Priority Ratings'!$B$26,IF(J14='[8]Priority Ratings'!$C$27,'[8]Priority Ratings'!$B$27,"No Rating"))))))) -> 5 | J14: Critical | K14: =I14/$I$33 -> 0.055555556 | L14: 5 - (100%) Fully compliant 4 - (80%) Tailor existing architecture 3 - (60%) Tailor new architecture 2 - (40%) New non-supported architecture 1 - (20%) Partial no intent to change 0 - (0%) Non-compliant | M14: 0 | N14: =K14*M14 -> 0
A15: 5 | B15: Meeting the Scope of Work Required | C15: Architecture - Solution Design | D15: Solution Design Overview | E15: Describe your user interface/s. Provide details on any of the features that might not be available between different end-points i.e. Browser vs Mobile vs Desktop App vs Virtualisation, etc. -Indicate if it is client based and/or web-interface based and/or mobile device based, etc. -Indicate all compatible browsers if web based interface and any minimum requirements on the client side. -Indicate compatible operating systems and minimum requirements on the client and/or mobile side. | I15: =IF(J15='[8]Priority Ratings'!$C$21,'[8]Priority Ratings'!$B$21,IF(J15='[8]Priority Ratings'!$C$22,'[8]Priority Ratings'!$B$22,IF(J15='[8]Priority Ratings'!$C$23,'[8]Priority Ratings'!$B$23,IF(J15='[8]Priority Ratings'!$C$24,'[8]Priority Ratings'!$B$24,IF(J15='[8]Priority Ratings'!$C$25,'[8]Priority Ratings'!$B$25,IF(J15='[8]Priority Ratings'!$C$26,'[8]Priority Ratings'!$B$26,IF(J15='[8]Priority Ratings'!$C$27,'[8]Priority Ratings'!$B$27,"No Rating"))))))) -> 3 | J15: Important | K15: =I15/$I$33 -> 0.033333333 | L15: 5 - (100%) Fully compliant 4 - (80%) Tailor existing architecture 3 - (60%) Tailor new architecture 2 - (40%) New non-supported architecture 1 - (20%) Partial no intent to change 0 - (0%) Non-compliant | M15: 0 | N15: =K15*M15 -> 0
A16: 6 | B16: Meeting the Scope of Work Required | C16: Architecture - Solution Design | D16: Solution Design Overview | E16: Provide details regarding the software dependencies of the proposed solution, including any reliance on other software components and the need for any additional / other licenses in order for your Solution to work as per Tender request. Indicate which are included in this Tender offer and which are excluded. | I16: =IF(J16='[8]Priority Ratings'!$C$21,'[8]Priority Ratings'!$B$21,IF(J16='[8]Priority Ratings'!$C$22,'[8]Priority Ratings'!$B$22,IF(J16='[8]Priority Ratings'!$C$23,'[8]Priority Ratings'!$B$23,IF(J16='[8]Priority Ratings'!$C$24,'[8]Priority Ratings'!$B$24,IF(J16='[8]Priority Ratings'!$C$25,'[8]Priority Ratings'!$B$25,IF(J16='[8]Priority Ratings'!$C$26,'[8]Priority Ratings'!$B$26,IF(J16='[8]Priority Ratings'!$C$27,'[8]Priority Ratings'!$B$27,"No Rating"))))))) -> 5 | J16: Critical | K16: =I16/$I$33 -> 0.055555556 | L16: 5 - (100%) Fully compliant 4 - (80%) Tailor existing architecture 3 - (60%) Tailor new architecture 2 - (40%) New non-supported architecture 1 - (20%) Partial no intent to change 0 - (0%) Non-compliant | M16: 0 | N16: =K16*M16 -> 0
A17: 7 | B17: Meeting the Scope of Work Required | C17: Architecture - Solution Design | D17: Solution Design Overview | E17: Provide information around your solutions future alignment. Description should include, but do not have to be limited to the criteria below: a) Provide the roadmap for product development and support for at least the next 3-5 years. b) The functionality your solution offers to enable a smart Digital Enterprise Learning and Development Capability. c) The role that innovation and research play in your product development d) Describe/ motivate how you keep abreast of the latest technology and market trends? | I17: =IF(J17='[8]Priority Ratings'!$C$21,'[8]Priority Ratings'!$B$21,IF(J17='[8]Priority Ratings'!$C$22,'[8]Priority Ratings'!$B$22,IF(J17='[8]Priority Ratings'!$C$23,'[8]Priority Ratings'!$B$23,IF(J17='[8]Priority Ratings'!$C$24,'[8]Priority Ratings'!$B$24,IF(J17='[8]Priority Ratings'!$C$25,'[8]Priority Ratings'!$B$25,IF(J17='[8]Priority Ratings'!$C$26,'[8]Priority Ratings'!$B$26,IF(J17='[8]Priority Ratings'!$C$27,'[8]Priority Ratings'!$B$27,"No Rating"))))))) -> 3 | J17: Important | K17: =I17/$I$33 -> 0.033333333 | L17: 5 - (100%) Fully compliant 4 - (80%) Tailor existing architecture 3 - (60%) Tailor new architecture 2 - (40%) New non-supported architecture 1 - (20%) Partial no intent to change 0 - (0%) Non-compliant | M17: 0 | N17: =K17*M17 -> 0
A18: 8 | B18: Meeting the Scope of Work Required | C18: Architecture - Ux Design | D18: Solution Design Overview | E18: Describe the capabilities your solution has to enhance user experience and enable operational efficiencies e.g. configure/personalise toolbars/reports/dashboards, self-service reports, other self-service capability, modelling efficiencies, automation of repetitive tasks, etc. | I18: =IF(J18='[8]Priority Ratings'!$C$21,'[8]Priority Ratings'!$B$21,IF(J18='[8]Priority Ratings'!$C$22,'[8]Priority Ratings'!$B$22,IF(J18='[8]Priority Ratings'!$C$23,'[8]Priority Ratings'!$B$23,IF(J18='[8]Priority Ratings'!$C$24,'[8]Priority Ratings'!$B$24,IF(J18='[8]Priority Ratings'!$C$25,'[8]Priority Ratings'!$B$25,IF(J18='[8]Priority Ratings'!$C$26,'[8]Priority Ratings'!$B$26,IF(J18='[8]Priority Ratings'!$C$27,'[8]Priority Ratings'!$B$27,"No Rating"))))))) -> 4 | J18: Very important | K18: =I18/$I$33 -> 0.044444444 | L18: 5 - (100%) Fully compliant 4 - (80%) Tailor existing architecture 3 - (60%) Tailor new architecture 2 - (40%) New non-supported architecture 1 - (20%) Partial no intent to change 0 - (0%) Non-compliant | M18: 0 | N18: =K18*M18 -> 0
A19: 9 | B19: Meeting the Scope of Work Required | C19: Architecture - Modern Design | D19: Solution Design Overview | E19: Indicate whether your solution is following a composable and modular architecture approach (APi Economy, MicroService Architecture, Containerisation, etc). Provide details. If these are not catered for explain how additional functions and features, integration interfaces, upgrades, improvements, etc are achieved without disruption. | I19: =IF(J19='[8]Priority Ratings'!$C$21,'[8]Priority Ratings'!$B$21,IF(J19='[8]Priority Ratings'!$C$22,'[8]Priority Ratings'!$B$22,IF(J19='[8]Priority Ratings'!$C$23,'[8]Priority Ratings'!$B$23,IF(J19='[8]Priority Ratings'!$C$24,'[8]Priority Ratings'!$B$24,IF(J19='[8]Priority Ratings'!$C$25,'[8]Priority Ratings'!$B$25,IF(J19='[8]Priority Ratings'!$C$26,'[8]Priority Ratings'!$B$26,IF(J19='[8]Priority Ratings'!$C$27,'[8]Priority Ratings'!$B$27,"No Rating"))))))) -> 3 | J19: Important | K19: =I19/$I$33 -> 0.033333333 | L19: 5 - (100%) Fully compliant 4 - (80%) Tailor existing architecture 3 - (60%) Tailor new architecture 2 - (40%) New non-supported architecture 1 - (20%) Partial no intent to change 0 - (0%) Non-compliant | M19: 0 | N19: =K19*M19 -> 0
A20: 10 | B20: Meeting the Scope of Work Required | C20: Architecture - Modern Design | D20: Solution Design Overview | E20: Indicate where and how 4IR technologies are utilised to ensure an exceptional user experience and modern learning methods / interactions. Indicate for each of the following whether these capabilities are catered for and how: 1) Personal Assistants (like Chatbots), 2) Artificial Intelligence and GenAI, 3) Machine Learning, 4) Robotic Process Automation, 5) Predictive Analytics, 6) Gamification, 7) Virtual Reality 8) Augmented and Mixed Reality 9) 3D and 4D-Modelling and Simulation, 10) rendering Mooks / Podcasts, 11) Mobile Learning 12) E-Commerce (Learning Marketplace) If these are not part of your Solution, describe how these can be added on / integrated to your Solution to provide such Learning Experiences. | I20: =IF(J20='[8]Priority Ratings'!$C$21,'[8]Priority Ratings'!$B$21,IF(J20='[8]Priority Ratings'!$C$22,'[8]Priority Ratings'!$B$22,IF(J20='[8]Priority Ratings'!$C$23,'[8]Priority Ratings'!$B$23,IF(J20='[8]Priority Ratings'!$C$24,'[8]Priority Ratings'!$B$24,IF(J20='[8]Priority Ratings'!$C$25,'[8]Priority Ratings'!$B$25,IF(J20='[8]Priority Ratings'!$C$26,'[8]Priority Ratings'!$B$26,IF(J20='[8]Priority Ratings'!$C$27,'[8]Priority Ratings'!$B$27,"No Rating"))))))) -> 5 | J20: Critical | K20: =I20/$I$33 -> 0.055555556 | L20: 5 - (100%) Fully compliant 4 - (80%) Tailor existing architecture 3 - (60%) Tailor new architecture 2 - (40%) New non-supported architecture 1 - (20%) Partial no intent to change 0 - (0%) Non-compliant | M20: 0 | N20: =K20*M20 -> 0
A21: 11 | B21: Meeting the Scope of Work Required | C21: Architecture - Solution Hardware / Infrastructure | D21: Infrastructure Design Overview | E21: Provide the Infrastructure Design Overview. Provide a description of how the infrastructure and hardware will meet the requirements as per the SOW. The Infrastructure Service supplied must meet the growth, sizing, performance and availability and design requirements stipulated. It should allow flexibility to adjust capacity for the contract period. | I21: =IF(J21='[8]Priority Ratings'!$C$21,'[8]Priority Ratings'!$B$21,IF(J21='[8]Priority Ratings'!$C$22,'[8]Priority Ratings'!$B$22,IF(J21='[8]Priority Ratings'!$C$23,'[8]Priority Ratings'!$B$23,IF(J21='[8]Priority Ratings'!$C$24,'[8]Priority Ratings'!$B$24,IF(J21='[8]Priority Ratings'!$C$25,'[8]Priority Ratings'!$B$25,IF(J21='[8]Priority Ratings'!$C$26,'[8]Priority Ratings'!$B$26,IF(J21='[8]Priority Ratings'!$C$27,'[8]Priority Ratings'!$B$27,"No Rating"))))))) -> 4 | J21: Very important | K21: =I21/$I$33 -> 0.044444444 | L21: 5 - (100%) Fully compliant 4 - (80%) Tailor existing architecture 3 - (60%) Tailor new architecture 2 - (40%) New non-supported architecture 1 - (20%) Partial no intent to change 0 - (0%) Non-compliant | M21: 0 | N21: =K21*M21 -> 0
A22: 12 | B22: Meeting the Scope of Work Required | C22: Architecture - Solution / Infrastructure Scaling | D22: Performance Design Overview | E22: Confirm that the Software and Infrastructure and all other related Functions and Services can perform for the following usage: You would need to prove that the proposed Solution is able to handle at least the following without performance being compromised: a) Unique Registered On-Line Users: 45660 Users b) Number of On-Line Course Bookings: 214278 Bookings (45660 Unique Users) c) Number of Classroom Course Bookings done Online: 129500 Bookings (33166 Unique Users) d) Number of On-Line Courses available: 2171 Total number of Online Courses with 107 new Courses created in the past financial year e) Number of Classroom Courses/Events Scheduled: 14743 in the past financial year f) 100GB LMS Data and 200GB Learning Content/Documents/Files | I22: =IF(J22='[8]Priority Ratings'!$C$21,'[8]Priority Ratings'!$B$21,IF(J22='[8]Priority Ratings'!$C$22,'[8]Priority Ratings'!$B$22,IF(J22='[8]Priority Ratings'!$C$23,'[8]Priority Ratings'!$B$23,IF(J22='[8]Priority Ratings'!$C$24,'[8]Priority Ratings'!$B$24,IF(J22='[8]Priority Ratings'!$C$25,'[8]Priority Ratings'!$B$25,IF(J22='[8]Priority Ratings'!$C$26,'[8]Priority Ratings'!$B$26,IF(J22='[8]Priority Ratings'!$C$27,'[8]Priority Ratings'!$B$27,"No Rating"))))))) -> 6 | J22: Show stopper | K22: =I22/$I$33 -> 0.066666667 | L22: 5 - (100%) Fully compliant 4 - (80%) Tailor existing architecture 3 - (60%) Tailor new architecture 2 - (40%) New non-supported architecture 1 - (20%) Partial no intent to change 0 - (0%) Non-compliant | M22: 0 | N22: =K22*M22 -> 0
A23: 13 | B23: Meeting the Scope of Work Required | C23: Architecture - Solution Hardware / Infrastructure | D23: Multi-Cloud Hosting | E23: Please provide response on each of the following: 1) Indicate all compatible and certified cloud platforms for your solution. In addition detail if your solution is available on any of these Hyperscaler Markets/Stores. If not, are there any intentions to achieve this in future? Provide details. 2) Does your product offer application portability, allowing applications to be deployed on multiple cloud platforms with compatibility across different technologies and the use of cloud platform-agnostic models like IaaS or CaaS? Provide details. 3) Can the product facilitate data portability, enabling the hosting of data across different cloud platforms, including widely used data platforms? Provide details. | I23: =IF(J23='[8]Priority Ratings'!$C$21,'[8]Priority Ratings'!$B$21,IF(J23='[8]Priority Ratings'!$C$22,'[8]Priority Ratings'!$B$22,IF(J23='[8]Priority Ratings'!$C$23,'[8]Priority Ratings'!$B$23,IF(J23='[8]Priority Ratings'!$C$24,'[8]Priority Ratings'!$B$24,IF(J23='[8]Priority Ratings'!$C$25,'[8]Priority Ratings'!$B$25,IF(J23='[8]Priority Ratings'!$C$26,'[8]Priority Ratings'!$B$26,IF(J23='[8]Priority Ratings'!$C$27,'[8]Priority Ratings'!$B$27,"No Rating"))))))) -> 4 | J23: Very important | K23: =I23/$I$33 -> 0.044444444 | L23: 5 - (100%) Fully compliant 4 - (80%) Tailor existing architecture 3 - (60%) Tailor new architecture 2 - (40%) New non-supported architecture 1 - (20%) Partial no intent to change 0 - (0%) Non-compliant | M23: 0 | N23: =K23*M23 -> 0
... A32: 22 | B32: Meeting the Scope of Work Required | C32: Architecture - Solution Configuration and Development | D32: Configuration and Development | E32: Indicate clearly and in detail any Custom Development and / or non-Standard Custom Configuration that would be required to meet the business requirements (specific functionality and integration as per the SOW) | I32: =IF(J32='[8]Priority Ratings'!$C$21,'[8]Priority Ratings'!$B$21,IF(J32='[8]Priority Ratings'!$C$22,'[8]Priority Ratings'!$B$22,IF(J32='[8]Priority Ratings'!$C$23,'[8]Priority Ratings'!$B$23,IF(J32='[8]Priority Ratings'!$C$24,'[8]Priority Ratings'!$B$24,IF(J32='[8]Priority Ratings'!$C$25,'[8]Priority Ratings'!$B$25,IF(J32='[8]Priority Ratings'!$C$26,'[8]Priority Ratings'!$B$26,IF(J32='[8]Priority Ratings'!$C$27,'[8]Priority Ratings'!$B$27,"No Rating"))))))) -> 3 | J32: Important | K32: =I32/$I$33 -> 0.033333333 | L32: 5 - (100%) Fully compliant 4 - (80%) Tailor existing architecture 3 - (60%) Tailor new architecture 2 - (40%) New non-supported architecture 1 - (20%) Partial no intent to change 0 - (0%) Non-compliant | M32: 0 | N32: =K32*M32 -> 0
I33: =SUM(I11:I32) -> 90 | K33: =SUM(K11:K32) -> 1 | M33: TOTAL SCORE | N33: =SUM(N11:N32) -> 0
E37: Confirm during SD&L session (NIPP)

Sheet Cloud Requirements
B2: Evaluation Area: | C2: Cloud
B3: Project Name: | C3: ='Evaluation Summary'!B2 -> Replacement of Learning Management System (LMS)
B4: ='Evaluation Summary'!A3 -> CORP xxxx Tender: | C4: ='Evaluation Summary'!B3 -> Eskom Project Manager to Capture
B5: Tenderer: | C5: ='Evaluation Summary'!B4 -> Tenderer to Capture
B6: Evaluated by: | C6: ='Evaluation Summary'!B5 -> Eskom Evaluator to Capture
I9: Priority and Weight
A10: ID | B10: Type | C10: Criterion | D10: Functional Requirement | E10: Requirement Description | F10: Tenderer Compliance Tenderer to select compliance to requirement from the drop-down list provided | G10: Tenderer Evidence Tenderer to indicate location of evidence e.g. document, section, page, paragraph, etc. | H10: Tenderer Comments Tenderer to indicate any applicable comments based on Compliance | I10: Priority Rating | J10: Priority description | K10: Weighted Question | L10: Eskom Evaluator Scoring | M10: Answer Evaluator to select scoring to requirement from the drop-down list provided | N10: Weighted Answer | O10: Eskom Evaluator Comments
A11: CLO1.1 | B11: Meeting the Scope of Work Required | C11: Cloud Risk Assessment Cloud Policy 2.2.12.1 The cloud service model (i.e. IaaS, PaaS or SaaS) and deployment model (i.e. Private, Public or Hybrid cloud) shall be determined by a pre-defined set of Cloud selection criteria as per the Selection Criteria set out by Group IT. | D11: ARCHITECTURE Cloud Service Model | E11: Please specify in detail all the Cloud Service Models that are possible with your Solution (e.g. IaaS, PaaS, SaaS, Hybrid, DaaS, XaaS)? For this Solution Eskom prefers a SaaS Model on a Vendor provided Cloud Service. If not possible kindly explain why. | I11: =IF(J11='[8]Priority Ratings'!$C$21,'[8]Priority Ratings'!$B$21,IF(J11='[8]Priority Ratings'!$C$22,'[8]Priority Ratings'!$B$22,IF(J11='[8]Priority Ratings'!$C$23,'[8]Priority Ratings'!$B$23,IF(J11='[8]Priority Ratings'!$C$24,'[8]Priority Ratings'!$B$24,IF(J11='[8]Priority Ratings'!$C$25,'[8]Priority Ratings'!$B$25,IF(J11='[8]Priority Ratings'!$C$26,'[8]Priority Ratings'!$B$26,IF(J11='[8]Priority Ratings'!$C$27,'[8]Priority Ratings'!$B$27,"No Rating"))))))) -> 5 | J11: Critical | K11: =I11/$I$41 -> 0.040322581 | L11: (100%) Fully comply with requirement (50%) Partially compliant (0%) No compliance | M11: 0 | N11: =K11*M11 -> 0
A12: CLO1.2 | B12: Meeting the Scope of Work Required | C12: Cloud Risk Assessment Cloud Policy 2.2.12.1 The cloud service model (i.e. IaaS, PaaS or SaaS) and deployment model (i.e. Private, Public or Hybrid cloud) shall be determined by a pre-defined set of Cloud selection criteria as per the Selection Criteria set out by Group IT. | D12: ARCHITECTURE Cloud Service Deployment | E12: Please specify your Service Deployment Model (Private, Community, Public or Hybrid)? | I12: =IF(J12='[8]Priority Ratings'!$C$21,'[8]Priority Ratings'!$B$21,IF(J12='[8]Priority Ratings'!$C$22,'[8]Priority Ratings'!$B$22,IF(J12='[8]Priority Ratings'!$C$23,'[8]Priority Ratings'!$B$23,IF(J12='[8]Priority Ratings'!$C$24,'[8]Priority Ratings'!$B$24,IF(J12='[8]Priority Ratings'!$C$25,'[8]Priority Ratings'!$B$25,IF(J12='[8]Priority Ratings'!$C$26,'[8]Priority Ratings'!$B$26,IF(J12='[8]Priority Ratings'!$C$27,'[8]Priority Ratings'!$B$27,"No Rating"))))))) -> 5 | J12: Critical | K12: =I12/$I$41 -> 0.040322581 | L12: (100%) Fully comply with requirement (50%) Partially compliant (0%) No compliance | M12: 0 | N12: =K12*M12 -> 0
A13: CLO1.3 | B13: Meeting the Scope of Work Required | C13: Cloud Risk Assessment Cloud Policy 2.2.12.1 The cloud service model (i.e. IaaS, PaaS or SaaS) and deployment model (i.e. Private, Public or Hybrid cloud) shall be determined by a pre-defined set of Cloud selection criteria as per the Selection Criteria set out by Group IT. | D13: COSTING Contractual and Licencing Models | E13: Commercial Contractual and Licencing Model (Perpetual, Fixed Contract, Subscription or Consumptive)? | I13: =IF(J13='[8]Priority Ratings'!$C$21,'[8]Priority Ratings'!$B$21,IF(J13='[8]Priority Ratings'!$C$22,'[8]Priority Ratings'!$B$22,IF(J13='[8]Priority Ratings'!$C$23,'[8]Priority Ratings'!$B$23,IF(J13='[8]Priority Ratings'!$C$24,'[8]Priority Ratings'!$B$24,IF(J13='[8]Priority Ratings'!$C$25,'[8]Priority Ratings'!$B$25,IF(J13='[8]Priority Ratings'!$C$26,'[8]Priority Ratings'!$B$26,IF(J13='[8]Priority Ratings'!$C$27,'[8]Priority Ratings'!$B$27,"No Rating"))))))) -> 3 | J13: Important | K13: =I13/$I$41 -> 0.024193548 | L13: (100%) Fully comply with requirement (50%) Partially compliant (0%) No compliance | M13: 0 | N13: =K13*M13 -> 0
A14: CLO1.4 | B14: Meeting the Scope of Work Required | C14: Cloud Policy 2.2.2.3 Acceptable locations for the storage and/or processing of Eskom data must be identified in all contracts with CSPs by Eskom. 2.2.2.4 In the case of hosting offshore, the location where the Cloud Service is hosted must be assessed and approved for compliance with relevant laws and regulations related to Data Privacy. Any other laws that may override data privacy laws or enable the government of the country in question to access data and personal information sometimes without any prior notification, permission or court order must be assessed. | D14: LOCATION AND CROSS-BORDER DATA FLOWS: Cloud Service Location | E14: Is the service hosted outside the borders of South Africa? a) If so, Please specify the country where the service is hosted. b) Please specify the location where all systems are located and advise re ESKOM’s access rights to such location and facilities. For this SaaS Solution Eskom prefers an In-Country Service, but if not possible this could also be in the EU. | I14: =IF(J14='[8]Priority Ratings'!$C$21,'[8]Priority Ratings'!$B$21,IF(J14='[8]Priority Ratings'!$C$22,'[8]Priority Ratings'!$B$22,IF(J14='[8]Priority Ratings'!$C$23,'[8]Priority Ratings'!$B$23,IF(J14='[8]Priority Ratings'!$C$24,'[8]Priority Ratings'!$B$24,IF(J14='[8]Priority Ratings'!$C$25,'[8]Priority Ratings'!$B$25,IF(J14='[8]Priority Ratings'!$C$26,'[8]Priority Ratings'!$B$26,IF(J14='[8]Priority Ratings'!$C$27,'[8]Priority Ratings'!$B$27,"No Rating"))))))) -> 6 | J14: Show stopper | K14: =I14/$I$41 -> 0.048387097 | L14: (100%) Fully comply with requirement (50%) Partially compliant (0%) No compliance | M14: 0 | N14: =K14*M14 -> 0
A15: CLO1.5 | B15: Meeting the Scope of Work Required | C15: Cloud Data Standard C. Information that is classified as Secret and Top Secret can be processed and/or stored in a Cloud environment subject to the Baseline Security Controls for the Cloud, the minimum conditions specified for Confidential information, as well as the following minimum conditions: 1. Application processing must be done on physical or virtual servers that is exclusively for the use of Eskom, its subsidiaries and users, e.g. a SaaS instance that is not shared with a non-Eskom entity. 2. Eskom Information shall not share storage services with a non-Eskom entity. | D15: LOCATION AND CROSS-BORDER DATA FLOWS: Cloud Service Location | E15: Does your Cloud service have the option for dedicated Compute and Storage infrastructure that is not shared by any other cloud tenants? Eskom prefers to have all Data impacted by POPIA hosted on Private / Dedicated Infrastructure. | I15: =IF(J15='[8]Priority Ratings'!$C$21,'[8]Priority Ratings'!$B$21,IF(J15='[8]Priority Ratings'!$C$22,'[8]Priority Ratings'!$B$22,IF(J15='[8]Priority Ratings'!$C$23,'[8]Priority Ratings'!$B$23,IF(J15='[8]Priority Ratings'!$C$24,'[8]Priority Ratings'!$B$24,IF(J15='[8]Priority Ratings'!$C$25,'[8]Priority Ratings'!$B$25,IF(J15='[8]Priority Ratings'!$C$26,'[8]Priority Ratings'!$B$26,IF(J15='[8]Priority Ratings'!$C$27,'[8]Priority Ratings'!$B$27,"No Rating"))))))) -> 5 | J15: Critical | K15: =I15/$I$41 -> 0.040322581 | L15: (100%) Fully comply with requirement (50%) Partially compliant (0%) No compliance | M15: 0 | N15: =K15*M15 -> 0
A16: CLO1.6 | B16: Meeting the Scope of Work Required | C16: Cloud Risk Assessment Cloud Policy 2.2.12.1 The cloud service model (i.e. IaaS, PaaS or SaaS) and deployment model (i.e. Private, Public or Hybrid cloud) shall be determined by a pre-defined set of Cloud selection criteria as per the Selection Criteria set out by Group IT. | D16: DATA OWNERSHIP | E16: Please confirm that ESKOM retains ownership of the data that ESKOM stores, transmits, and/or creates with the Cloud Service. | I16: =IF(J16='[8]Priority Ratings'!$C$21,'[8]Priority Ratings'!$B$21,IF(J16='[8]Priority Ratings'!$C$22,'[8]Priority Ratings'!$B$22,IF(J16='[8]Priority Ratings'!$C$23,'[8]Priority Ratings'!$B$23,IF(J16='[8]Priority Ratings'!$C$24,'[8]Priority Ratings'!$B$24,IF(J16='[8]Priority Ratings'!$C$25,'[8]Priority Ratings'!$B$25,IF(J16='[8]Priority Ratings'!$C$26,'[8]Priority Ratings'!$B$26,IF(J16='[8]Priority Ratings'!$C$27,'[8]Priority Ratings'!$B$27,"No Rating"))))))) -> 5 | J16: Critical | K16: =I16/$I$41 -> 0.040322581 | L16: (100%) Fully comply with requirement (50%) Partially compliant (0%) No compliance | M16: 0 | N16: =K16*M16 -> 0
A17: CLO1.7 | B17: Meeting the Scope of Work Required | C17: ESKOM prohibits this unless otherwise agreed in writing with ESKOM and then under specific circumstances and separate terms being agreed. | D17: DATA OWNERSHIP | E17: a) Does the Supplier reserve any rights to use ESKOM data for the purposes of operating and improving the services? b) Does the Supplier reserve the right to use ESKOM data for the purposes of advertising? c) Does the Supplier reserve the right to use, or make ESKOM data available as anonymized open data? | I17: =IF(J17='[8]Priority Ratings'!$C$21,'[8]Priority Ratings'!$B$21,IF(J17='[8]Priority Ratings'!$C$22,'[8]Priority Ratings'!$B$22,IF(J17='[8]Priority Ratings'!$C$23,'[8]Priority Ratings'!$B$23,IF(J17='[8]Priority Ratings'!$C$24,'[8]Priority Ratings'!$B$24,IF(J17='[8]Priority Ratings'!$C$25,'[8]Priority Ratings'!$B$25,IF(J17='[8]Priority Ratings'!$C$26,'[8]Priority Ratings'!$B$26,IF(J17='[8]Priority Ratings'!$C$27,'[8]Priority Ratings'!$B$27,"No Rating"))))))) -> 6 | J17: Show stopper | K17: =I17/$I$41 -> 0.048387097 | L17: (100%) Fully comply with requirement (50%) Partially compliant (0%) No compliance | M17: 0 | N17: =K17*M17 -> 0
A18: CLO1.8 | B18: Meeting the Scope of Work Required | C18: Does the Supplier’s compliance with copyright laws and other applicable intellectual property rights restrict the type of content ESKOM can store with the cloud service? | D18: DATA OWNERSHIP | E18: a) Do the Supplier’s terms apply to metadata? b) Does ESKOM gain ownership of metadata generated by the cloud service system during procedures of upload, management, download, and migration? c) Does ESKOM have the right to access these metadata during the contractual relationship? | I18: =IF(J18='[8]Priority Ratings'!$C$21,'[8]Priority Ratings'!$B$21,IF(J18='[8]Priority Ratings'!$C$22,'[8]Priority Ratings'!$B$22,IF(J18='[8]Priority Ratings'!$C$23,'[8]Priority Ratings'!$B$23,IF(J18='[8]Priority Ratings'!$C$24,'[8]Priority Ratings'!$B$24,IF(J18='[8]Priority Ratings'!$C$25,'[8]Priority Ratings'!$B$25,IF(J18='[8]Priority Ratings'!$C$26,'[8]Priority Ratings'!$B$26,IF(J18='[8]Priority Ratings'!$C$27,'[8]Priority Ratings'!$B$27,"No Rating"))))))) -> 3 | J18: Important | K18: =I18/$I$41 -> 0.024193548 | L18: (100%) Fully comply with requirement (50%) Partially compliant (0%) No compliance | M18: 0 | N18: =K18*M18 -> 0
A19: CLO1.9 | B19: Meeting the Scope of Work Required | C19: Cloud Policy 2.2.4.5 Eskom shall ensure that it is adequately protected against CSP vendor lock-in and that all Eskom data and information be returned to Eskom as and when required. Cloud Data Standard Baseline Security Controls Data availability – Data must be replicated to an on-premise location, or the Cloud environment of a different Cloud Service Provider, to ensure continuous access thereto in the event of a disruption. | D19: AVAILABILITY, RETRIEVAL AND USE Availability | E19: Is the availability of the cloud service and related Infrastructure dependent on any 3rd party and what risks are associated with this dependency? | I19: =IF(J19='[8]Priority Ratings'!$C$21,'[8]Priority Ratings'!$B$21,IF(J19='[8]Priority Ratings'!$C$22,'[8]Priority Ratings'!$B$22,IF(J19='[8]Priority Ratings'!$C$23,'[8]Priority Ratings'!$B$23,IF(J19='[8]Priority Ratings'!$C$24,'[8]Priority Ratings'!$B$24,IF(J19='[8]Priority Ratings'!$C$25,'[8]Priority Ratings'!$B$25,IF(J19='[8]Priority Ratings'!$C$26,'[8]Priority Ratings'!$B$26,IF(J19='[8]Priority Ratings'!$C$27,'[8]Priority Ratings'!$B$27,"No Rating"))))))) -> 4 | J19: Very important | K19: =I19/$I$41 -> 0.032258065 | L19: (100%) Fully comply with requirement (50%) Partially compliant (0%) No compliance | M19: 0 | N19: =K19*M19 -> 0
A20: CLO1.10 | B20: Meeting the Scope of Work Required | C20: Cloud Policy 2.2.4.2 Eskom shall ensure that SLAs contain the high availability requirements (as per the Business Impact Assessment done by Eskom) for applications and data in the event of planned or unplanned disruptions or outages. | D20: AVAILABILITY, RETRIEVAL AND USE Availability | E20: a) Does the degree of availability of the data that is hosted by your Solution allow ESKOM to comply with access to information, data retention, audit and privacy laws as stipulated by the POPIA? b) Does the degree of availability of the data that is hosted by your Solution allow ESKOM to comply with the right of authorities to legally access ESKOM data for investigation, audit, control or judicial purposes as stipulated by the POPIA? | I20: =IF(J20='[8]Priority Ratings'!$C$21,'[8]Priority Ratings'!$B$21,IF(J20='[8]Priority Ratings'!$C$22,'[8]Priority Ratings'!$B$22,IF(J20='[8]Priority Ratings'!$C$23,'[8]Priority Ratings'!$B$23,IF(J20='[8]Priority Ratings'!$C$24,'[8]Priority Ratings'!$B$24,IF(J20='[8]Priority Ratings'!$C$25,'[8]Priority Ratings'!$B$25,IF(J20='[8]Priority Ratings'!$C$26,'[8]Priority Ratings'!$B$26,IF(J20='[8]Priority Ratings'!$C$27,'[8]Priority Ratings'!$B$27,"No Rating"))))))) -> 4 | J20: Very important | K20: =I20/$I$41 -> 0.032258065 | L20: (100%) Fully comply with requirement (50%) Partially compliant (0%) No compliance | M20: 0 | N20: =K20*M20 -> 0
A21: CLO1.11 | B21: Meeting the Scope of Work Required | C21: Could Policy 2.2.4.3 Business continuity, disaster recovery plans, backups and redundancy mechanisms must be reviewed by Eskom. | D21: DATA STORAGE AND PRESERVATION: Backup and Disaster Recovery-Data Storage | E21: a) Is backup of all data and metadata included as part of the service offering and are there tools and interfaces available for Administrators to interact with and restore this data? b) Is disaster recovery of all data and metadata included as part of the service offering and are there tools and interfaces available for Administrators to restore this data? | I21: =IF(J21='[8]Priority Ratings'!$C$21,'[8]Priority Ratings'!$B$21,IF(J21='[8]Priority Ratings'!$C$22,'[8]Priority Ratings'!$B$22,IF(J21='[8]Priority Ratings'!$C$23,'[8]Priority Ratings'!$B$23,IF(J21='[8]Priority Ratings'!$C$24,'[8]Priority Ratings'!$B$24,IF(J21='[8]Priority Ratings'!$C$25,'[8]Priority Ratings'!$B$25,IF(J21='[8]Priority Ratings'!$C$26,'[8]Priority Ratings'!$B$26,IF(J21='[8]Priority Ratings'!$C$27,'[8]Priority Ratings'!$B$27,"No Rating"))))))) -> 4 | J21: Very important | K21: =I21/$I$41 -> 0.032258065 | L21: (100%) Fully comply with requirement (50%) Partially compliant (0%) No compliance | M21: 0 | N21: =K21*M21 -> 0
A22: CLO1.12 | B22: Meeting the Scope of Work Required | C22: Could Policy 2.2.4.3 Business continuity, disaster recovery plans, backups and redundancy mechanisms must be reviewed by Eskom. | D22: DATA STORAGE AND PRESERVATION: Data Preservation- Data Retention | E22: Are the procedures, time and cost for restoring ESKOM data following a service outage clearly defined? | I22: =IF(J22='[8]Priority Ratings'!$C$21,'[8]Priority Ratings'!$B$21,IF(J22='[8]Priority Ratings'!$C$22,'[8]Priority Ratings'!$B$22,IF(J22='[8]Priority Ratings'!$C$23,'[8]Priority Ratings'!$B$23,IF(J22='[8]Priority Ratings'!$C$24,'[8]Priority Ratings'!$B$24,IF(J22='[8]Priority Ratings'!$C$25,'[8]Priority Ratings'!$B$25,IF(J22='[8]Priority Ratings'!$C$26,'[8]Priority Ratings'!$B$26,IF(J22='[8]Priority Ratings'!$C$27,'[8]Priority Ratings'!$B$27,"No Rating"))))))) -> 4 | J22: Very important | K22: =I22/$I$41 -> 0.032258065 | L22: (100%) Fully comply with requirement (50%) Partially compliant (0%) No compliance | M22: 0 | N22: =K22*M22 -> 0
... A37: CLO1.27 | B37: Meeting the Scope of Work Required | C37: Cloud Policy 2.2.2.3 Acceptable locations for the storage and/or processing of Eskom data must be identified in all contracts with CSPs by Eskom. 2.2.2.4 In the case of hosting offshore, the location where the Cloud Service is hosted must be assessed and approved for compliance with relevant laws and regulations related to Data Privacy. Any other laws that may override data privacy laws or enable the government of the country in question to access data and personal information sometimes without any prior notification, permission or court order must be assessed. Cloud Data Standard B. Information that is classified as Confidential can be processed and/or stored in a Cloud environment subject to the Baseline Security Controls for the Cloud and the following minimum conditions: 1. The Cloud Service Provider (CSP) must have the required certifications as determined in the Eskom Cloud Security Standard. 2. The Data Centres(DCs) of the CSP, including backup DCs, must be in sovereign regions with privacy and data governance laws at least equal to those of South Africa. Eskom information must not be stored in data centres based in countries with authoritarian laws that make provision for the seizure of information belonging to any organisation during an unrelated legal matters. 3. User and Service authentication must be done using the current Eskom identity and access management solution. C. Information that is classified as Secret and Top Secret can be processed and/or stored in a Cloud environment subject to the Baseline Security Controls for the Cloud, the minimum conditions specified for Confidential information, as well as the following minimum conditions: | D37: END OF SERVICE – CONTRACT TERMINATION: Cloud Transition and Integration | E37: If the contract is terminated, will ESKOM data be transferred to ESKOM or to another Supplier of ESKOM’s choice in a usable and interoperable format? | I37: =IF(J37='[8]Priority Ratings'!$C$21,'[8]Priority Ratings'!$B$21,IF(J37='[8]Priority Ratings'!$C$22,'[8]Priority Ratings'!$B$22,IF(J37='[8]Priority Ratings'!$C$23,'[8]Priority Ratings'!$B$23,IF(J37='[8]Priority Ratings'!$C$24,'[8]Priority Ratings'!$B$24,IF(J37='[8]Priority Ratings'!$C$25,'[8]Priority Ratings'!$B$25,IF(J37='[8]Priority Ratings'!$C$26,'[8]Priority Ratings'!$B$26,IF(J37='[8]Priority Ratings'!$C$27,'[8]Priority Ratings'!$B$27,"No Rating"))))))) -> 4 | J37: Very important | K37: =I37/$I$41 -> 0.032258065 | L37: (100%) Fully comply with requirement (50%) Partially compliant (0%) No compliance | M37: 0 | N37: =K37*M37 -> 0
A38: CLO1.28 | C38: Business Continuity | D38: Service Provision for Software Solution | E38: Confirm that your SaaS Offering can provide for the following: - The solution design must cater for unforeseen events and maintaining operational resilience to mitigate the impact of disruptions, minimize downtime, and ensure the ability to transition workloads between environments when required. - The solution must provide appropriate redundancy and resiliency. - The solution’s connectivity should be optimised with High Availability (e.g., Built-in ability to restore the workloads across other landing zones) and Disaster Recovery capabilities (e.g., to other geo-regions within and outside of the SA borders), ensuring uninterrupted operations in the case of unforeseen events. | I38: =IF(J38='[8]Priority Ratings'!$C$21,'[8]Priority Ratings'!$B$21,IF(J38='[8]Priority Ratings'!$C$22,'[8]Priority Ratings'!$B$22,IF(J38='[8]Priority Ratings'!$C$23,'[8]Priority Ratings'!$B$23,IF(J38='[8]Priority Ratings'!$C$24,'[8]Priority Ratings'!$B$24,IF(J38='[8]Priority Ratings'!$C$25,'[8]Priority Ratings'!$B$25,IF(J38='[8]Priority Ratings'!$C$26,'[8]Priority Ratings'!$B$26,IF(J38='[8]Priority Ratings'!$C$27,'[8]Priority Ratings'!$B$27,"No Rating"))))))) -> 3 | J38: Important | K38: =I38/$I$41 -> 0.024193548 | L38: (100%) Fully comply with requirement (50%) Partially compliant (0%) No compliance | M38: 0 | N38: =K38*M38 -> 0
A39: CLO1.29 | C39: Resource Optimisation and Continuous Monitoring | D39: Service Provision for Software Solution | E39: Confirm that your SaaS Offering can provide for the following: - The solution and all components, and workloads and configurations must be continuously monitored. - The service provider shall assist to implement the necessary financial management and monitoring processes and enforce agreed limits through available cloud provider policies and governance (e.g. automated business rules, monitoring dashboards, allocation of infrastructure resources within contractual agreed costs, etc). - Resource efficiency, optimization, and right-sizing, not only ensure optimised operational expenditure, but also would assist to reduce energy consumption, and contribute to a more sustainable future. | I39: =IF(J39='[8]Priority Ratings'!$C$21,'[8]Priority Ratings'!$B$21,IF(J39='[8]Priority Ratings'!$C$22,'[8]Priority Ratings'!$B$22,IF(J39='[8]Priority Ratings'!$C$23,'[8]Priority Ratings'!$B$23,IF(J39='[8]Priority Ratings'!$C$24,'[8]Priority Ratings'!$B$24,IF(J39='[8]Priority Ratings'!$C$25,'[8]Priority Ratings'!$B$25,IF(J39='[8]Priority Ratings'!$C$26,'[8]Priority Ratings'!$B$26,IF(J39='[8]Priority Ratings'!$C$27,'[8]Priority Ratings'!$B$27,"No Rating"))))))) -> 4 | J39: Very important | K39: =I39/$I$41 -> 0.032258065 | L39: (100%) Fully comply with requirement (50%) Partially compliant (0%) No compliance | M39: 0 | N39: =K39*M39 -> 0
A40: CLO1.30 | B40: Meeting the Scope of Work Required | C40: Integration mechanisms and models need to support secure and complete data exchange for hybrid solutions (on-premise and cloud) that align to the performance requirements of the solution ecosystem | D40: SECURITY AND INTEGRATION: Cloud Data Transfer and Integration | E40: Do you provide an Integration Model and / or standard interfaces between on-premise environments and cloud environments to ensure secure, complete and performing data exchange and workloads? | I40: =IF(J40='[8]Priority Ratings'!$C$21,'[8]Priority Ratings'!$B$21,IF(J40='[8]Priority Ratings'!$C$22,'[8]Priority Ratings'!$B$22,IF(J40='[8]Priority Ratings'!$C$23,'[8]Priority Ratings'!$B$23,IF(J40='[8]Priority Ratings'!$C$24,'[8]Priority Ratings'!$B$24,IF(J40='[8]Priority Ratings'!$C$25,'[8]Priority Ratings'!$B$25,IF(J40='[8]Priority Ratings'!$C$26,'[8]Priority Ratings'!$B$26,IF(J40='[8]Priority Ratings'!$C$27,'[8]Priority Ratings'!$B$27,"No Rating"))))))) -> 4 | J40: Very important | K40: =I40/$I$41 -> 0.032258065 | L40: (100%) Fully comply with requirement (50%) Partially compliant (0%) No compliance | M40: 0 | N40: =K40*M40 -> 0
I41: =SUM(I11:I40) -> 124 | K41: =SUM(K11:K40) -> 1 | M41: TOTAL SCORE | N41: =SUM(N11:N40) -> 0
E45: Confirm during SD&L session (NIPP)

Sheet Cyber Security
B2: Evaluation Area: | C2: Cyber Security
B3: Project Name: | C3: ='Evaluation Summary'!B2 -> Replacement of Learning Management System (LMS)
B4: ='Evaluation Summary'!A3 -> CORP xxxx Tender: | C4: ='Evaluation Summary'!B3 -> Eskom Project Manager to Capture
B5: Tenderer: | C5: ='Evaluation Summary'!B4 -> Tenderer to Capture
B6: Evaluated by: | C6: ='Evaluation Summary'!B5 -> Eskom Evaluator to Capture
H9: Priority and Weight | K9: Eskom Evaluator Scoring
A10: ID | B10: Type | C10: Functionality Area | D10: Requirement | E10: Tenderer Compliance Tenderer to select compliance to requirement from the drop-down list provided | F10: Tenderer Evidence Tenderer to indicate location of evidence e.g. document, section, page, paragraph, etc. | G10: Tenderer Comments Tenderer to indicate any applicable comments based on Compliance | H10: Priority Rating | I10: Priority description | J10: Weighted Question | K10: Eskom Evaluator Scoring | L10: Answer Evaluator to select scoring to requirement from the drop-down list provided | M10: Weighted Answer | N10: Eskom Evaluator Comments
A11: 1 | B11: Meeting the Scope of Work Required | C11: Third-Party Attestation Reports | D11: The Tenderer shall have a valid SOC 1 Type II and SOC 2 Type II Reports for the proposed SaaS solution. If the SOC 2 Type II report is older than six (6) months, the Bridge Letter is required. | E11: (0%) No compliance | H11: 6 | I11: Showstopper | J11: =H11/$H$33 -> 0.058823529 | K11: (100%) Fully comply with requirement - Tenderer does have a valid SOC 2 Type II and/or Bridge Letter. (0%) No compliance - Tenderer does not have the SOC 2 Type II Report and/or Bridge Letter. | L11: 0 | M11: =J11*L11 -> 0
A12: 2 | B12: Meeting the Scope of Work Required | C12: ISO Certification Eskom requires the vendor to have valid ISO27001/ISO27017/ISO27018 Certifications | D12: ISO27001/17/18 The Tenderer shall have a valid ISO27001, ISO27017 and ISO27018 certificates | E12: (0%) No compliance | H12: 6 | I12: Showstopper | J12: =H12/$H$33 -> 0.058823529 | K12: (100%) Fully comply with requirement - Tenderer does have a valid ISO27001, ISO27017 and ISO27018 Certificates. (0%) No compliance - Tenderer does not have ISO27001, ISO27017 and ISO27018 Certificates. | L12: 0 | M12: =J12*L12 -> 0
A13: 3 | B13: Meeting the Scope of Work Required | C13: Integration to Eskom existing identity providers (IdP's) and support of federated IdP's such as SAML2, OAuth2 and OpenID 2 | D13: Integration to Eskom's existing IdP's such as Microsoft (MS) on-prem active directory (AD) MS Identity (MDI), MS Entra Identity (ID) and Multi-factor Authentication (MFA) and Single sign on (SSO). The proposed SaaS solution shall be able to integrate with MS AD, MDI, Entra ID, MFA and support SAML, OAuth and OpenID and SSO. | E13: (0%) No compliance | H13: =IF(I13='[9]Priority Ratings'!$C$21,'[9]Priority Ratings'!$B$21,IF(I13='[9]Priority Ratings'!$C$22,'[9]Priority Ratings'!$B$22,IF(I13='[9]Priority Ratings'!$C$23,'[9]Priority Ratings'!$B$23,IF(I13='[9]Priority Ratings'!$C$24,'[9]Priority Ratings'!$B$24,IF(I13='[9]Priority Ratings'!$C$25,'[9]Priority Ratings'!$B$25,IF(I13='[9]Priority Ratings'!$C$26,'[9]Priority Ratings'!$B$26,IF(I13='[9]Priority Ratings'!$C$27,'[9]Priority Ratings'!$B$27,"No Rating"))))))) -> 5 | I13: Critical | J13: =H13/$H$33 -> 0.049019608 | K13: (100%) Fully comply with requirement - The proposed solution does integrate with Eskom's MS AD, MDI, Entra ID, SSO and MFA. (0%) No compliance - The proposed solution is unable to integrate with MS AD, MDI, Entra ID and MFA. | L13: 0 | M13: =J13*L13 -> 0
A14: 4 | B14: Meeting the Scope of Work Required | C14: Data Masking (PII, Credit Card) | D14: RBAC The proposed SaaS solution must support and employ RBAC mechanism. | E14: (0%) No compliance | H14: =IF(I14='[9]Priority Ratings'!$C$21,'[9]Priority Ratings'!$B$21,IF(I14='[9]Priority Ratings'!$C$22,'[9]Priority Ratings'!$B$22,IF(I14='[9]Priority Ratings'!$C$23,'[9]Priority Ratings'!$B$23,IF(I14='[9]Priority Ratings'!$C$24,'[9]Priority Ratings'!$B$24,IF(I14='[9]Priority Ratings'!$C$25,'[9]Priority Ratings'!$B$25,IF(I14='[9]Priority Ratings'!$C$26,'[9]Priority Ratings'!$B$26,IF(I14='[9]Priority Ratings'!$C$27,'[9]Priority Ratings'!$B$27,"No Rating"))))))) -> 5 | I14: Critical | J14: =H14/$H$33 -> 0.049019608 | K14: (100%) Fully comply with requirement - The proposed solution does support and employ RBAC mechanism. (0%) No compliance - The proposed solution does not support and employ RBAC mechanism | L14: 0 | M14: =J14*L14 -> 0
A15: 5 | B15: Meeting the Scope of Work Required | C15: Encryption Standard | D15: Encryption Standard The proposed SaaS solution shall encrypt data at rest using at minimum AES-256 and in transit (or in motion) using at minimum TLS 1.2 or later version. | E15: (0%) No compliance | H15: =IF(I15='[9]Priority Ratings'!$C$21,'[9]Priority Ratings'!$B$21,IF(I15='[9]Priority Ratings'!$C$22,'[9]Priority Ratings'!$B$22,IF(I15='[9]Priority Ratings'!$C$23,'[9]Priority Ratings'!$B$23,IF(I15='[9]Priority Ratings'!$C$24,'[9]Priority Ratings'!$B$24,IF(I15='[9]Priority Ratings'!$C$25,'[9]Priority Ratings'!$B$25,IF(I15='[9]Priority Ratings'!$C$26,'[9]Priority Ratings'!$B$26,IF(I15='[9]Priority Ratings'!$C$27,'[9]Priority Ratings'!$B$27,"No Rating"))))))) -> 5 | I15: Critical | J15: =H15/$H$33 -> 0.049019608 | K15: (100%) Fully comply with requirement - The proposed solution does encrypt data at rest (AES-256) and in transit (TLS 1.2 or later version) (0%) No compliance - The proposed solution does not encrypt data at rest (AES-256) and in transit (TLS 1.2 or later version) | L15: 0 | M15: =J15*L15 -> 0
A16: 6 | B16: Meeting the Scope of Work Required | C16: Audit trails, logs, user Administration and User Activity Logs | D16: Audit Trails, Logs, User and Activity Logs The proposed SaaS solution shall have Audit trails, logs, user administration and user activity logs enabled, encrypted, and securely kept with limited access to administrators. | E16: (0%) No compliance | H16: =IF(I16='[9]Priority Ratings'!$C$21,'[9]Priority Ratings'!$B$21,IF(I16='[9]Priority Ratings'!$C$22,'[9]Priority Ratings'!$B$22,IF(I16='[9]Priority Ratings'!$C$23,'[9]Priority Ratings'!$B$23,IF(I16='[9]Priority Ratings'!$C$24,'[9]Priority Ratings'!$B$24,IF(I16='[9]Priority Ratings'!$C$25,'[9]Priority Ratings'!$B$25,IF(I16='[9]Priority Ratings'!$C$26,'[9]Priority Ratings'!$B$26,IF(I16='[9]Priority Ratings'!$C$27,'[9]Priority Ratings'!$B$27,"No Rating"))))))) -> 5 | I16: Critical | J16: =H16/$H$33 -> 0.049019608 | K16: (100%) Fully comply with requirement - The proposed solution does have Audit trails, logs, user administration and user activity logs shall be enabled, encrypted, and securely kept with limited access to administrators. (0%) No compliance - The proposed solution does not have Audit trails, logs, user administration and user activity logs shall be enabled, encrypted, and securely kept with limited access to administrators. | L16: 0 | M16: =J16*L16 -> 0
A17: 7 | B17: Meeting the Scope of Work Required | C17: Data Masking (PII, Credit Card and Debit Card) | D17: Data Masking Sensitive data such as PII shall be masked on the non-production environments lessen exposure. | E17: (0%) No compliance | H17: 6 | I17: Showstopper | J17: =H17/$H$33 -> 0.058823529 | K17: (100%) Fully comply with requirement - The proposed solution does mask PII on nonproduction environments. (0%) No compliance - The proposed solution does not mask PII in nonproduction environments. | L17: 0 | M17: =J17*L17 -> 0
A18: 8 | B18: Meeting the Scope of Work Required | C18: Daily Incremental Back-ups | D18: Daily Incremental Back Ups Incremental daily back-ups shall be done, encrypted, and securely kept offsite. | E18: (0%) No compliance | H18: 5 | I18: Critical | J18: =H18/$H$33 -> 0.049019608 | K18: (100%) Fully comply with requirement - Daily incremental Back ups are done, encrypted and securely kept offsite. (0%) No compliance - No daily incremental back ups. | L18: 0 | M18: =J18*L18 -> 0
A19: 9 | B19: Meeting the Scope of Work Required | C19: Real-time Data Synchronisation/Data Replication | D19: Real-time data synchronization or data replication The Tenderer shall employ real-time data synchronization or data replication to a secondary or disaster recovery (DR) site, located in different region. | E19: (0%) No compliance | H19: 5 | I19: Critical | J19: =H19/$H$33 -> 0.049019608 | K19: (100%) Fully comply with requirement - Real-time or data synchronisation is employed. (0%) No compliance - No real-time or data synchronisation is employed. | L19: 0 | M19: =J19*L19 -> 0
A20: 10 | B20: Meeting the Scope of Work Required | C20: Patch Management Process | D20: Patch Management Patch Management Process shall be defined. Software updates and patches shall be tested on development environment prior being deployed into production environment. | E20: (0%) No compliance | H20: 3 | I20: Important | J20: =H20/$H$33 -> 0.029411765 | K20: (100%) Fully Compliant - Patch management process is defined, software updates and patches are tested on nonproduction prior environment production. (0%) No Compliance - No patch management process is defined, software updates and patches are tested on nonproduction environment production. | L20: 0 | M20: =J20*L20 -> 0
A21: 11 | B21: Meeting the Scope of Work Required | C21: Transborder Transfer Agreement (TTA) and POPIA Operator Agreement (OA) | D21: TTA and POPIA OA Should the hosting region be outside of South Africa (SA), the Tenderer shall sign Eskom's Transborder Transfer Agreement (Data Protection Operator Agreement), Should the hosting region be in SA , the Tenderer shall sign the POPIA Operator Agreement (Data Protection Operator Agreement) | E21: (0%) No compliance | H21: 6 | I21: Showstopper | J21: =H21/$H$33 -> 0.058823529 | K21: (100%) Fully Compliant- The tenderer does have a privacy policy covering Eskom POPIA legal requirements. (0%) Non Compliant - The tenderer does not have any privacy policy covering Eskom POPIA legal requirements. | L21: 0 | M21: =J21*L21 -> 0
A22: 12 | B22: Meeting the Scope of Work Required | C22: POPIA Compliance | D22: POPIA Compliance The Tenderer shall comply with applicable privacy and protection of personal information Acts such as GDPR in European Union (EU) and POPIA in South Africa (SA) where the cloud service is hosted, where the data is collected and the region where the data subjects are physically located. If hosted in EU, the Tenderer shall confirm that the data of the natural and juristic persons personal Identifiable Information (PII) will be protected. | E22: (0%) No compliance | H22: 6 | I22: Showstopper | J22: =H22/$H$33 -> 0.058823529 | K22: (100%) Fully Compliant- The tender does comply with both GDPR and POPIA where the cloud service is hosted and where the data subjects are hosted, tenderer provides the natural and juristic persons PII is protected. (0%) Non Compliance - The tender does not comply with both GDPR and POPIA where the cloud service is hosted and where the data subjects are hosted, tenderer provides the natural and juristic persons PII is protected. | L22: 0 | M22: =J22*L22 -> 0
A23: 13 | B23: Meeting the Scope of Work Required | C23: Confidentiality or Privacy Policy | D23: Confidentiality or Privacy Policy The Tenderer shall have a confidentiality or privacy policy with regards to its employees, partners and subcontractors. | E23: (0%) No compliance | H23: 5 | I23: Important | J23: =H23/$H$33 -> 0.049019608 | K23: (100%) Fully comply with requirement - The Tender have confidentiality and privacy policy for employees, partners and subcontractor. (0%) No compliance - The Tender does not have confidentiality and privacy policy for employees, partners and subcontractor. | L23: 0 | M23: =J23*L23 -> 0
A24: 14 | B24: Meeting the Scope of Work Required | C24: Application Security (AppSec) Test | D24: Application Security (AppSec) Tests The Tenderer shall perform static application security test (SAST), and dynamic application security test (DAST), penetration test prior deploying the cloud system to production environments. | E24: (0%) No compliance | H24: 3 | I24: Important | J24: =H24/$H$33 -> 0.029411765 | K24: (100%) Fully comply with requirement - The Tenderer does perform SAST, DAST and Penetration Test (Test Results are required). (0%) No compliance - The Tenderer does not perform SAST, DAST and Penetration Test. | L24: 0 | M24: =J24*L24 -> 0
A25: 15 | B25: Meeting the Scope of Work Required | C25: Cyber and Data Breach Incident Notification | D25: Cyber or Data Breach Incident Notification 1. Tenderer shall have formal notification process to notify customers of cyber attack and data breach incidents. Please specify the SLA. | E25: (0%) No compliance | H25: 3 | I25: Important | J25: =H25/$H$33 -> 0.029411765 | K25: (100%) Fully comply with requirement - The Tenderer does notify Eskom if there is cyber attack or data breaches and SLA is place. (0%) No compliance - The Tenderer does not notify Eskom if there is cyber attack or data breaches and no SLA is place. | L25: 0 | M25: =J25*L25 -> 0
A26: 16 | B26: Meeting the Scope of Work Required | C26: Significant Changes Notification | D26: Significant Changes Notification The Tenderer shall notify Eskom if there are any significant changes to the business, platform and hosting service provider or any change that could have an impact the security assessment conducted and the auditor’s opinion on the SOC audit. The Tenderer shall have 1 month, 6 months and 12 months SLA in place. | E26: (0%) No compliance | H26: 3 | I26: Important | J26: =H26/$H$33 -> 0.029411765 | K26: (100%) Fully comply with requirement - The Tender does notify Eskom if there are any significant changes to the business, platform and hosting service provider or any change that could have an impact the security assessment conducted and SLA is in place. (0%) No compliance - The tender does not notify Eskom if there are any significant changes to the business, platform and hosting service provider or any change that could have an impact the security assessment conducted and SLA is in place. | L26: 0 | M26: =J26*L26 -> 0
A27: 17 | B27: Meeting the Scope of Work Required | C27: Database Security Management | D27: Database Security Management 1. The Tenderer shall place the database behind the perimeter firewall. 2. The Tenderer shall employ database security management tool to provide regulatory compliance (Such as POPIA and GDPR), encryption, key management, granular access controls, flexible data masking, comprehensive activity monitoring, and sophisticated auditing capabilities. | E27: (0%) No compliance | H27: 5 | I27: Critical | J27: =H27/$H$33 -> 0.049019608 | K27: (100%) Fully comply with requirement - The proposed solution does have Database Security Management Tool and Database is placed behind perimeter firewall. (0%) No compliance - The proposed solution does not have Database Security Management Tool and Database is placed behind perimeter firewall. | L27: 0 | M27: =J27*L27 -> 0
A28: 18 | B28: Meeting the Scope of Work Required | C28: Distributed Denial of Service (DDoS) Protection Mechanism | D28: DDoS Protection Mechanism The proposed SaaS solution shall employ DDoS protection mechanism. | E28: (0%) No compliance | H28: 3 | I28: Important | J28: =H28/$H$33 -> 0.029411765 | K28: (100%) Fully comply with requirement - The proposed solution does have DDoS protection mechanism. (0%) No compliance - The proposed solution does not have DDoS protection mechanism. | L28: 0 | M28: =J28*L28 -> 0
A29: 19 | B29: Meeting the Scope of Work Required | C29: Web Application Firewall (WAF) | D29: WAF The Tenderer shall employ Web Application Firewall (WAF) for all internet facing applications and/or web-based applications employed. | E29: (0%) No compliance | H29: 3 | I29: Important | J29: =H29/$H$33 -> 0.029411765 | K29: (100%) Fully comply with requirement -The proposed solution does have WAF. (0%) No compliance - The proposed solution does not have WAF. | L29: 0 | M29: =J29*L29 -> 0
A30: 20 | B30: Meeting the Scope of Work Required | C30: Integration Security | D30: Integration Security The proposed SaaS solution shall support the prevailing enterprise services bus (ESB), application programmable interfaces (API’s) and Integration Platform as a Service (iPaaS) platforms for security, logging and monitoring for both on-prem, hybrid-cloud and multi-cloud environments. | E30: (0%) No compliance | H30: =IF(I30='[9]Priority Ratings'!$C$21,'[9]Priority Ratings'!$B$21,IF(I30='[9]Priority Ratings'!$C$22,'[9]Priority Ratings'!$B$22,IF(I30='[9]Priority Ratings'!$C$23,'[9]Priority Ratings'!$B$23,IF(I30='[9]Priority Ratings'!$C$24,'[9]Priority Ratings'!$B$24,IF(I30='[9]Priority Ratings'!$C$25,'[9]Priority Ratings'!$B$25,IF(I30='[9]Priority Ratings'!$C$26,'[9]Priority Ratings'!$B$26,IF(I30='[9]Priority Ratings'!$C$27,'[9]Priority Ratings'!$B$27,"No Rating"))))))) -> 5 | I30: Critical | J30: =H30/$H$33 -> 0.049019608 | K30: (100%) Fully comply with requirement - The proposed solution does support ESB, API's and IPaaS for security, logging and monitoring. (0%) No compliance - The proposed solution does not support ESB, API's and IPaaS for security, logging and monitoring. | L30: 0 | M30: =J30*L30 -> 0
A31: 21 | B31: Meeting the Scope of Work Required | C31: Ee-Discovery | D31: e-Discovery The proposed SaaS solution shall provide e-Discovery capability to identify, collect and produce electronically stored information (ESI) in response to a request for production in a lawsuit or investigation as part of the cloud services offered. | E31: (0%) No compliance | H31: 3 | I31: Important | J31: =H31/$H$33 -> 0.029411765 | K31: (100%) Fully comply with requirement - The proposed solution does have e-Discovery capability. (0%) No compliance - The proposed solution does not have e-Discovery capability. | L31: 0 | M31: =J31*L31 -> 0
A32: 22 | B32: Meeting the Scope of Work Required | C32: Disaster Recovery Plan (DRP)/Incident Response Management (IRM) Process | D32: DRP/IRM 1. The Tenderer shall have Disaster Recovery Plan (DRP) and Back up Restore Plan defined, annually tested. 2. The Tenderer shall have Incident Response Management (IRM) process defined, and part of the service level agreement (SLA) and master service agreement (MSA). | E32: (0%) No compliance | H32: 6 | I32: Showstopper | J32: =H32/$H$33 -> 0.058823529 | K32: (100%) DRP and Back up Plan is defined, annually tested and IRM is in place and part of the SLA/MSA. (0%) DRP, Back up Restore Plan, IRM is not in place and not tested. | L32: 0 | M32: =J32*L32 -> 0
H33: =SUM(H11:H32) -> 102 | J33: =SUM(J11:J32) -> 1 | L33: TOTAL SCORE | M33: =SUM(M11:M32) -> 0
D37: Confirm during SD&L session (NIPP)

Sheet Integration and Testing
F1: Full Description of the Selection Options for "Tenderer Compliance" Selections & "Eskom Evaluator" Scoring selections, please see Column L
B2: Evaluation Area: | C2: Integration and Testing
B3: Project Name: | C3: ='Evaluation Summary'!B2 -> Replacement of Learning Management System (LMS)
B4: ='Evaluation Summary'!A3 -> CORP xxxx Tender: | C4: ='Evaluation Summary'!B3 -> Eskom Project Manager to Capture
B5: Tenderer: | C5: ='Evaluation Summary'!B4 -> Tenderer to Capture
B6: Evaluated by: | C6: ='Evaluation Summary'!B5 -> Eskom Evaluator to Capture
I10: Priority and Weight
A11: ID | B11: Type | C11: Criterion | D11: Functionality Requirement | E11: Requirement Description | F11: Tenderer Compliance Tenderer to select compliance to requirement from the drop-down list provided | G11: Tenderer Evidence Tenderer to indicate location of evidence e.g. document, section, page, paragraph, etc. | H11: Tenderer Comments Tenderer to indicate any applicable comments based on Compliance | I11: Priority Rating | J11: Priority description | K11: Weighted Question | L11: Eskom Evaluator Scoring | M11: Answer Evaluator to select scoring to requirement from the drop-down list provided | N11: Weighted Answer | O11: Eskom Evaluator Comments
A12: TEST1.1 | B12: Meeting the Scope of Work Required | C12: Eskom requires the vendor to have previous involvement in the end to end testing of Learner Management, and methodologies used | D12: Testing | E12: In your technical response list names of the clients with their contact details, where your company was involved in the end to end testing of Learner Management and a describe of your responsibilities. | I12: =IF(J12='[10]Priority Ratings'!$C$21,'[10]Priority Ratings'!$B$21,IF(J12='[10]Priority Ratings'!$C$22,'[10]Priority Ratings'!$B$22,IF(J12='[10]Priority Ratings'!$C$23,'[10]Priority Ratings'!$B$23,IF(J12='[10]Priority Ratings'!$C$24,'[10]Priority Ratings'!$B$24,IF(J12='[10]Priority Ratings'!$C$25,'[10]Priority Ratings'!$B$25,IF(J12='[10]Priority Ratings'!$C$26,'[10]Priority Ratings'!$B$26,IF(J12='[10]Priority Ratings'!$C$27,'[10]Priority Ratings'!$B$27,"No Rating"))))))) -> 5 | J12: critical | K12: =I12/$I$38 -> 0.040650407 | L12: 100%: Vendor has indicated they have experience testing of Learner Management System 50%: Vendor has indicated experience but not in a similar system 0%: No experience | M12: 0 | N12: =K12*M12 -> 0
A13: TEST1.2 | B13: Meeting the Scope of Work Required | C13: Eskom requires that sufficient dedicated testers are allocated the project, the testers must be independent of the development team. The following experienced roles must be filled a:Test Manager, Test analyst ,Tester and Performance tester | D13: Testing | E13: In your technical response provide CV's indicating the relevant experience for the resources who will fill the following roles: Test Manager, Test analyst ,Tester and Performance tester | I13: =IF(J13='[10]Priority Ratings'!$C$21,'[10]Priority Ratings'!$B$21,IF(J13='[10]Priority Ratings'!$C$22,'[10]Priority Ratings'!$B$22,IF(J13='[10]Priority Ratings'!$C$23,'[10]Priority Ratings'!$B$23,IF(J13='[10]Priority Ratings'!$C$24,'[10]Priority Ratings'!$B$24,IF(J13='[10]Priority Ratings'!$C$25,'[10]Priority Ratings'!$B$25,IF(J13='[10]Priority Ratings'!$C$26,'[10]Priority Ratings'!$B$26,IF(J13='[10]Priority Ratings'!$C$27,'[10]Priority Ratings'!$B$27,"No Rating"))))))) -> 5 | J13: critical | K13: =I13/$I$38 -> 0.040650407 | L13: 100%:Test manager has more than 5 years of relevant experience 50%:Test manager has more 2-5 years of relevant experience 0%: < 2 years experience | M13: 0 | N13: =K13*M13 -> 0
A14: TEST1.3 | B14: Meeting the Scope of Work Required | C14: Eskom requires the appointed testing resources to have the following experience using Eskom testing tools: Test Manager, Test analyst and Tester must have at least 2 years experience using Microfocus Application Lifecycle Management (ALM) Performance Tester must have at least 2 years of experience using Load Runner | D14: Testing | E14: In your technical response provide four CV's indicating the relevant experience for the four required testing resources, showing their experience with Eskom's testing tools. Test team must include: Test Manager, Test analyst ,Tester and Performance tester | I14: =IF(J14='[10]Priority Ratings'!$C$21,'[10]Priority Ratings'!$B$21,IF(J14='[10]Priority Ratings'!$C$22,'[10]Priority Ratings'!$B$22,IF(J14='[10]Priority Ratings'!$C$23,'[10]Priority Ratings'!$B$23,IF(J14='[10]Priority Ratings'!$C$24,'[10]Priority Ratings'!$B$24,IF(J14='[10]Priority Ratings'!$C$25,'[10]Priority Ratings'!$B$25,IF(J14='[10]Priority Ratings'!$C$26,'[10]Priority Ratings'!$B$26,IF(J14='[10]Priority Ratings'!$C$27,'[10]Priority Ratings'!$B$27,"No Rating"))))))) -> 5 | J14: critical | K14: =I14/$I$38 -> 0.040650407 | L14: 100%: All four resources have the minimum required experience. 50%: Three of the four resources have the required experience 0%: Two or less of the resources have the required experience | M14: 0 | N14: =K14*M14 -> 0
A15: TEST1.4 | B15: Meeting the Scope of Work Required | C15: Eskom requires the vendor to have a documented testing approach which is informed by a testing methodology specific to the project. E.g. Agile/Waterfall etc... | D15: Testing | E15: In your technical response provide your companies standard testing approach to Oracle CC&B upgrades and detail the methodology behind it. | I15: =IF(J15='[10]Priority Ratings'!$C$21,'[10]Priority Ratings'!$B$21,IF(J15='[10]Priority Ratings'!$C$22,'[10]Priority Ratings'!$B$22,IF(J15='[10]Priority Ratings'!$C$23,'[10]Priority Ratings'!$B$23,IF(J15='[10]Priority Ratings'!$C$24,'[10]Priority Ratings'!$B$24,IF(J15='[10]Priority Ratings'!$C$25,'[10]Priority Ratings'!$B$25,IF(J15='[10]Priority Ratings'!$C$26,'[10]Priority Ratings'!$B$26,IF(J15='[10]Priority Ratings'!$C$27,'[10]Priority Ratings'!$B$27,"No Rating"))))))) -> 6 | J15: Show stopper | K15: =I15/$I$38 -> 0.048780488 | L15: 100%: Complete approach provided with reference to a methodology 50%: Approach provided with no reference to a methodology 0%: No approach provided | M15: 0 | N15: =K15*M15 -> 0
A16: TEST1.5 | B16: Meeting the Scope of Work Required | C16: Eskom requires the vendors resources in the roles below have the required ISTQB(International Software Testing Qualifications Board) qualifications accredited by SATQB(Southern African Software Testing Qualifications Board). Required resource roles: Test Manager, Test analyst ,Tester and Performance tester | D16: Testing | E16: In your technical response provide CV's of the resources below, together with respective copies of acquired ISTQB certificates. Required resource roles: Test Manager, Test analyst ,Tester and Performance tester. | I16: =IF(J16='[10]Priority Ratings'!$C$21,'[10]Priority Ratings'!$B$21,IF(J16='[10]Priority Ratings'!$C$22,'[10]Priority Ratings'!$B$22,IF(J16='[10]Priority Ratings'!$C$23,'[10]Priority Ratings'!$B$23,IF(J16='[10]Priority Ratings'!$C$24,'[10]Priority Ratings'!$B$24,IF(J16='[10]Priority Ratings'!$C$25,'[10]Priority Ratings'!$B$25,IF(J16='[10]Priority Ratings'!$C$26,'[10]Priority Ratings'!$B$26,IF(J16='[10]Priority Ratings'!$C$27,'[10]Priority Ratings'!$B$27,"No Rating"))))))) -> 5 | J16: critical | K16: =I16/$I$38 -> 0.040650407 | L16: 100%: The proposed resources in all 4 roles have ISTQB certificates 65%: The proposed resources in 3 of the 4 roles have ISTQB certificates 35%: The proposed resources in all 2 of the 4 roles have ISTQB certificates 0%: 1 or less resources have ISTQB certificates | M16: 0 | N16: =K16*M16 -> 0
A17: TEST1.6 | B17: Meeting the Scope of Work Required | C17: Eskom requires 114 hits per second for a 500 concurrent user test, to confirm system performance is at acceptable levels. | D17: Testing | E17: Please provide redacted performance testing results from any of your clients' servers .The test results must show the Average Hits per second for a 500 concurrent user test? | I17: =IF(J17='[10]Priority Ratings'!$C$21,'[10]Priority Ratings'!$B$21,IF(J17='[10]Priority Ratings'!$C$22,'[10]Priority Ratings'!$B$22,IF(J17='[10]Priority Ratings'!$C$23,'[10]Priority Ratings'!$B$23,IF(J17='[10]Priority Ratings'!$C$24,'[10]Priority Ratings'!$B$24,IF(J17='[10]Priority Ratings'!$C$25,'[10]Priority Ratings'!$B$25,IF(J17='[10]Priority Ratings'!$C$26,'[10]Priority Ratings'!$B$26,IF(J17='[10]Priority Ratings'!$C$27,'[10]Priority Ratings'!$B$27,"No Rating"))))))) -> 5 | J17: critical | K17: =I17/$I$38 -> 0.040650407 | L17: 100%:114 Hits per Second or more 50%: less than 114 Hits per Second 0%: No report provided | M17: 0 | N17: =K17*M17 -> 0
A18: TEST1.7 | B18: Meeting the Scope of Work Required | C18: Eskom requires that the System should still be able to handle 500 concurrent users after the upgrade. | D18: Testing | E18: Please provide redacted performance testing results from any of your clients' servers .The test results must show the Average Hits per second for a 500 concurrent user test? | I18: =IF(J18='[10]Priority Ratings'!$C$21,'[10]Priority Ratings'!$B$21,IF(J18='[10]Priority Ratings'!$C$22,'[10]Priority Ratings'!$B$22,IF(J18='[10]Priority Ratings'!$C$23,'[10]Priority Ratings'!$B$23,IF(J18='[10]Priority Ratings'!$C$24,'[10]Priority Ratings'!$B$24,IF(J18='[10]Priority Ratings'!$C$25,'[10]Priority Ratings'!$B$25,IF(J18='[10]Priority Ratings'!$C$26,'[10]Priority Ratings'!$B$26,IF(J18='[10]Priority Ratings'!$C$27,'[10]Priority Ratings'!$B$27,"No Rating"))))))) -> 5 | J18: critical | K18: =I18/$I$38 -> 0.040650407 | L18: 100%:more than 500 concurrent users 50%: Less than 500 concurrent users 0%: No report provided | M18: 0 | N18: =K18*M18 -> 0
A19: TEST1.8 | B19: Meeting the Scope of Work Required | C19: Eskom requires that the System acceptable results should be able to indicate the 90th Percentile Transaction response time of less than 3 seconds for a 500 concurrent user test. | D19: Testing | E19: Please provide redacted performance testing results from any of your clients' servers .The test results must show what is the 90th Percentile Transaction response time for a 500 concurrent user test? | I19: =IF(J19='[10]Priority Ratings'!$C$21,'[10]Priority Ratings'!$B$21,IF(J19='[10]Priority Ratings'!$C$22,'[10]Priority Ratings'!$B$22,IF(J19='[10]Priority Ratings'!$C$23,'[10]Priority Ratings'!$B$23,IF(J19='[10]Priority Ratings'!$C$24,'[10]Priority Ratings'!$B$24,IF(J19='[10]Priority Ratings'!$C$25,'[10]Priority Ratings'!$B$25,IF(J19='[10]Priority Ratings'!$C$26,'[10]Priority Ratings'!$B$26,IF(J19='[10]Priority Ratings'!$C$27,'[10]Priority Ratings'!$B$27,"No Rating"))))))) -> 5 | J19: critical | K19: =I19/$I$38 -> 0.040650407 | L19: 100%:Less than 3 seconds response time 50%:More that 3 seconds response time 0%: No report provided | M19: 0 | N19: =K19*M19 -> 0
A20: TEST1.9 | B20: Meeting the Scope of Work Required | C20: After implementation of the upgrade Eskom requires the system to average 142000 throughput bytes or more per second for a 500 concurrent user test | D20: Testing | E20: Please provide redacted performance testing results from any of your clients' servers .The test results must show the average throughput bytes per second for a 500 concurrent user test? | I20: =IF(J20='[10]Priority Ratings'!$C$21,'[10]Priority Ratings'!$B$21,IF(J20='[10]Priority Ratings'!$C$22,'[10]Priority Ratings'!$B$22,IF(J20='[10]Priority Ratings'!$C$23,'[10]Priority Ratings'!$B$23,IF(J20='[10]Priority Ratings'!$C$24,'[10]Priority Ratings'!$B$24,IF(J20='[10]Priority Ratings'!$C$25,'[10]Priority Ratings'!$B$25,IF(J20='[10]Priority Ratings'!$C$26,'[10]Priority Ratings'!$B$26,IF(J20='[10]Priority Ratings'!$C$27,'[10]Priority Ratings'!$B$27,"No Rating"))))))) -> 5 | J20: critical | K20: =I20/$I$38 -> 0.040650407 | L20: 100%:Average Throughput of 142000 bytes or more per second for a 500 concurrent user test 50%:Less than 142000 Average Throughput bytes per second for a 500 concurrent user test 0%: No report provided | M20: 0 | N20: =K20*M20 -> 0
A21: INT1.1 | B21: Meeting the Scope of Work Required | C21: Eskom requires the vendor to have previous experience in implementation of Oracle Fusion integration solutions in an enterprise | D21: Integration | E21: Please provide references as evidence for the projects & sites where you have implemented Oracle Fusion integration solutions in an enterprise and pattern your previous experience covers. | I21: =IF(J21='[10]Priority Ratings'!$C$21,'[10]Priority Ratings'!$B$21,IF(J21='[10]Priority Ratings'!$C$22,'[10]Priority Ratings'!$B$22,IF(J21='[10]Priority Ratings'!$C$23,'[10]Priority Ratings'!$B$23,IF(J21='[10]Priority Ratings'!$C$24,'[10]Priority Ratings'!$B$24,IF(J21='[10]Priority Ratings'!$C$25,'[10]Priority Ratings'!$B$25,IF(J21='[10]Priority Ratings'!$C$26,'[10]Priority Ratings'!$B$26,IF(J21='[10]Priority Ratings'!$C$27,'[10]Priority Ratings'!$B$27,"No Rating"))))))) -> 5 | J21: critical | K21: =I21/$I$38 -> 0.040650407 | L21: 100%: Experience in Oracle Fusion Implementation 0%: No experience in Oracle Fusion | M21: 0 | N21: =K21*M21 -> 0
A22: INT1.2 | B22: Meeting the Scope of Work Required | C22: Previous experience in Eskom requires the vendor to have previous experience in implementation of IBM DataPower integration solutions in an enterprise | D22: Integration | E22: Please provide references as evidence for the projects & sites where you have implemented IBM DataPower integration solutions in an enterprise and pattern your previous experience covers. | I22: =IF(J22='[10]Priority Ratings'!$C$21,'[10]Priority Ratings'!$B$21,IF(J22='[10]Priority Ratings'!$C$22,'[10]Priority Ratings'!$B$22,IF(J22='[10]Priority Ratings'!$C$23,'[10]Priority Ratings'!$B$23,IF(J22='[10]Priority Ratings'!$C$24,'[10]Priority Ratings'!$B$24,IF(J22='[10]Priority Ratings'!$C$25,'[10]Priority Ratings'!$B$25,IF(J22='[10]Priority Ratings'!$C$26,'[10]Priority Ratings'!$B$26,IF(J22='[10]Priority Ratings'!$C$27,'[10]Priority Ratings'!$B$27,"No Rating"))))))) -> 5 | J22: critical | K22: =I22/$I$38 -> 0.040650407 | L22: 100%: Experience working on Data power implementation projects 0%: No experience in Data Power Implementation | M22: 0 | N22: =K22*M22 -> 0
A23: INT1.3 | B23: Meeting the Scope of Work Required | C23: Eskom requires the integration resources to be certified in and have experience working with Oracle Fusion 12C. At least 1 senior certified resource must have working experience in the Oracle Fusion 12C | D23: Integration | E23: Provide CV's of the integration resources and their respective Oracle Fusion 12C certifications | I23: =IF(J23='[10]Priority Ratings'!$C$21,'[10]Priority Ratings'!$B$21,IF(J23='[10]Priority Ratings'!$C$22,'[10]Priority Ratings'!$B$22,IF(J23='[10]Priority Ratings'!$C$23,'[10]Priority Ratings'!$B$23,IF(J23='[10]Priority Ratings'!$C$24,'[10]Priority Ratings'!$B$24,IF(J23='[10]Priority Ratings'!$C$25,'[10]Priority Ratings'!$B$25,IF(J23='[10]Priority Ratings'!$C$26,'[10]Priority Ratings'!$B$26,IF(J23='[10]Priority Ratings'!$C$27,'[10]Priority Ratings'!$B$27,"No Rating"))))))) -> 5 | J23: critical | K23: =I23/$I$38 -> 0.040650407 | L23: 100%: Senior resource with more than 2 years experience and certification 50%: Senior resource with a more than 2 years experience but no certification 0%: Senior resource with less than 2 years experience, irrespective of certification | M23: 0 | N23: =K23*M23 -> 0
... A25: INT1.5 | B25: Meeting the Scope of Work Required | C25: Eskom requires the vendor to have previous experience in carrying out analysis, design, development, testing and deployment of Oracle Fusion and IBM Datapower integration services | D25: Integration | E25: Provide proof that you as vendor have implemented a solution where the following items were delivered: analysis, design, develop, test and deploy integration solutions. Provide references. | I25: =IF(J25='[10]Priority Ratings'!$C$21,'[10]Priority Ratings'!$B$21,IF(J25='[10]Priority Ratings'!$C$22,'[10]Priority Ratings'!$B$22,IF(J25='[10]Priority Ratings'!$C$23,'[10]Priority Ratings'!$B$23,IF(J25='[10]Priority Ratings'!$C$24,'[10]Priority Ratings'!$B$24,IF(J25='[10]Priority Ratings'!$C$25,'[10]Priority Ratings'!$B$25,IF(J25='[10]Priority Ratings'!$C$26,'[10]Priority Ratings'!$B$26,IF(J25='[10]Priority Ratings'!$C$27,'[10]Priority Ratings'!$B$27,"No Rating"))))))) -> 5 | J25: critical | K25: =I25/$I$38 -> 0.040650407 | L25: 100%: Experience in analysis, design, development, testing and deployment of Oracle Fusion and Data Power 50%: Experience in analysis, design, development, testing and deployment of Oracle Fusion or Data Power 0%: No experience | M25: 0 | N25: =K25*M25 -> 0
A26: INT1.6 | B26: Meeting the Scope of Work Required | D26: Integration | E26: Provide proof that the vendor resources have implemented a solution where the following items were delivered: analysis, design, develop, test and deploy integration solutions. Provide references. | I26: =IF(J26='[10]Priority Ratings'!$C$21,'[10]Priority Ratings'!$B$21,IF(J26='[10]Priority Ratings'!$C$22,'[10]Priority Ratings'!$B$22,IF(J26='[10]Priority Ratings'!$C$23,'[10]Priority Ratings'!$B$23,IF(J26='[10]Priority Ratings'!$C$24,'[10]Priority Ratings'!$B$24,IF(J26='[10]Priority Ratings'!$C$25,'[10]Priority Ratings'!$B$25,IF(J26='[10]Priority Ratings'!$C$26,'[10]Priority Ratings'!$B$26,IF(J26='[10]Priority Ratings'!$C$27,'[10]Priority Ratings'!$B$27,"No Rating"))))))) -> 5 | J26: critical | K26: =I26/$I$38 -> 0.040650407 | L26: 100%: Experience in analysis, design, development, testing and deployment of Oracle Fusion and Data Power 50%: Experience in analysis, design, development, testing and deployment of Oracle Fusion or Data Power 0%: No experience | M26: 0 | N26: =K26*M26 -> 0
A27: INT1.7 | B27: Meeting the Scope of Work Required | D27: Integration | E27: Eskom requires the vendor to have previous experience in the implementation of integration solutions where the product has the capability to expose services to applications for the following Middleware Technologies: | I27: =IF(J27='[10]Priority Ratings'!$C$21,'[10]Priority Ratings'!$B$21,IF(J27='[10]Priority Ratings'!$C$22,'[10]Priority Ratings'!$B$22,IF(J27='[10]Priority Ratings'!$C$23,'[10]Priority Ratings'!$B$23,IF(J27='[10]Priority Ratings'!$C$24,'[10]Priority Ratings'!$B$24,IF(J27='[10]Priority Ratings'!$C$25,'[10]Priority Ratings'!$B$25,IF(J27='[10]Priority Ratings'!$C$26,'[10]Priority Ratings'!$B$26,IF(J27='[10]Priority Ratings'!$C$27,'[10]Priority Ratings'!$B$27,"No Rating"))))))) -> 5 | J27: critical | K27: =I27/$I$38 -> 0.040650407 | L27: 100%: Experience in integration solutions where the product has the capability to expose services to applications for the 2 Middleware technologies. 50%:Experience in integration solutions where the product has the capability to expose services to applications for 1 Middleware technology 0%: No experience | M27: 0 | N27: =K27*M27 -> 0
A28: INT1.8 | B28: Meeting the Scope of Work Required | C28: Eskom requires the vendor resources to have previous experience in carrying out analysis, design, development, testing and deployment of Oracle Fusion and IBM Datapower integration services | D28: Integration | E28: 1. Oracle Fusion | I28: =IF(J28='[10]Priority Ratings'!$C$21,'[10]Priority Ratings'!$B$21,IF(J28='[10]Priority Ratings'!$C$22,'[10]Priority Ratings'!$B$22,IF(J28='[10]Priority Ratings'!$C$23,'[10]Priority Ratings'!$B$23,IF(J28='[10]Priority Ratings'!$C$24,'[10]Priority Ratings'!$B$24,IF(J28='[10]Priority Ratings'!$C$25,'[10]Priority Ratings'!$B$25,IF(J28='[10]Priority Ratings'!$C$26,'[10]Priority Ratings'!$B$26,IF(J28='[10]Priority Ratings'!$C$27,'[10]Priority Ratings'!$B$27,"No Rating"))))))) -> 4 | J28: Very important | K28: =I28/$I$38 -> 0.032520325 | L28: 100%:Source application can send a common information message (CIM) structure 50%: The source application can send only a proprietary message structure 0%: Neither of the above | M28: 0 | N28: =K28*M28 -> 0
A29: INT1.9 | B29: Meeting the Scope of Work Required | C29: Eskom requires the vendor to have previous experience in the implementation of integration solutions where the product has the capability to expose services to applications for the following Middleware Technologies: | D29: Integration | E29: 2. IBM Datapower | I29: =IF(J29='[10]Priority Ratings'!$C$21,'[10]Priority Ratings'!$B$21,IF(J29='[10]Priority Ratings'!$C$22,'[10]Priority Ratings'!$B$22,IF(J29='[10]Priority Ratings'!$C$23,'[10]Priority Ratings'!$B$23,IF(J29='[10]Priority Ratings'!$C$24,'[10]Priority Ratings'!$B$24,IF(J29='[10]Priority Ratings'!$C$25,'[10]Priority Ratings'!$B$25,IF(J29='[10]Priority Ratings'!$C$26,'[10]Priority Ratings'!$B$26,IF(J29='[10]Priority Ratings'!$C$27,'[10]Priority Ratings'!$B$27,"No Rating"))))))) -> 4 | J29: Very important | K29: =I29/$I$38 -> 0.032520325 | L29: 100%:Source Supports a secure channel of communication 0%: Source supports no secure channel of communication | M29: 0 | N29: =K29*M29 -> 0
A30: INT1.10 | B30: Meeting the Scope of Work Required | C30: 1. Oracle Fusion | D30: Integration | E30: Provide the capability of the application message structure | I30: =IF(J30='[10]Priority Ratings'!$C$21,'[10]Priority Ratings'!$B$21,IF(J30='[10]Priority Ratings'!$C$22,'[10]Priority Ratings'!$B$22,IF(J30='[10]Priority Ratings'!$C$23,'[10]Priority Ratings'!$B$23,IF(J30='[10]Priority Ratings'!$C$24,'[10]Priority Ratings'!$B$24,IF(J30='[10]Priority Ratings'!$C$25,'[10]Priority Ratings'!$B$25,IF(J30='[10]Priority Ratings'!$C$26,'[10]Priority Ratings'!$B$26,IF(J30='[10]Priority Ratings'!$C$27,'[10]Priority Ratings'!$B$27,"No Rating"))))))) -> 4 | J30: Very important | K30: =I30/$I$38 -> 0.032520325 | L30: 100%:Source application can apply authentication mechanisms. 0%: Source application cannot apply authentication mechanisms. | M30: 0 | N30: =K30*M30 -> 0
A31: INT1.11 | B31: Meeting the Scope of Work Required | C31: 2. IBM Datapower | D31: Integration | E31: In your response, indicate the type of channel security capability i.e. One-way or Two-way certificate (SSL/TLS) to secure the channel. | I31: =IF(J31='[10]Priority Ratings'!$C$21,'[10]Priority Ratings'!$B$21,IF(J31='[10]Priority Ratings'!$C$22,'[10]Priority Ratings'!$B$22,IF(J31='[10]Priority Ratings'!$C$23,'[10]Priority Ratings'!$B$23,IF(J31='[10]Priority Ratings'!$C$24,'[10]Priority Ratings'!$B$24,IF(J31='[10]Priority Ratings'!$C$25,'[10]Priority Ratings'!$B$25,IF(J31='[10]Priority Ratings'!$C$26,'[10]Priority Ratings'!$B$26,IF(J31='[10]Priority Ratings'!$C$27,'[10]Priority Ratings'!$B$27,"No Rating"))))))) -> 4 | J31: Very important | K31: =I31/$I$38 -> 0.032520325 | L31: 100%: Experience in Integration message modelling 0%: No Experience | M31: 0 | N31: =K31*M31 -> 0
A32: INT1.12 | B32: Meeting the Scope of Work Required | C32: Eskom requires the vendor to provide the message structure capabilities of the proposed solution. Respond to the detail below | D32: Integration | E32: In your response, indicate the authentication capability for web services, database and SFTP. | I32: =IF(J32='[10]Priority Ratings'!$C$21,'[10]Priority Ratings'!$B$21,IF(J32='[10]Priority Ratings'!$C$22,'[10]Priority Ratings'!$B$22,IF(J32='[10]Priority Ratings'!$C$23,'[10]Priority Ratings'!$B$23,IF(J32='[10]Priority Ratings'!$C$24,'[10]Priority Ratings'!$B$24,IF(J32='[10]Priority Ratings'!$C$25,'[10]Priority Ratings'!$B$25,IF(J32='[10]Priority Ratings'!$C$26,'[10]Priority Ratings'!$B$26,IF(J32='[10]Priority Ratings'!$C$27,'[10]Priority Ratings'!$B$27,"No Rating"))))))) -> 4 | J32: Very important | K32: =I32/$I$38 -> 0.032520325 | L32: 100%:Source can accept full service response 50%: The Source can accept HTTP/SOAP response 0%: Neither | M32: 0 | N32: =K32*M32 -> 0
A33: INT1.13 | B33: Meeting the Scope of Work Required | D33: Integration | E33: In your response, provide references as proof of your experience in the integration message modelling including the following: | I33: =IF(J33='[10]Priority Ratings'!$C$21,'[10]Priority Ratings'!$B$21,IF(J33='[10]Priority Ratings'!$C$22,'[10]Priority Ratings'!$B$22,IF(J33='[10]Priority Ratings'!$C$23,'[10]Priority Ratings'!$B$23,IF(J33='[10]Priority Ratings'!$C$24,'[10]Priority Ratings'!$B$24,IF(J33='[10]Priority Ratings'!$C$25,'[10]Priority Ratings'!$B$25,IF(J33='[10]Priority Ratings'!$C$26,'[10]Priority Ratings'!$B$26,IF(J33='[10]Priority Ratings'!$C$27,'[10]Priority Ratings'!$B$27,"No Rating"))))))) -> 4 | J33: Very important | K33: =I33/$I$38 -> 0.032520325 | L33: 100%:The source application has retry capability and can identify if the error is a Technical or Business error. 50%: The source application has retry capability but cannot identify if the error is a Technical or Business error. 0%: The Source cannot cater for any re-tries | M33: 0 | N33: =K33*M33 -> 0
A34: INT1.14 | B34: Meeting the Scope of Work Required | C34: What is the structure of the message that will be published and subscribed? Can the Solution handle a Integration a Common Information Message (CIM) or they can only send a proprietary message structure? (Proprietary – Applications own business service message structure) | D34: Integration | E34: • Analysis of message requirements. | I34: =IF(J34='[10]Priority Ratings'!$C$21,'[10]Priority Ratings'!$B$21,IF(J34='[10]Priority Ratings'!$C$22,'[10]Priority Ratings'!$B$22,IF(J34='[10]Priority Ratings'!$C$23,'[10]Priority Ratings'!$B$23,IF(J34='[10]Priority Ratings'!$C$24,'[10]Priority Ratings'!$B$24,IF(J34='[10]Priority Ratings'!$C$25,'[10]Priority Ratings'!$B$25,IF(J34='[10]Priority Ratings'!$C$26,'[10]Priority Ratings'!$B$26,IF(J34='[10]Priority Ratings'!$C$27,'[10]Priority Ratings'!$B$27,"No Rating"))))))) -> 4 | J34: Very important | K34: =I34/$I$38 -> 0.032520325 | L34: 100%: Experience in Sparx Enterprise Architecture 0%: No Experience | M34: 0 | N34: =K34*M34 -> 0
A35: INT1.15 | B35: Meeting the Scope of Work Required | C35: Eskom requires a source application with robust channel security. | D35: Integration | E35: • Model or update integration message which follow a Common information model. | I35: =IF(J35='[10]Priority Ratings'!$C$21,'[10]Priority Ratings'!$B$21,IF(J35='[10]Priority Ratings'!$C$22,'[10]Priority Ratings'!$B$22,IF(J35='[10]Priority Ratings'!$C$23,'[10]Priority Ratings'!$B$23,IF(J35='[10]Priority Ratings'!$C$24,'[10]Priority Ratings'!$B$24,IF(J35='[10]Priority Ratings'!$C$25,'[10]Priority Ratings'!$B$25,IF(J35='[10]Priority Ratings'!$C$26,'[10]Priority Ratings'!$B$26,IF(J35='[10]Priority Ratings'!$C$27,'[10]Priority Ratings'!$B$27,"No Rating"))))))) -> 4 | J35: Very important | K35: =I35/$I$38 -> 0.032520325 | L35: 100%: Experience in Altova XML Spy software 0%: No Experience | M35: 0 | N35: =K35*M35 -> 0
A36: INT1.16 | B36: Meeting the Scope of Work Required | C36: Eskom requires the source application to provide Authentication capability. | D36: Integration | E36: • Create payloads and envelopes. | I36: =IF(J36='[10]Priority Ratings'!$C$21,'[10]Priority Ratings'!$B$21,IF(J36='[10]Priority Ratings'!$C$22,'[10]Priority Ratings'!$B$22,IF(J36='[10]Priority Ratings'!$C$23,'[10]Priority Ratings'!$B$23,IF(J36='[10]Priority Ratings'!$C$24,'[10]Priority Ratings'!$B$24,IF(J36='[10]Priority Ratings'!$C$25,'[10]Priority Ratings'!$B$25,IF(J36='[10]Priority Ratings'!$C$26,'[10]Priority Ratings'!$B$26,IF(J36='[10]Priority Ratings'!$C$27,'[10]Priority Ratings'!$B$27,"No Rating"))))))) -> 5 | J36: critical | K36: =I36/$I$38 -> 0.040650407 | L36: 100%: Fully comply with requirement 0%: No compliance | M36: 0 | N36: =K36*M36 -> 0
A37: INT1.17 | B37: Meeting the Scope of Work Required | C37: Eskom requires the vendor to provide a resource that has experience in integration message modelling including the following: | D37: Integration | E37: • Generate xsd, message model and model dictionary | I37: =IF(J37='[10]Priority Ratings'!$C$21,'[10]Priority Ratings'!$B$21,IF(J37='[10]Priority Ratings'!$C$22,'[10]Priority Ratings'!$B$22,IF(J37='[10]Priority Ratings'!$C$23,'[10]Priority Ratings'!$B$23,IF(J37='[10]Priority Ratings'!$C$24,'[10]Priority Ratings'!$B$24,IF(J37='[10]Priority Ratings'!$C$25,'[10]Priority Ratings'!$B$25,IF(J37='[10]Priority Ratings'!$C$26,'[10]Priority Ratings'!$B$26,IF(J37='[10]Priority Ratings'!$C$27,'[10]Priority Ratings'!$B$27,"No Rating"))))))) -> 5 | J37: critical | K37: =I37/$I$38 -> 0.040650407 | L37: 100%: Fully comply with requirement 0%: No compliance | M37: 0 | N37: =K37*M37 -> 0
I38: =SUM(I12:I37) -> 123 | K38: =SUM(K12:K37) -> 1 | M38: TOTAL SCORE | N38: =SUM(N12:N37) -> 0
E42: Confirm during SD&L session (NIPP)

Sheet Demo
